Workbook
Name ___nit1: #REF!
Name ___nit1: #REF!
Name ___nit1: #REF!
Name __nit1: #REF!
Name __nit1: #REF!
Name _nit1: #REF!
Name _nit1: #REF!
Name A_2018: [1]Comprobacion!#REF!
Name A_2018: [1]Comprobacion!#REF!
Name A_2018: [1]Comprobacion!#REF!
Name A_impresión_IM: #REF!
Name A_impresión_IM: #REF!
Name A_impresión_IM: #REF!
Name aaa: MATCH(0.01,'26. solvencia - solidez'!End_Bal,-1)+1
Name aaa: MATCH(0.01,End_Bal,-1)+1
Name aaa: MATCH(0.01,End_Bal,-1)+1
Name aaa: MATCH(0.01,End_Bal,-1)+1
Name aaa: MATCH(0.01,End_Bal,-1)+1
Name aaa: MATCH(0.01,End_Bal,-1)+1
Name agencias: [2]Listas!$U$2:$U$10
Name avvillas: #REF!
Name avvillas: #REF!
Name avvillas: #REF!
Name BANCOS: [3]BANCOS!$A$2:$A$25
Name BASE_DATOS_ESTUDIO_CRED: #REF!
Name BASE_DATOS_ESTUDIO_CRED: #REF!
Name BASE_DATOS_ESTUDIO_CRED: #REF!
Name BASE1F: #REF!
Name BASE1F: #REF!
Name BASE1F: #REF!
Name BASE1F: #REF!
Name Beg_Bal: #REF!
Name Beg_Bal: #REF!
Name cartera: #REF!
Name cartera: #REF!
Name clientes: #REF!
Name clientes: #REF!
Name CODENTIDAD: '[4]+DATOS'!$F$52:$F$231
Name contador1: 5
Name contador2: 5
Name COOPERATIVAS: [5]COOPERATIVAS!$C$4:$C$191
Name COORDINACION: '[4]DATOS COORDINACION SEGUIMIENTO'!$O$4:$O$6
Name Data: #REF!
Name Data: #REF!
Name Data: #REF!
Name depositos: #REF!
Name depositos: #REF!
Name DINERS: #REF!
Name DINERS: #REF!
Name End_Bal: #REF!
Name End_Bal: #REF!
Name ESCENARIOS: '[6]DATOS CALIFICACION'!$T$36:$T$39
Name Extra_Pay: #REF!
Name Extra_Pay: #REF!
Name Extra_Pay: #REF!
Name FECHA: #REF!
Name FECHA: #REF!
Name Fecha_de_Corte: #REF!
Name Fecha_de_Corte: #REF!
Name Fecha_de_Corte: #REF!

Sheet interpretacion CAME
A1: INDICADOR | B1: Formula | C1: Riesgo | D1: Interpretación
A2: Calidad de Cartera | B2: Cartera Mora / Cartera Bruta | C2: SARC | D2: Que porcentaje de la cartera está en mora: Por cada $100 pesos de cartera $X pesos están en mora
A3: Cartera mora / Patrimonio | B3: Cartera Mora / Patrimonio | C3: SARC | D3: Que porcentaje del patrimonio está en riesgo por cuenta de la cartera en mora
A4: Cartera improductiva (>=c) | B4: Cartera >=C / Cartera Bruta | C4: SARC | D4: Que porcentaje de la Cartera está en riesgo de mayor deterioro (default)
A5: Patrimonio sin aportes / PPE + Improductiva | B5: Patrimonio – aportes / PPE + Cartera C+D+E | C5: SARC | D5: Por cada $100 pesos de activos de lenta, difícil o incierta realización cuanto se tiene de capital propio más excedentes (sin aportes).
A6: Solvencia | B6: Patrimonio / Activos | C6: SARC | D6: Que porcentaje de los activos está financiado con el patrimonio. Entre mayor sea el indicador mayor es la seguridad de los ahorradores y acreedores.
A7: Cobertura TOTAL de cartera en MORA | B7: Provisión individual + General / cartera en MORA | C7: SARC | D7: Por cada $100 pesos de cartera en mora cuanto se tiene de provisiones (deterioro).
A8: Quebranto Patrimonial | B8: Patrimonio / Aportes | C8: SARC | D8: Por cada $100 pesos de aportes cuanto se tiene de patrimonio
A9: Eficiencia de la intermediación | B9: Inversiones + Fiducias y Cartera / Depósitos + Obligaciones + Aportes | C9: SARL y SARM | D9: Por cada $100 pesos captados de aportes o ahorros o apalancados con crédito bancario cuantos activos productivos se tienen
A10: Activos productivos / Pasivos con costo | B10: Igual que el anterior, pero sin aportes | C10: SARL y SARM | D10: Por cada $100 pesos captados de ahorros o apalancados con crédito bancario cuantos activos productivos se tienen
A11: Activos Fijos | B11: Activos materiales / Activo Total | C11: SARL y SARM | D11: Que porcentaje del activo total está representado en propiedad planta y equipo y en propiedades de inversión
A12: Activos improductivos | B12: Caja + Bancos + PPE + CxC / Activo Total | C12: SARL y SARM | D12: Que porcentaje del activo no produce ingresos financieros
... A37: Crecimiento de Asociados | B37: La variación anual porcentual del total de asociados | C37: SARM | D37: Cuantas veces creció la base social porcentualmente

Sheet ANEXO 1 - Manual SIAR
A1: ANEXO MANUAL SIAR
A2: # | B2: Actividad | C2: Mes | D2: Nota
A3: SIAR: T IV Cap 1
A4: 1 | B4: Defina el empleado o área que integrará el Comité de Riesgos | C4: 44348 | D4: Jhony
A5: 2 | B5: Nombre el Comité de Riesgos: el empleado, un integrante del órgano permanente de administración y mínimo otro más (asociado, empleado, directivo, oficial de cumplimiento) | C5: 44348 | D5: Acta 07 de junio 2021
A6: 3 | B6: Adapte, ajuste el manual SIAR | C6: 44348 | D6: OK
A7: 4 | B7: Implemente los indicadores que le resulten aplicables del Titulo V (herramienta Excel) | C7: 44348 | D7: OK
A8: 5 | B8: Implemente los indicadores del SIAR propio con SCORING (herramienta Excel) | C8: 44348 | D8: OK
A9: 6 | B9: Apruebe manual SIAR Consejo de Administración | C9: 44378 | D9: Pendiente
A10: 6 | B10: Elabore la primera reunión y acta con el seguimiento a los 5 riesgos | C10: 44378
A11: 7 | B11: Revise la capacidad patrimonial que tiene la entidad de asumir los riesgos: | C11: Trimestral | D11: OK
B12: 200% del % máximo de cartera D y E (cartera >90 y CxC clientes > 180) de los ultimos 5 años menos deterioro constituido (general e individual) Si >0
A13: + | B13: Valor máximo de evento de riesgo operativo histórico presentado (actualizado SMLMV) x 3 o 5% del valor del activo menos valor de la póliza manejo si >0 + deducible
A14: + | B14: 20% del componente de efectivo como suceptible de robo menos el valor de la poliza mas el deducible
B15: 50% del componente del saldo de Bancos como suceptible de robo menos el valor de la poliza mas deducible
B16: 30% del componente de efectivo y equivalentes y de las inversiones de patrimonio que son susceptibles a variaciones de precios de mercado (acciones, cuotas o partes de interés social, fiducias, patrimonios autónomos, FIC, inversiones medidas a valor razonable)
A17: + | B17: 20% del Inventario como riesgo de desvalorización (mercado)
A18: + | B18: 20% del Inventario menos valor cubierto por la póliza + deducible como riesgo de destrucción, robo
A19: + | B19: 100% Valor neto contable de la PPE menos valor cubierto por la póliza + deducible
A20: + | B20: 100% Valor de los intangibles
A21: / | B21: Patrimonio sin aportes
A22: SARL
A23: 1 | B23: Elabore el formato de reporte de tesorería diario para presentar a la Gerencia | C23: Diario | D23: OK
A24: 2 | B24: Defina los otros indicadores de liquidez aplicables a su entidad: capital de trabajo, rotación de inventarios, rotación de cuentas por cobrar, rotación de cuentas por pagar. Etc. | C24: 44348 | D24: OK
A25: SARLAFT - CBJ Titulo V y anexos
A26: 1 | B26: Estadística de operaciones inusuales del mes | C26: 44348 | D26: OK
A27: 2 | B27: Estadística de operaciones sospechosas del mes y estado de reportes UIAF | C27: 44348 | D27: OK
A28: 3 | B28: Estadística de operaciones en efectivo del mes: individuales y en efectivo y estado reportes UIAF | C28: 44348 | D28: OK
A29: 4 | B29: Resultado del monitoreo al proceso de debida diligencia en la vinculación de contrapartes: diligenciamiento completo del formulario, firmas y huellas, documentación y verificación de información, consulta a listas vinculantes, conservación documentación | C29: 44378 | D29: OK
A30: 5 | B30: Resultado del monitoreo al proceso de actualización de datos: documentos y aplicativos | C30: 44378 | D30: OK
A31: 6 | B31: Capacitación, actualización y evaluación anual de empleados y directivos | C31: III Trim 2021 | D31: Pendiente
A32: 7 | B32: Resultado de la evaluación de la consolidación electrónica mensual de operaciones: análisis de los principales débitos y créditos por canal (caja, bancos, otros), producto (aportes, ahorros, desembolsos cartera, ventas, compras, convenios), contraparte (empleados, directivos, PEP´s y mayor riesgo, asociados, proveedores, clientes), Jurisdicción (por empresa, por zona geográfica). Segmentación: frecuencia, valor y dispersión de las transacciones consolidadas | C32: 44378 | D32: Excel y sistema
A33: 8 | B33: Nuevos Reportes UIAF: productos / investigar si es aplicable | C33: 44440 | D33: Productos
A34: SARC CBC T IV Cap II y anexos
A35: 1 | B35: Revise y Adapte el reglamento o politicas para Deudores comerciales | C35: 44348 | D35: OK
A36: 2 | B36: Defina y Calcule los indicadores de monitoreo y preséntelos con su análisis en el Comité de riesgos y órgano permanente de administración | C36: Mensual | D36: OK
A37: 3 | B37: Verifique el cumplimiento de los limites individuales y agregados aprobados e informe al comité de riesgos (prudenciales y propios) | C37: Mensual | D37: OK
A38: SARO CBC T IV Cap IV y anexos
A39: 1 | B39: Elabore, revise, analice o actualice su PLAN ESTRATEGICO o de DESARROLLO | C39: Año 2022 | D39: OK
A40: 2 | B40: Elabore el PESEM | C40: III Trim 2021 | D40: Pendiente
A41: 3 | B41: Elabore, revise, analice o actualice sus manuales de funciones y procedimientos y Organigrama | C41: Año 2021 | D41: OK
A42: 3 | B42: Elabore, revise, analice o actualice el Codigo de Buen Gobierno e incluya en el código de ética y politica manejo conflicto de interés | C42: Año 2021 | D42: OK
A43: 4 | B43: Elabore, revise, analice o actualice sus Reglamentos de servicio y funcionamiento | C43: Año 2021 | D43: OK
A44: 5 | B44: Con el comité de Riesgos y lideres de cada proceso evalúen los principales procesos de la entidad y sus riesgos tomando como guía el modelo de referencia anexo | C44: III Trim 2021 | D44: Pendiente
A45: 6 | B45: Construya la matriz de evaluación del riesgo SARO | C45: IV Trim 2021 | D45: Pendiente
A46: 8 | B46: Evalúe el estado de las pólizas con que cuenta la entidad: Manejo, inventarios, PPE, riesgos sustracción, transporte de valores, daños o destrucción por terceros o desastres y accidentes etc. | C46: Anual | D46: OK
A47: 9 | B47: Analice, comente, recomiende a partir de la lectura del Informe de Revisor Fiscal y/o Auditoria Int | C47: Trimestral | D47: OK
A48: 10 | B48: Analice, comente, recomiende a partir de requerimientos SES, DIAN otros | C48: Trimestral | D48: OK
A49: 11 | B49: Revise el estado de reportes a través del SICSES, control de legalidad reformas de estatutos, reporte de información impresa a la SES | C49: Trimestral | D49: OK
A50: 12 | B50: Efectúe la autoevaluación de desempeño de los órganos de administración y control | C50: Anual | D50: Diciembre
... A57: 20 | B57: Revisión cumplimiento y actualización estrategias y objetivos PLAN DE DESARROLLO, presupuesto | C57: Anual | D57: en noviembre
A58: SARM CBC Titulo IV Cap V
A59: 2 | B59: Defina una política de inversiones establezca limites: | C59: IV Trim 2021
B60: 2.1. Inversiones de capital (acciones, cuotas o partes de interés social) <= (Patrimonio - aportes - PPE e intangibles) | D60: Limite recomendado
B61: 2.2. Establezca las atribuciones y limites de la gerencia y demás funcionarios para la apertura de inversiones (verifique atribuciones del estatuto): que tipo de inversiones tiene permitido efectuar la entidad. | D61: Nada especulativo
B62: 2.3. Manejo de excedentes de tesorería: Concentración por tipo de inversión (instrumento), emisor, sector o grupo económico, | D62: Solo entidades vigiladas SF
B63: 2.4. Defina una política de inversión en activos fijos: Solo invertir con recursos de reservas y fondos patrimoniales. | D63: Inverso 2.1
A64: 5 | B64: Evaluación anual de la composición y rentabilidad del portafolio de inversiones vs tasas mercado | C64: Trimestral

Sheet CAPACIDAD PATRIMONIAL
A1: CUC | B1: Posición | C1: RIESGO | D1: Vr contable | E1: % Var | F1: Vr Riesgo | G1: Vr poliza / Deterioro | H1: Deducible | I1: VaR | J1: Observacion
A2: 100000 | B2: =PROPER(VLOOKUP(A2,cuc!$A$2:$H$2088,2,FALSE)) -> Activo | C2: SARO | D2: =VLOOKUP(A2,cuc!$A$2:$H$2088,8,FALSE) -> 1.6558078e+10 | E2: 0.05 | F2: =+D2*E2 -> 8.279039e+08 | G2: 0 | H2: 0 | I2: =IF(+F2+G2+H2>0,+F2+G2+H2,0) -> 8.279039e+08 | J2: Demandas, multas
A3: 110500 | B3: =PROPER(VLOOKUP(A3,cuc!$A$2:$H$2088,2,FALSE)) -> Caja | C3: SARO | D3: =VLOOKUP(A3,cuc!$A$2:$H$2088,8,FALSE) -> 4.9031598e+08 | E3: 0.2 | F3: =+D3*E3 -> 98063195 | G3: =-F3 -> -98063195 | H3: =-G3*10% -> 9806319.5 | I3: =IF(+F3+G3+H3>0,+F3+G3+H3,0) -> 9806319.5 | J3: Sustracción
A4: 111000 | B4: =PROPER(VLOOKUP(A4,cuc!$A$2:$H$2088,2,FALSE)) -> Bancos Y Otras Entidades Con Actividad Financiera | C4: SARO | D4: =VLOOKUP(A4,cuc!$A$2:$H$2088,8,FALSE) -> 1.0553708e+09 | E4: 0.5 | F4: =+D4*E4 -> 5.2768539e+08 | G4: 1000000000 | H4: =-G4*10% -> -100000000 | I4: =IF(+F4+G4+H4>0,+F4+G4+H4,0) -> 1.4276854e+09 | J4: Fraude
A5: 111500 | B5: =PROPER(VLOOKUP(A5,cuc!$A$2:$H$2088,2,FALSE)) -> Equivalentes Al Efectivo (Compromiso De Pago) | C5: SARM | D5: =VLOOKUP(A5,cuc!$A$2:$H$2088,8,FALSE) -> 1.9252626e+09 | E5: 0.3 | F5: =+D5*E5 -> 5.7757877e+08 | G5: 0 | H5: =+G5*-10% -> 0 | I5: =IF(+F5+G5+H5>0,+F5+G5+H5,0) -> 5.7757877e+08 | J5: Desvalorización
A6: 120000 | B6: =PROPER(VLOOKUP(A6,cuc!$A$2:$H$2088,2,FALSE)) -> Inversiones | C6: SARM | D6: =VLOOKUP(A6,cuc!$A$2:$H$2088,8,FALSE) -> 1.080961e+09 | E6: 0.3 | F6: =+D6*E6 -> 3.2428831e+08 | G6: 0 | H6: =+G6*-10% -> 0 | I6: =IF(+F6+G6+H6>0,+F6+G6+H6,0) -> 3.2428831e+08 | J6: Desvalorización
A7: 130000 | B7: =PROPER(VLOOKUP(A7,cuc!$A$2:$H$2088,2,FALSE)) -> Inventarios | C7: SARO | D7: =VLOOKUP(A7,cuc!$A$2:$H$2088,8,FALSE) -> 2.4125907e+09 | E7: 0.2 | F7: =+D7*E7 -> 4.8251813e+08 | G7: =-F7 -> -4.8251813e+08 | H7: =-G7*10% -> 48251813 | I7: =IF(+F7+G7+H7>0,+F7+G7+H7,0) -> 48251813 | J7: Destrucción, Robo
A8: 130000 | B8: =PROPER(VLOOKUP(A8,cuc!$A$2:$H$2088,2,FALSE)) -> Inventarios | C8: SARO | D8: =VLOOKUP(A8,cuc!$A$2:$H$2088,8,FALSE) -> 2.4125907e+09 | E8: 0.2 | F8: =+D8*E8 -> 4.8251813e+08 | G8: 0 | H8: 0 | I8: =IF(+F8+G8+H8>0,+F8+G8+H8,0) -> 4.8251813e+08 | J8: Desvalorización, obsolesencia, deterioro
A9: 140000 | B9: =PROPER(VLOOKUP(A9,cuc!$A$2:$H$2088,2,FALSE)) -> Cartera De CrÉditos | C9: SARC | D9: =VLOOKUP(A9,cuc!$A$2:$H$2088,8,FALSE) -> 9.8060711e+08 | E9: 0.3 | F9: =+D9*E9 -> 2.9418213e+08 | G9: 0 | H9: 0 | I9: =IF(+F9+G9+H9>0,+F9+G9+H9,0) -> 2.9418213e+08 | J9: Deterioro
A10: 160500 | B10: =PROPER(VLOOKUP(A10,cuc!$A$2:$H$2088,2,FALSE)) -> Deudores Por Venta De Bienes | C10: SARC | D10: =VLOOKUP(A10,cuc!$A$2:$H$2088,8,FALSE) -> 7.1804879e+08 | E10: 0.3 | F10: =+D10*E10 -> 2.1541464e+08 | G10: 0 | H10: 0 | I10: =IF(+F10+G10+H10>0,+F10+G10+H10,0) -> 2.1541464e+08 | J10: Deterioro
A11: 170000 | B11: =PROPER(VLOOKUP(A11,cuc!$A$2:$H$2088,2,FALSE)) -> Activos Materiales | C11: SARO | D11: =VLOOKUP(A11,cuc!$A$2:$H$2088,8,FALSE) -> 7.4573454e+09 | E11: 1 | F11: =+SUM(D11:D11) -> 7.4573454e+09 | G11: =-F11 -> -7.4573454e+09 | H11: =-G11*10% -> 7.4573454e+08 | I11: =IF(+F11+G11+H11>0,+F11+G11+H11,0) -> 7.4573454e+08 | J11: Destrucción, Robo
A12: 190000 | B12: =PROPER(VLOOKUP(A12,cuc!$A$2:$H$2088,2,FALSE)) -> Otros Activos | C12: SARO | D12: =VLOOKUP(A12,cuc!$A$2:$H$2088,8,FALSE) -> 52203346 | E12: 1 | F12: =+SUM(D12:D17) -> 52203346 | I12: =IF(+F12+G12+H12>0,+F12+G12+H12,0) -> 52203346
B13: Total Exposicion Riesgos | I13: =+SUM(I2:I12) -> 5.0055673e+09
B14: Patrimonio sin aportes | I14: =+cuc!H1068-cuc!H1069+cuc!H1075 -> 8.5350245e+09 | J14: =+I14/I13 -> 1.7051063

Sheet cuc
A1: CUENTA | B1: DESCRIPCION | C1: 42735 | D1: 43100 | E1: 43465 | F1: 43830 | G1: 44196 | H1: 44377
A2: 100000 | B2: ACTIVO | C2: 1.6469106e+10 | D2: 1.3982285e+10 | E2: 1.4316634e+10 | F2: 1.5024586e+10 | G2: 1.5926919e+10 | H2: 1.6558078e+10
A3: 110000 | B3: EFECTIVO Y EQUIVALENTE AL EFECTIVO | C3: 1.2016768e+09 | D3: 1.2080029e+09 | E3: 1.5764976e+09 | F3: 1.2741987e+09 | G3: 2.2715735e+09 | H3: 3.4709493e+09
A4: 110500 | B4: CAJA | C4: 2.943429e+08 | D4: 4.0688274e+08 | E4: 3.243017e+08 | F4: 251413234 | G4: 6.8249921e+08 | H4: 4.9031598e+08
A5: 110505 | B5: CAJA GENERAL | C5: 2.934429e+08 | D5: 4.0598274e+08 | E5: 3.234017e+08 | F5: 250513234 | G5: 6.8159921e+08 | H5: 4.8941598e+08
A6: 110510 | B6: CAJA MENOR | C6: 900000 | D6: 900000 | E6: 900000 | F6: 900000 | G6: 900000 | H6: 900000
A7: 111000 | B7: BANCOS Y OTRAS ENTIDADES CON ACTIVIDAD FINANCIERA | C7: 3.9974306e+08 | D7: 4.5616635e+08 | E7: 4.4006833e+08 | F7: 4.1355077e+08 | G7: 5.2678302e+08 | H7: 1.0553708e+09
A8: 111005 | B8: BANCOS COMERCIALES | C8: 3.9974306e+08 | D8: 4.5616635e+08 | E8: 4.4006833e+08 | F8: 4.1355077e+08 | G8: 5.2678302e+08 | H8: 1.0553708e+09
A9: 111010 | B9: BANCOS COOPERATIVOS | C9: 0 | D9: 0 | E9: 0 | F9: 0 | G9: 0 | H9: 0
A10: 111015 | B10: ENTIDADES SECTOR SOLIDARIO | C10: 0 | D10: 0 | E10: 0 | F10: 0 | G10: 0 | H10: 0
A11: 111020 | B11: ENTIDADES DEL EXTERIOR | C11: 0 | D11: 0 | E11: 0 | F11: 0 | G11: 0 | H11: 0
A12: 111025 | B12: OTRAS ENTIDADES | C12: 0 | D12: 0 | E12: 0 | F12: 0 | G12: 0 | H12: 0
A13: 111500 | B13: EQUIVALENTES AL EFECTIVO (compromiso de pago) | C13: 5.0695561e+08 | D13: 3.4431856e+08 | E13: 8.1150108e+08 | F13: 5.9041152e+08 | G13: 9.6694917e+08 | H13: 1.9252626e+09
... A2088: 980000 | B2088: ACREEDORAS DE CONTROL POR CONTRA (CR) | C2088: 9.7897237e+08 | D2088: 9.8303633e+08 | E2088: 1.0018236e+09 | F2088: 1.2966542e+09 | G2088: 1.4761041e+09 | H2088: 1.5514725e+09

Sheet Hoja1
A1: cuc | B1: Nombre | C1: 42735 | D1: 43100 | E1: 43465 | F1: 43830 | G1: 44196 | H1: 44377
A2: 1 | B2: ACTIVO | C2: 1.6469106e+10 | D2: 1.3982285e+10 | E2: 1.4316634e+10 | F2: 1.5024586e+10 | G2: 1.5926919e+10 | H2: 1.6558078e+10
A3: 11 | B3: EFECTIVO Y EQUIVALENTE AL EFECTIVO | C3: 1.2016768e+09 | D3: 1.2080029e+09 | E3: 1.5764976e+09 | F3: 1.2741987e+09 | G3: 2.2715735e+09 | H3: 3.4709493e+09
A4: 110500 | B4: CAJA | C4: 2.943429e+08 | D4: 4.0688274e+08 | E4: 3.243017e+08 | F4: 251413234 | G4: 6.8249921e+08 | H4: 4.9031598e+08
A5: 110505 | B5: CAJA GENERAL | C5: 2.934429e+08 | D5: 4.0598274e+08 | E5: 3.234017e+08 | F5: 250513234 | G5: 6.8159921e+08 | H5: 4.8941598e+08
A6: 110510 | B6: CAJA MENOR | C6: 900000 | D6: 900000 | E6: 900000 | F6: 900000 | G6: 900000 | H6: 900000
A7: 111000 | B7: BANCOS Y OTRAS ENTIDADES CON ACTIVIDAD FINANCIERA | C7: 3.9974306e+08 | D7: 4.5616635e+08 | E7: 4.4006833e+08 | F7: 4.1355077e+08 | G7: 5.2678302e+08 | H7: 1.0553708e+09
A8: 111005 | B8: BANCOS COMERCIALES | C8: 3.9974306e+08 | D8: 4.5616635e+08 | E8: 4.4006833e+08 | F8: 4.1355077e+08 | G8: 5.2678302e+08 | H8: 1.0553708e+09
A9: 111500 | B9: EQUIVALENTES AL EFECTIVO (compromiso de pago) | C9: 5.0695561e+08 | D9: 3.4431856e+08 | E9: 8.1150108e+08 | F9: 5.9041152e+08 | G9: 9.6694917e+08 | H9: 1.9252626e+09
A10: 111515 | B10: FONDOS FIDUCIARIOS A LA VISTA | C10: 5.0695561e+08 | D10: 3.4431856e+08 | E10: 8.1150108e+08 | F10: 5.9041152e+08 | G10: 9.6694917e+08 | H10: 1.9252626e+09
A11: 12 | B11: INVERSIONES | C11: 9.6815996e+08 | D11: 1.081302e+09 | E11: 1.0232375e+09 | F11: 1.064799e+09 | G11: 1.0680015e+09 | H11: 1.080961e+09
A12: 122600 | B12: OTRAS INVERSIONES EN INSTRUMENTOS DE PATRIMONIO | C12: 187543883 | D12: 198652958 | E12: 204253445 | F12: 210256262 | G12: 213458703 | H12: 226418282
A13: 122602 | B13: APORTES SOCIALES EN ENTIDADES ECONOMÍA SOLIDARIA | C13: 187543883 | D13: 198652958 | E13: 204253445 | F13: 210256262 | G13: 213458703 | H13: 226418282
... A330: 98 | B330: ACREEDORAS DE CONTROL POR CONTRA (CR) | C330: 9.7897237e+08 | D330: 9.8303633e+08 | E330: 1.0018236e+09 | F330: 1.2966542e+09 | G330: 1.4761041e+09 | H330: 1.5514725e+09

Sheet Indicadores EVOLUCION
K1: 6 | L1: RIESGO
A2: PPAL | B2: TIPO | C2: NOMBRE | D2: Descripcion | E2: Descripción FORMULA | F2: =+cuc!C1 -> 42735 | G2: =+cuc!D1 -> 43100 | H2: =+cuc!E1 -> 43465 | I2: =+cuc!F1 -> 43830 | J2: =+cuc!G1 -> 44196 | K2: =+cuc!H1 -> 44377 | L2: APETITO | M2: LIMITE
A3: RIESGO | B3: SARC | C3: Indicador de calidad por riesgo | D3: Calidad x Riesgo (B,C,D,E) | E3: Cartera Total Calificada en Categorías B, C, D y E / Cartera Bruta | F3: =+'1. SARC - Calidad Cartera'!C75 -> 0.055752422 | G3: =+'1. SARC - Calidad Cartera'!D75 -> 0.051531275 | H3: =+'1. SARC - Calidad Cartera'!E75 -> 0.031888436 | I3: =+'1. SARC - Calidad Cartera'!F75 -> 0.022915657 | J3: =+'1. SARC - Calidad Cartera'!G75 -> 0.024435426 | K3: =+'1. SARC - Calidad Cartera'!H75 -> 0.031113135 | L3: <3% | M3: >5%
A4: CAMEL | B4: SAR | C4: Indicador de calidad por riesgo con castigos | D4: Calidad x Riesgo (B,C,D,E) + Castigos | E4: (Cartera Total Calificada en Categorías B, C, D y E + Castigos) / (Total Cartera + Castigos) | F4: =+'1. SARC - Calidad (con castigo)'!C77 -> 0.22398572 | G4: =+'1. SARC - Calidad (con castigo)'!D77 -> 0.20741691 | H4: =+'1. SARC - Calidad (con castigo)'!E77 -> 0.17364408 | I4: =+'1. SARC - Calidad (con castigo)'!F77 -> 0.173385 | J4: =+'1. SARC - Calidad (con castigo)'!G77 -> 0.21002497 | K4: =+'1. SARC - Calidad (con castigo)'!H77 -> 0.23572093 | L4: <4% | M4: >6%
A5: RIESGO | B5: SARC | C5: Indicador de cartera por Riesgo en Consumo sin Libranza | D5: Calidad x Riesgo (B,C,D,E) | E5: Cartera Calificada en Categorías B, C, D y E "Consumo SL" / Cartera Bruta "Consumo SL" | F5: =+'2. SARC - Calidad Cons sin LBZ'!C21 -> 0.055752422 | G5: =+'2. SARC - Calidad Cons sin LBZ'!D21 -> 0.051531275 | H5: =+'2. SARC - Calidad Cons sin LBZ'!E21 -> 0.031888436 | I5: =+'2. SARC - Calidad Cons sin LBZ'!F21 -> 0.022915657 | J5: =+'2. SARC - Calidad Cons sin LBZ'!G21 -> 0.024435426 | K5: =+'2. SARC - Calidad Cons sin LBZ'!H21 -> 0.031113135 | L5: <4% | M5: >6%
A6: RIESGO | B6: Riesgo Credito | C6: Indicador de cartera por Riesgo en Consumo con Libranza | D6: Calidad x Riesgo (B,C,D,E) | E6: Cartera Calificada en Categorías B, C, D y E "Consumo CL" / Cartera Bruta "Consumo CL" | F6: =+'3. SARC - Calidad Cons LBZ'!C30 -> 0 | G6: =+'3. SARC - Calidad Cons LBZ'!D30 -> 0 | H6: =+'3. SARC - Calidad Cons LBZ'!E30 -> 0 | I6: =+'3. SARC - Calidad Cons LBZ'!F30 -> 0 | J6: =+'3. SARC - Calidad Cons LBZ'!G30 -> 0 | K6: =+'3. SARC - Calidad Cons LBZ'!H30 -> 0 | L6: <3% | M6: >5%
A7: RIESGO | B7: Riesgo Credito | C7: Indicador de cartera por Riesgo en Comercial | D7: Calidad x Riesgo (B,C,D,E) | E7: Cartera Calificada en Categorías B, C, D y E "Comercial" / Cartera Bruta "Comercial" | F7: =+'4. SARC - Calidad Comercial'!C21 -> 0 | G7: =+'4. SARC - Calidad Comercial'!D21 -> 0 | H7: =+'4. SARC - Calidad Comercial'!E21 -> 0 | I7: =+'4. SARC - Calidad Comercial'!F21 -> 0 | J7: =+'4. SARC - Calidad Comercial'!G21 -> 0 | K7: =+'4. SARC - Calidad Comercial'!H21 -> 0 | L7: <4% | M7: >6%
A8: RIESGO | B8: Riesgo Credito | C8: Indicador de cartera por Riesgo en Microcrédito | D8: Calidad x Riesgo (B,C,D,E) | E8: Cartera Calificada en Categorías B, C, D y E "Microcredito" / Cartera Bruta "Microcredito" | F8: =+'5. SARC - Calidad MICRO'!C27 -> 0 | G8: =+'5. SARC - Calidad MICRO'!D27 -> 0 | H8: =+'5. SARC - Calidad MICRO'!E27 -> 0 | I8: =+'5. SARC - Calidad MICRO'!F27 -> 0 | J8: =+'5. SARC - Calidad MICRO'!G27 -> 0 | K8: =+'5. SARC - Calidad MICRO'!H27 -> 0 | L8: <4% | M8: >6%
A9: RIESGO | B9: Riesgo Credito | C9: Indicador de cartera por Riesgo en Vivienda | D9: Calidad x Riesgo (B,C,D,E) | E9: Cartera Calificada en Categorías B, C, D y E "Vivienda" / Cartera Bruta "Vivienda" | F9: =+'6. SARC - Calidad VIVI'!C30 -> 0 | G9: =+'6. SARC - Calidad VIVI'!D30 -> 0 | H9: =+'6. SARC - Calidad VIVI'!E30 -> 0 | I9: =+'6. SARC - Calidad VIVI'!F30 -> 0 | J9: =+'6. SARC - Calidad VIVI'!G30 -> 0 | K9: =+'6. SARC - Calidad VIVI'!H30 -> 0 | L9: <3% | M9: >5%
A10: CAMEL | B10: SARC | C10: Indicador de Cobertura de la Cartera Total en Riesgo | D10: Deterioro / Cartera Bruta | E10: Deterioro / Cartera Bruta | F10: =+'7. SARC - Cobertura TOTAL'!C30 -> 0.026638327 | G10: =+'7. SARC - Cobertura TOTAL'!D30 -> 0.061531328 | H10: =+'7. SARC - Cobertura TOTAL'!E30 -> 0.041888436 | I10: =+'7. SARC - Cobertura TOTAL'!F30 -> 0.036058426 | J10: =+'7. SARC - Cobertura TOTAL'!G30 -> 0.034435426 | K10: =+'7. SARC - Cobertura TOTAL'!H30 -> 0.041823192 | L10: >3% | M10: <1,5%
A11: CAMEL | B11: Activo | C11: Indicador de Cobertura individual de la cartera improductiva para la cartera en Riesgo | D11: Cobertura C D y E | E11: Deterioro CDE / Cartera Vencida CDE | F11: =+'30. Cobertura Cartera improduc'!C81 -> 0.30411101 | G11: =+'30. Cobertura Cartera improduc'!D81 -> 1 | H11: =+'30. Cobertura Cartera improduc'!E81 -> 1 | I11: =+'30. Cobertura Cartera improduc'!F81 -> 1 | J11: =+'30. Cobertura Cartera improduc'!G81 -> 1 | K11: =+'30. Cobertura Cartera improduc'!H81 -> 1 | L11: >80% | M11: <50%
A12: RIESGO | B12: SARC | C12: Cobertura cartera consumo en riesgo | D12: Cobertura (B, C, D, E) | E12: Deterioro / Cartera Vencida | F12: =+'7. SARC - Cobertura consumo'!C46 -> 0.29570688 | G12: =+'7. SARC - Cobertura consumo'!D46 -> 1 | H12: =+'7. SARC - Cobertura consumo'!E46 -> 1 | I12: =+'7. SARC - Cobertura consumo'!F46 -> 1.137145 | J12: =+'7. SARC - Cobertura consumo'!G46 -> 1 | K12: =+'7. SARC - Cobertura consumo'!H46 -> 1.0228218 | L12: >50% | M12: <20%
A13: RIESGO | B13: Riesgo Credito | C13: Indicador de Cobertura de la Cartera Comercial en Riesgo | D13: Cobertura (B, C, D, E) | E13: Deterioro / Cartera Vencida | F13: =+'8. SARC - Cobertura comercial'!C29 -> 0 | G13: =+'8. SARC - Cobertura comercial'!D29 -> 0 | H13: =+'8. SARC - Cobertura comercial'!E29 -> 0 | I13: =+'8. SARC - Cobertura comercial'!F29 -> 0 | J13: =+'8. SARC - Cobertura comercial'!G29 -> 0 | K13: =+'8. SARC - Cobertura comercial'!H29 -> 0 | L13: >50% | M13: <20%
A14: RIESGO | B14: Riesgo Credito | C14: Indicador de Cobertura de la Cartera Microcrédito Empresarial en Riesgo | D14: Cobertura (B, C, D, E) | E14: Deterioro / Cartera Vencida | F14: =+'8. SARC - Cobertura MICRO'!C29 -> 0 | G14: =+'8. SARC - Cobertura MICRO'!D29 -> 0 | H14: =+'8. SARC - Cobertura MICRO'!E29 -> 0 | I14: =+'8. SARC - Cobertura MICRO'!F29 -> 0 | J14: =+'8. SARC - Cobertura MICRO'!G29 -> 0 | K14: =+'8. SARC - Cobertura MICRO'!H29 -> 0 | L14: >50% | M14: <20%
A15: RIESGO | B15: Riesgo Credito | C15: Indicador de Cobertura de la Cartera de Vivienda en Riesgo | D15: Cobertura (B, C, D, E) | E15: Deterioro / Cartera Vencida | F15: =+'8. SARC - Cobertura VIVI'!C33 -> 0 | G15: =+'8. SARC - Cobertura VIVI'!D33 -> 0 | H15: =+'8. SARC - Cobertura VIVI'!E33 -> 0 | I15: =+'8. SARC - Cobertura VIVI'!F33 -> 0 | J15: =+'8. SARC - Cobertura VIVI'!G33 -> 0 | K15: =+'8. SARC - Cobertura VIVI'!H33 -> 0 | L15: >50% | M15: <20%
A16: RIESGO | B16: Riesgo Credito | C16: Indicador de Crecimiento Cartera Bruta total | D16: Crecimiento Cartera Bruta | E16: (Carte Bruta periodo Actual / Cartera Bruta del mismo periodo del año anterior )-1 | G16: =+'9. SARC - Crecim Cartera BRUTA'!C22 -> 0.10225219 | H16: =+'9. SARC - Crecim Cartera BRUTA'!D22 -> 0.14653695 | I16: =+'9. SARC - Crecim Cartera BRUTA'!E22 -> -0.057614729 | J16: =+'9. SARC - Crecim Cartera BRUTA'!F22 -> -0.18057595 | K16: =+'9. SARC - Crecim Cartera BRUTA'!G22 -> -0.12245391 | L16: <0% | M16: >3%
A17: RIESGO | B17: Riesgo Credito | C17: Indicador de Crecimiento de Cartera Bruta de Consumo Sin Libranza | D17: Crecimiento de Cartera Bruta de Consumo Sin Libranza | E17: (Cartera Bruta periodo Actual / Cartera Bruta del mismo periodo del año anterior )-1 | G17: =+'10. SARC - Crecim CONS sin LBZ'!C11 -> 0.10225219 | H17: =+'10. SARC - Crecim CONS sin LBZ'!D11 -> 0.14653695 | I17: =+'10. SARC - Crecim CONS sin LBZ'!E11 -> -0.057614729 | J17: =+'10. SARC - Crecim CONS sin LBZ'!F11 -> -0.18057595 | K17: =+'10. SARC - Crecim CONS sin LBZ'!G11 -> -0.12245391 | L17: >3% | M17: <0%
A18: RIESGO | B18: Riesgo Credito | C18: Indicador de Crecimiento de Cartera Bruta de Consumo Con Libranza | D18: Crecimiento de Cartera Bruta de Consumo Con Libranza | E18: (Cartera Bruta periodo Actual / Cartera Bruta del mismo periodo del año anterior )-1 | G18: =+'11. SARC Crecim Cons LBZ'!C16 -> 0 | H18: =+'11. SARC Crecim Cons LBZ'!D16 -> 0 | I18: =+'11. SARC Crecim Cons LBZ'!E16 -> 0 | J18: =+'11. SARC Crecim Cons LBZ'!F16 -> 0 | K18: =+'11. SARC Crecim Cons LBZ'!G16 -> 0 | L18: >3% | M18: <0%
A19: RIESGO | B19: Riesgo Credito | C19: Indicador de Crecimiento de Cartera Bruta Comercial | D19: Crecimiento de Cartera Bruta Comercial | E19: (Cartera Bruta periodo Actual / Cartera Bruta del mismo periodo del año anterior )-1 | G19: =+'12. SARC Crecim CCIAL'!$C$11 -> 0 | H19: =+'12. SARC Crecim CCIAL'!$C$11 -> 0 | I19: =+'12. SARC Crecim CCIAL'!$C$11 -> 0 | J19: =+'12. SARC Crecim CCIAL'!$C$11 -> 0 | K19: =+'12. SARC Crecim CCIAL'!$C$11 -> 0 | L19: >3% | M19: <0%
A20: RIESGO | B20: Riesgo Credito | C20: Indicador de Crecimiento de Cartera Bruta Microcrédito | D20: Crecimiento de Cartera Bruta Microcrédito | E20: (Cartera Bruta periodo Actual / Cartera Bruta del mismo periodo del año anterior )-1 | G20: =+'13. SARC Crecim MICRO'!C12 -> 0 | H20: =+'13. SARC Crecim MICRO'!D12 -> 0 | I20: =+'13. SARC Crecim MICRO'!E12 -> 0 | J20: =+'13. SARC Crecim MICRO'!F12 -> 0 | K20: =+'13. SARC Crecim MICRO'!G12 -> 0 | L20: >3% | M20: <0%
A21: RIESGO | B21: Riesgo Credito | C21: Indicador de Crecimiento de Cartera Bruta Vivienda | D21: Crecimiento de Cartera Bruta Vivienda | E21: (Cartera Bruta periodo Actual / Cartera Bruta del mismo periodo del año anterior )-1 | G21: =+'14. SARC Crecim VIVI'!C16 -> 0 | H21: =+'14. SARC Crecim VIVI'!D16 -> 0 | I21: =+'14. SARC Crecim VIVI'!E16 -> 0 | J21: =+'14. SARC Crecim VIVI'!F16 -> 0 | K21: =+'14. SARC Crecim VIVI'!G16 -> 0 | L21: >3% | M21: <0%
A22: RIESGO | B22: Riesgo Credito | C22: Indicador de Crecimiento de Cartera Total por Riesgo | D22: Crecimiento de Cartera Total por Riesgo | E22: (Cartera en riesgo periodo actual / Cartera en riesgo del mismo periodo del año anterior )-1 | G22: =+'15. SARC Crecim mora'!C61 -> 0.018798093 | H22: =+'15. SARC Crecim mora'!D61 -> -0.29050329 | I22: =+'15. SARC Crecim mora'!E61 -> -0.32278341 | J22: =+'15. SARC Crecim mora'!F61 -> -0.12623167 | K22: =+'15. SARC Crecim mora'!G61 -> 0.11736176 | L22: >3% | M22: <0%
A23: RIESGO | B23: Riesgo Credito | C23: Indicador de Crecimiento de Cartera Consumo Sin Libranza por Riesgo | D23: Crecimiento de Cartera Consumo Sin Libranza por Riesgo | E23: (Cartera Calificada en Categorías B, C, D y E periodo Actual / Cartera Calificada en Categorías B, C, D y E del mismo periodo del año anterior )-1 | G23: =+'16. SARC > mora Cons SIN LBZ'!C17 -> 0.018798093 | H23: =+'16. SARC > mora Cons SIN LBZ'!D17 -> -0.29050329 | I23: =+'16. SARC > mora Cons SIN LBZ'!E17 -> -0.32278341 | J23: =+'16. SARC > mora Cons SIN LBZ'!F17 -> -0.12623167 | K23: =+'16. SARC > mora Cons SIN LBZ'!G17 -> 0.11736176 | L23: >3% | M23: <0%
A24: RIESGO | B24: Riesgo Credito | C24: Indicador de Crecimiento de Cartera Consumo Con Libranza por Riesgo | D24: Crecimiento de Cartera Consumo Con Libranza por Riesgo | E24: (Cartera Calificada en Categorías B, C, D y E periodo Actual / Cartera Vencida del mismo periodo del año anterior )-1 | G24: =+'17. SARC > mora Cons LBZ'!C21 -> 0 | H24: =+'17. SARC > mora Cons LBZ'!D21 -> 0 | I24: =+'17. SARC > mora Cons LBZ'!E21 -> 0 | J24: =+'17. SARC > mora Cons LBZ'!F21 -> 0 | K24: =+'17. SARC > mora Cons LBZ'!G21 -> 0 | L24: >3% | M24: <0%
A25: RIESGO | B25: Riesgo Credito | C25: Indicador de Crecimiento de Cartera Comercial por Riesgo | D25: Crecimiento de Cartera Comercial por Riesgo | E25: (Cartera Calificada en Categorías B, C, D y E periodo Actual / Cartera Vencida del mismo periodo del año anterior )-1 | G25: =+'18. SARC > mora CCIAL'!C17 -> 0 | H25: =+'18. SARC > mora CCIAL'!D17 -> 0 | I25: =+'18. SARC > mora CCIAL'!E17 -> 0 | J25: =+'18. SARC > mora CCIAL'!F17 -> 0 | K25: =+'18. SARC > mora CCIAL'!G17 -> 0 | L25: >3% | M25: <0%
A26: RIESGO | B26: Riesgo Credito | C26: Indicador de Crecimiento de Cartera Microcrédito por Riesgo | D26: Crecimiento de Cartera Microcrédito por Riesgo | E26: (Cartera Calificada en Categorías B, C, D y E periodo Actual / Cartera Vencida del mismo periodo del año anterior )-1 | G26: =+'19. SARC > mora MICRO'!C21 -> 0 | H26: =+'19. SARC > mora MICRO'!D21 -> 0 | I26: =+'19. SARC > mora MICRO'!E21 -> 0 | J26: =+'19. SARC > mora MICRO'!F21 -> 0 | K26: =+'19. SARC > mora MICRO'!G21 -> 0 | L26: >3% | M26: <0%
A27: RIESGO | B27: Riesgo Credito | C27: Indicador de Crecimiento de Cartera de Vivienda por Riesgo | D27: Crecimiento de Cartera de Vivienda por Riesgo | E27: (Cartera Calificada en Categorías B, C, D y E periodo Actual / Cartera Vencida del mismo periodo del año anterior )-1 | G27: =+'20. SARC > mora VIVI'!C21 -> 0 | H27: =+'20. SARC > mora VIVI'!D21 -> 0 | I27: =+'20. SARC > mora VIVI'!E21 -> 0 | J27: =+'20. SARC > mora VIVI'!F21 -> 0 | K27: =+'20. SARC > mora VIVI'!G21 -> 0 | L27: >3% | M27: <0%
A28: RIESGO | B28: Riesgo Liquidez | C28: Indicador de relación entre Activos Liquidos ampliados a depósitos de corto plazo | D28: Activos Líquidos ampliados / Depósitos Corto Plazo | E28: Efectivo y equivalentes+ Fondo Liquidez +Inversiones / Depositso < 6 Meses | F28: =+'21. LIQUIDEZ - ALN vs Dep CP'!C36 -> 0 | G28: =+'21. LIQUIDEZ - ALN vs Dep CP'!D36 -> 0 | H28: =+'21. LIQUIDEZ - ALN vs Dep CP'!E36 -> 0 | I28: =+'21. LIQUIDEZ - ALN vs Dep CP'!F36 -> 0 | J28: =+'21. LIQUIDEZ - ALN vs Dep CP'!G36 -> 0 | K28: =+'21. LIQUIDEZ - ALN vs Dep CP'!H36 -> 0 | L28: >30% | M28: <20%
A29: RIESGO | B29: Riesgo Liquidez | C29: Indicador de relación entre la brecha de liquidez y los Activos Liquidos netos | D29: Valor en riesgo de liquidez brecha / ALN | E29: Brecha 2-3 meses /efectivo y equivalentes+fondo de liquidez + participación en fondos de inversión colectiva abiertos sin pacto de permanencia | F29: =+'22. LIQ. - Brecha GAP Vs ALN'!$C$26 -> 0 | G29: =+'22. LIQ. - Brecha GAP Vs ALN'!$C$26 -> 0 | H29: =+'22. LIQ. - Brecha GAP Vs ALN'!$C$26 -> 0 | I29: =+'22. LIQ. - Brecha GAP Vs ALN'!$C$26 -> 0 | J29: =+'22. LIQ. - Brecha GAP Vs ALN'!$C$26 -> 0 | K29: =+'22. LIQ. - Brecha GAP Vs ALN'!$C$26 -> 0 | L29: <=0% | M29: >100%
A30: RIESGO | B30: Riesgo Liquidez | C30: Indicador de concentración de Depositos | D30: % Participación mayores ahorradores sobre el total de depósitos | E30: Saldo Depositos de los 20 mayores Ahorradores / Saldo Total de Depositos | F30: =+'23. Concentracion depositos'!C13 -> 0 | G30: =+'23. Concentracion depositos'!D13 -> 0 | H30: =+'23. Concentracion depositos'!E13 -> 0 | I30: =+'23. Concentracion depositos'!F13 -> 0 | J30: =+'23. Concentracion depositos'!G13 -> 0 | K30: =+'23. Concentracion depositos'!H13 -> 0 | L30: <30% | M30: >50%
A31: RIESGO | B31: Riesgo Liquidez | C31: Indicador de concentración de Cartera | D31: % Participación mayores deudores sobre el total de cartera | E31: Saldo Cartera de los 20 mayores Deudores / Saldo Total de la cartera | F31: =+'23. Concentracion cartera'!C21 -> 2.3562009 | G31: =+'23. Concentracion cartera'!D21 -> 2.7225476 | H31: =+'23. Concentracion cartera'!E21 -> 2.6605249 | I31: =+'23. Concentracion cartera'!F21 -> 3.0231092 | J31: =+'23. Concentracion cartera'!G21 -> 4.0011041 | K31: =+'23. Concentracion cartera'!H21 -> 4.7203635 | L31: <30% | M31: >50%
A32: RIESGO | B32: SARO | C32: Eficiencia administrativa | D32: Estructura Gastos de Administración | E32: Gasto Administrativo / Ingresos por venta de bienes y servicios y recuperaciones | F32: =+'24. Eficiencia operativa'!C18 -> 0.070294599 | G32: =+'24. Eficiencia operativa'!D18 -> 0.067133915 | H32: =+'24. Eficiencia operativa'!E18 -> 0.078108244 | I32: =+'24. Eficiencia operativa'!F18 -> 0.071862715 | J32: =+'24. Eficiencia operativa'!G18 -> 0.069742845 | K32: =+'24. Eficiencia operativa'!H18 -> 0.063021169 | L32: <7% | M32: >10%
A33: CAMEL | B33: SARL | C33: Quebranto Patrimonial | D33: Quebranto Patrimonial | E33: Patrimonio / Capital social | F33: =+'25. Quebranto patrimonial'!C9 -> 3.6122622 | G33: =+'25. Quebranto patrimonial'!D9 -> 3.3764393 | H33: =+'25. Quebranto patrimonial'!E9 -> 3.2255966 | I33: =+'25. Quebranto patrimonial'!F9 -> 3.26065 | J33: =+'25. Quebranto patrimonial'!G9 -> 3.4289271 | K33: =+'25. Quebranto patrimonial'!H9 -> 3.363524 | L33: >300% | M33: <200%
A34: CAMEL | B34: Capital | C34: Relacion Solvencia | D34: Relación de Solvencia | E34: Patrimonio Técnico / Activos Ponderados por Riesgo | K34: =+'26. solvencia - solidez'!C13 -> 0.15863092 | L34: >15% | M34: <10%
A35: CAMEL | B35: SARL | C35: Aportes irreducibles | D35: Aportes sociales mínimos no reducibles | E35: Aportes sociales no reducibles / Capital Social | F35: =+'27. Irreduc Total'!C9 -> 0.28169743 | G35: =+'27. Irreduc Total'!D9 -> 0.26716142 | H35: =+'27. Irreduc Total'!E9 -> 0.29694179 | I35: =+'27. Irreduc Total'!F9 -> 0.31001631 | J35: =+'27. Irreduc Total'!G9 -> 0.32080773 | K35: =+'27. Irreduc Total'!H9 -> 0.32706642 | L35: <50% | M35: >80%
A36: CAMEL | B36: SARL | C36: Capital institucional | D36: Capital Institucional | E36: Capital Institucional / Activo | F36: =+'28. Capital institucional'!C15 -> 0.18547084 | G36: =+'28. Capital institucional'!D15 -> 0.2434304 | H36: =+'28. Capital institucional'!E15 -> 0.23774536 | I36: =+'28. Capital institucional'!F15 -> 0.2024352 | J36: =+'28. Capital institucional'!G15 -> 0.20591925 | K36: =+'28. Capital institucional'!H15 -> 0.23612937 | L36: >10% | M36: <5%
A37: CAMEL | B37: SARO | C37: Activos financieros e inventarios / Total activos | D37: Activo Productivo / Activo | E37: Activos Productivos / Activo | F37: =+'29. Activo productivo'!C17 -> 0.61687305 | G37: =+'29. Activo productivo'!D17 -> 0.51321209 | H37: =+'29. Activo productivo'!E17 -> 0.47917051 | I37: =+'29. Activo productivo'!F17 -> 0.50597593 | J37: =+'29. Activo productivo'!G17 -> 0.52867781 | K37: =+'29. Activo productivo'!H17 -> 0.5464722 | L37: >60% | M37: <50%
A38: CAMEL | B38: Administración | C38: Indicador de Margen Financiero de Operación | D38: Margen Financiero de Operación | E38: Margen Financiero de Operación / Ingresos por venta de bienes y servicios | F38: =+'31. Margen Financiero'!C11 -> 0.078141993 | G38: =+'31. Margen Financiero'!D11 -> 0.070633439 | H38: =+'31. Margen Financiero'!E11 -> 0.077700598 | I38: =+'31. Margen Financiero'!F11 -> 0.080755375 | J38: =+'31. Margen Financiero'!G11 -> 0.087463825 | K38: =+'31. Margen Financiero'!H11 -> 0.069438189 | L38: >40% | M38: <30%
A39: CAMEL | B39: SARAO | C39: Indicador de Margen Operacional | D39: Margen Operacional | E39: Utilidad Operacional / Ingresos por venta de bienes y servicios y recuperaciones | F39: =+'32. Margen Operacional'!C17 -> 0.0085015968 | G39: =+'32. Margen Operacional'!D17 -> 0.006436528 | H39: =+'32. Margen Operacional'!E17 -> 0.0025159125 | I39: =+'32. Margen Operacional'!F17 -> 0.0091311475 | J39: =+'32. Margen Operacional'!G17 -> 0.01807327 | K39: =+'32. Margen Operacional'!H17 -> 0.0073319913 | L39: >20% | M39: <10%
A40: PROPIO | B40: SARO | C40: Endeudamiento bancario | D40: % Participación Obligaciones financieras sobre el activo | E40: Obligac Financ. / Activo total | F40: =+'33. Endeudamiento bancario'!C10 -> 0.18117729 | G40: =+'33. Endeudamiento bancario'!D10 -> 0.071360607 | H40: =+'33. Endeudamiento bancario'!E10 -> 0.07655836 | I40: =+'33. Endeudamiento bancario'!F10 -> 0.076613412 | J40: =+'33. Endeudamiento bancario'!G10 -> 0.10154502 | K40: =+'33. Endeudamiento bancario'!H10 -> 0.099737899 | L40: <5% | M40: >10%
A41: CAMEL | B41: SARO | C41: Indicador de relación entre las obligaciones financieras y el pasivo total | D41: % Participación Obligaciones financieras sobre el pasivo | E41: Obligac Financ. / Pasivo Tot | F41: =+'33. Endeudamiento bancario'!C11 -> 0.59967022 | G41: =+'33. Endeudamiento bancario'!D11 -> 0.37582737 | H41: =+'33. Endeudamiento bancario'!E11 -> 0.33372724 | I41: =+'33. Endeudamiento bancario'!F11 -> 0.31095466 | J41: =+'33. Endeudamiento bancario'!G11 -> 0.4336044 | K41: =+'33. Endeudamiento bancario'!H11 -> 0.37432041 | L41: <10% | M41: >20%
A42: CAMEL | B42: SARL | C42: Estructura de Balance | D42: Estructura | E42: Activos financieros + inventarios / pasivos financieros y aportes | F42: =+'34. Estructura de Balance'!C24 -> 1.1267115 | G42: =+'34. Estructura de Balance'!D24 -> 1.0141177 | H42: =+'34. Estructura de Balance'!E24 -> 0.87058475 | I42: =+'34. Estructura de Balance'!F24 -> 0.91120308 | J42: =+'34. Estructura de Balance'!G24 -> 1.0089495 | K42: =+'34. Estructura de Balance'!H24 -> 0.99308427 | L42: >120% | M42: <100%
A43: CAMEL | B43: SARO | C43: Indicador de rentabilidad sobre recursos propios - ROE | D43: ROE | E43: (1+(Excedentes Neto / ((Patrimonio Año Actual + Patrimonio a Dic año anterior)/2)))^12-1 | F43: =+'35. Rentabilidad del patrimonio'!C9 -> 0.05297455 | G43: =+'35. Rentabilidad del patrimonio'!D9 -> -0.0069532911 | H43: =+'35. Rentabilidad del patrimonio'!E9 -> -0.02654731 | I43: =+'35. Rentabilidad del patrimonio'!F9 -> 0.02130643 | J43: =+'35. Rentabilidad del patrimonio'!G9 -> 0.067150135 | K43: =+'35. Rentabilidad del patrimonio'!H9/K1*12 -> 0.0089698227 | L43: >3% | M43: <0%
A44: CAMEL | B44: SARO | C44: Indicador de margen neto | D44: Margen neto | E44: Excedente Neto / Ingresos por venta de bienes y servicios y recuperaciones | F44: =+'36. Margen NETO'!C10 -> 0.011622075 | G44: =+'36. Margen NETO'!D10 -> -0.0014125676 | H44: =+'36. Margen NETO'!E10 -> -0.0060088819 | I44: =+'36. Margen NETO'!F10 -> 0.0047487307 | J44: =+'36. Margen NETO'!G10 -> 0.012814532 | K44: =+'36. Margen NETO'!H10 -> 0.0017006368 | L44: >10% | M44: <0%
A45: CAMEL | B45: SARO | C45: Indicador de rentabilidad sobre el capital invertido - ROIC | D45: ROIC | E45: Excedente Neto / Fuentes de Financiación | F45: =+'37. Rentabilidad FUENTES'!C13 -> 0.098750424 | G45: =+'37. Rentabilidad FUENTES'!D13 -> -0.018228008 | H45: =+'37. Rentabilidad FUENTES'!E13 -> -0.065716378 | I45: =+'37. Rentabilidad FUENTES'!F13 -> 0.051507876 | J45: =+'37. Rentabilidad FUENTES'!G13 -> 0.15261299 | K45: =(+'37. Rentabilidad FUENTES'!H13)/K1*12 -> 0.020745794 | L45: >2% | M45: <0%
A46: PROPIO | B46: SARO | C46: Margen bruto | D46: Utilidad bruta en ventas | E46: Ventas - Costo / Ventas | F46: =+'38. SARO - Margen Bruto'!C17 -> 0.065390636 | G46: =+'38. SARO - Margen Bruto'!D17 -> 0.059838444 | H46: =+'38. SARO - Margen Bruto'!E17 -> 0.065154918 | I46: =+'38. SARO - Margen Bruto'!F17 -> 0.068395514 | J46: =+'38. SARO - Margen Bruto'!G17 -> 0.076096307 | K46: =+'38. SARO - Margen Bruto'!H17 -> 0.056202605 | L46: >3,5% | M46: <2%
A47: PROPIO | B47: SARO | C47: Margen bruto CAFÉ | D47: Utilidad bruta en ventas | E47: Ventas - Costo / Ventas | F47: =+'38. SARO - Margen Bruto'!C18 -> 0.047346123 | G47: =+'38. SARO - Margen Bruto'!D18 -> 0.042232105 | H47: =+'38. SARO - Margen Bruto'!E18 -> 0.044429186 | I47: =+'38. SARO - Margen Bruto'!F18 -> 0.048265015 | J47: =+'38. SARO - Margen Bruto'!G18 -> 0.057378837 | K47: =+'38. SARO - Margen Bruto'!H18 -> 0.032668458 | L47: >3,5% | M47: <2%
A48: PROPIO | B48: SARO | C48: Margen bruto ALMACEN | D48: Utilidad bruta en ventas | E48: Ventas - Costo / Ventas | F48: =+'38. SARO - Margen Bruto'!C19 -> 0.11626084 | G48: =+'38. SARO - Margen Bruto'!D19 -> 0.12179562 | H48: =+'38. SARO - Margen Bruto'!E19 -> 0.12109824 | I48: =+'38. SARO - Margen Bruto'!F19 -> 0.11513267 | J48: =+'38. SARO - Margen Bruto'!G19 -> 0.11891183 | K48: =+'38. SARO - Margen Bruto'!H19 -> 0.11754146 | L48: >3,5% | M48: <2%
A49: PROPIO | B49: SARL | C49: Rotación Inventario | D49: Rotación dias de Inventario | E49: Inventario / Costo x (# dias transcurrido) | F49: =+'39. SARL - Rotación '!C23 -> 21.070474 | G49: =+'39. SARL - Rotación '!D23 -> 15.257373 | H49: =+'39. SARL - Rotación '!E23 -> 15.952983 | I49: =+'39. SARL - Rotación '!F23 -> 17.475287 | J49: =+'39. SARL - Rotación '!G23 -> 17.688762 | K49: =+'39. SARL - Rotación '!H23 -> 14.556294 | L49: <30 | M49: >60
A50: PROPIO | B50: SARL | C50: Rotación Inventario Café | D50: Rotación dias de Inventario | E50: Inventario / Costo x (# dias transcurrido) | F50: =+'39. SARL - Rotación '!C24 -> 26.60366 | G50: =+'39. SARL - Rotación '!D24 -> 18.271235 | H50: =+'39. SARL - Rotación '!E24 -> 20.319552 | I50: =+'39. SARL - Rotación '!F24 -> 23.249695 | J50: =+'39. SARL - Rotación '!G24 -> 23.671041 | K50: =+'39. SARL - Rotación '!H24 -> 18.6686 | L50: <30 | M50: >60
A51: PROPIO | B51: SARL | C51: Rotación Inventario Almacen | D51: Rotación dias de Inventario | E51: Inventario / Costo x (# dias transcurrido) | F51: =+'39. SARL - Rotación '!C25 -> 4.2551724 | G51: =+'39. SARL - Rotación '!D25 -> 3.6906389 | H51: =+'39. SARL - Rotación '!E25 -> 3.1384951 | I51: =+'39. SARL - Rotación '!F25 -> 3.0556903 | J51: =+'39. SARL - Rotación '!G25 -> 3.0488472 | K51: =+'39. SARL - Rotación '!H25 -> 2.8072196 | L51: <30 | M51: >60
A52: PROPIO | B52: SARL | C52: Rotación Deudores Almacen | D52: Rotación dias CxC Cciale | E52: CxC / Ventas netas x (# dias transcurrido) | F52: =+'39. SARL - Rotación '!C26 -> 34.620735 | G52: =+'39. SARL - Rotación '!D26 -> 26.862659 | H52: =+'39. SARL - Rotación '!E26 -> 19.924403 | I52: =+'39. SARL - Rotación '!F26 -> 28.792858 | J52: =+'39. SARL - Rotación '!G26 -> 20.82439 | K52: =+'39. SARL - Rotación '!H26 -> 14.742412 | L52: <30 | M52: >60
A53: PROPIO | B53: SARL | C53: Razon corriente | D53: por cada peso adeudado en el corto plazo cuantos activos de corto plazo se tienen | E53: Activo corriente / Pasivo corriente | F53: =+'40. SARL - Razon corriente'!C22 -> 1.8122169 | G53: =+'40. SARL - Razon corriente'!D22 -> 2.1467677 | H53: =+'40. SARL - Razon corriente'!E22 -> 1.7360342 | I53: =+'40. SARL - Razon corriente'!F22 -> 1.7366595 | J53: =+'40. SARL - Razon corriente'!G22 -> 1.9845373 | K53: =+'40. SARL - Razon corriente'!H22 -> 1.8082542 | L53: <1 | M53: >2
A54: PROPIO | B54: SARL | C54: Estructura de inversion LP | D54: Por cada $1 invertido a LP sin intereses cuanto se tiene de patrimonio sin aportes | E54: Patrimonio - aportes / Inversiones de capital, Activos materiales e intangibles | F54: =+'41. SARL - Estructura invers LP'!C21 -> 1.2658088 | G54: =+'41. SARL - Estructura invers LP'!D21 -> 1.1236367 | H54: =+'41. SARL - Estructura invers LP'!E21 -> 0.99650616 | I54: =+'41. SARL - Estructura invers LP'!F21 -> 1.0243459 | J54: =+'41. SARL - Estructura invers LP'!G21 -> 1.1180523 | K54: =+'41. SARL - Estructura invers LP'!H21 -> 1.1036605 | L54: >120 | M54: <100
A55: PROPIO | B55: SARC | C55: Calidad cartera comercial | D55: Por cada $100 pesos Deudores venta bienes y servicios cuantos estan vencidos >90 días | E55: Cartera vencida >90 días / total | F55: =+'1. SARC - Deudores'!C12 -> 0.03619742 | G55: =+'1. SARC - Deudores'!D12 -> 0.042055894 | H55: =+'1. SARC - Deudores'!E12 -> 0.098356216 | I55: =+'1. SARC - Deudores'!F12 -> 0.050575973 | J55: =+'1. SARC - Deudores'!G12 -> 0.042556676 | K55: =+'1. SARC - Deudores'!H12 -> 0.060204371 | L55: <5 | M55: >10

Sheet 41. SARL - Estructura invers LP
A1: Indicador | B1: Descripción Formula | C1: TIPO | D1: NOMBRE INDICADOR | E1: Descripcion Indicador
A2: PROPIO | B2: Patrimonio Propio / Inversiones LARGO PLAZO | C2: SARL | D2: Estructura inversion LP | E2: Por cada peso invertido a LP sin intereses cuanto se tiene de Patrimonio sin aportes
B3: 2 | C3: 3 | D3: 4 | E3: 5 | F3: 6 | G3: 7 | H3: 8
A4: Cuenta | B4: Descripcion | C4: =+cuc!C1 -> 42735 | D4: =+cuc!D1 -> 43100 | E4: =+cuc!E1 -> 43465 | F4: =+cuc!F1 -> 43830 | G4: =+cuc!G1 -> 44196 | H4: =+cuc!H1 -> 44377 | BD4: 140400 | BE4: 140500 | BF4: 141100 | BG4: 141200 | BH4: 144100 | BI4: 144200 | BJ4: 144800 | BK4: 145400 | BL4: 145500 | BM4: 146100 | BN4: 146200 | BO4: 146900
A5: =+cuc!A129 -> 122000 | B5: =PROPER(VLOOKUP($A5,cuc!$A$2:$AA$2088,B$3,FALSE)) -> Inversiones En Entidades Asociadas | C5: =VLOOKUP($A5,cuc!$A$2:$AA$2088,C$3,FALSE) -> 0 | D5: =VLOOKUP($A5,cuc!$A$2:$AA$2088,D$3,FALSE) -> 0 | E5: =VLOOKUP($A5,cuc!$A$2:$AA$2088,E$3,FALSE) -> 0 | F5: =VLOOKUP($A5,cuc!$A$2:$AA$2088,F$3,FALSE) -> 0 | G5: =VLOOKUP($A5,cuc!$A$2:$AA$2088,G$3,FALSE) -> 0 | H5: =VLOOKUP($A5,cuc!$A$2:$AA$2088,H$3,FALSE) -> 0
A6: =+cuc!A661 -> 170000 | B6: =PROPER(VLOOKUP($A6,cuc!$A$2:$AA$2088,B$3,FALSE)) -> Activos Materiales | C6: =VLOOKUP($A6,cuc!$A$2:$AA$2088,C$3,FALSE) -> 6.3014519e+09 | D6: =VLOOKUP($A6,cuc!$A$2:$AA$2088,D$3,FALSE) -> 6.7961062e+09 | E6: =VLOOKUP($A6,cuc!$A$2:$AA$2088,E$3,FALSE) -> 7.4452911e+09 | F6: =VLOOKUP($A6,cuc!$A$2:$AA$2088,F$3,FALSE) -> 7.4118493e+09 | G6: =VLOOKUP($A6,cuc!$A$2:$AA$2088,G$3,FALSE) -> 7.4953434e+09 | H6: =VLOOKUP($A6,cuc!$A$2:$AA$2088,H$3,FALSE) -> 7.4573454e+09
A7: =+cuc!A712 -> 190000 | B7: =PROPER(VLOOKUP($A7,cuc!$A$2:$AA$2088,B$3,FALSE)) -> Otros Activos | C7: =VLOOKUP($A7,cuc!$A$2:$AA$2088,C$3,FALSE) -> 8306303 | D7: =VLOOKUP($A7,cuc!$A$2:$AA$2088,D$3,FALSE) -> 10301017 | E7: =VLOOKUP($A7,cuc!$A$2:$AA$2088,E$3,FALSE) -> 11233817 | F7: =VLOOKUP($A7,cuc!$A$2:$AA$2088,F$3,FALSE) -> 10657655 | G7: =VLOOKUP($A7,cuc!$A$2:$AA$2088,G$3,FALSE) -> 11366825 | H7: =VLOOKUP($A7,cuc!$A$2:$AA$2088,H$3,FALSE) -> 52203346
B8: TOTAL ACTIVOS CORRIENTES | C8: =+SUM(C5:C7) -> 6.3097582e+09 | D8: =+SUM(D5:D7) -> 6.8064072e+09 | E8: =+SUM(E5:E7) -> 7.4565249e+09 | F8: =+SUM(F5:F7) -> 7.4225069e+09 | G8: =+SUM(G5:G7) -> 7.5067102e+09 | H8: =+SUM(H5:H7) -> 7.5095487e+09
A10: Cuenta | B10: Descripción | C10: =+C$4 -> 42735 | D10: =+D$4 -> 43100 | E10: =+E$4 -> 43465 | F10: =+F$4 -> 43830 | G10: =+G$4 -> 44196 | H10: =+H$4 -> 44377 | BD10: 140400 | BE10: 140500 | BF10: 141100 | BG10: 141200 | BH10: 144100 | BI10: 144200 | BJ10: 144800 | BK10: 145400 | BL10: 145500 | BM10: 146100 | BN10: 146200 | BO10: 146900
A11: =+cuc!A1080 -> 320000 | B11: =PROPER(VLOOKUP($A11,cuc!$A$2:$AA$2088,B$3,FALSE)) -> Reservas | C11: =VLOOKUP($A11,cuc!$A$2:$AA$2088,C$3,FALSE) -> 8.7137452e+08 | D11: =VLOOKUP($A11,cuc!$A$2:$AA$2088,D$3,FALSE) -> 9.3629436e+08 | E11: =VLOOKUP($A11,cuc!$A$2:$AA$2088,E$3,FALSE) -> 9.3629436e+08 | F11: =VLOOKUP($A11,cuc!$A$2:$AA$2088,F$3,FALSE) -> 5.7408618e+08 | G11: =VLOOKUP($A11,cuc!$A$2:$AA$2088,G$3,FALSE) -> 6.9967819e+08 | H11: =VLOOKUP($A11,cuc!$A$2:$AA$2088,H$3,FALSE) -> 9.7616704e+08
A12: =+cuc!A1089 -> 330000 | B12: =PROPER(VLOOKUP($A12,cuc!$A$2:$AA$2088,B$3,FALSE)) -> Fondos De Destinación Específica | C12: =VLOOKUP($A12,cuc!$A$2:$AA$2088,C$3,FALSE) -> 2.1798128e+09 | D12: =VLOOKUP($A12,cuc!$A$2:$AA$2088,D$3,FALSE) -> 2464067284 | E12: =VLOOKUP($A12,cuc!$A$2:$AA$2088,E$3,FALSE) -> 2464067284 | F12: =VLOOKUP($A12,cuc!$A$2:$AA$2088,F$3,FALSE) -> 2464067284 | G12: =VLOOKUP($A12,cuc!$A$2:$AA$2088,G$3,FALSE) -> 2.5766295e+09 | H12: =VLOOKUP($A12,cuc!$A$2:$AA$2088,H$3,FALSE) -> 2.9303298e+09
A13: =+cuc!A1098 -> 340000 | B13: =PROPER(VLOOKUP($A13,cuc!$A$2:$AA$2088,B$3,FALSE)) -> Superávit | C13: =VLOOKUP($A13,cuc!$A$2:$AA$2088,C$3,FALSE) -> 3351547 | D13: =VLOOKUP($A13,cuc!$A$2:$AA$2088,D$3,FALSE) -> 3351547 | E13: =VLOOKUP($A13,cuc!$A$2:$AA$2088,E$3,FALSE) -> 3351547 | F13: =VLOOKUP($A13,cuc!$A$2:$AA$2088,F$3,FALSE) -> 3351547 | G13: =VLOOKUP($A13,cuc!$A$2:$AA$2088,G$3,FALSE) -> 3351547 | H13: =VLOOKUP($A13,cuc!$A$2:$AA$2088,H$3,FALSE) -> 3351547
A14: =+cuc!A1107 -> 370500 | B14: =PROPER(VLOOKUP($A14,cuc!$A$2:$AA$2088,B$3,FALSE)) -> Por Revaluación De Propiedad, Planta Y Equipo Y Activos Intangibles | C14: =VLOOKUP($A14,cuc!$A$2:$AA$2088,C$3,FALSE) -> 4.3235551e+09 | D14: =VLOOKUP($A14,cuc!$A$2:$AA$2088,D$3,FALSE) -> 4.3235551e+09 | E14: =VLOOKUP($A14,cuc!$A$2:$AA$2088,E$3,FALSE) -> 4.3235551e+09 | F14: =VLOOKUP($A14,cuc!$A$2:$AA$2088,F$3,FALSE) -> 4.3235551e+09 | G14: =VLOOKUP($A14,cuc!$A$2:$AA$2088,G$3,FALSE) -> 4.3235551e+09 | H14: =VLOOKUP($A14,cuc!$A$2:$AA$2088,H$3,FALSE) -> 4.3235551e+09
A15: =+cuc!A1100 -> 350000 | B15: =PROPER(VLOOKUP($A15,cuc!$A$2:$AA$2088,B$3,FALSE)) -> Excedentes Y/O PéRdidas Del Ejercicio | C15: =VLOOKUP($A15,cuc!$A$2:$AA$2088,C$3,FALSE) -> 6.0885368e+08 | D15: =VLOOKUP($A15,cuc!$A$2:$AA$2088,D$3,FALSE) -> -79339515 | E15: =VLOOKUP($A15,cuc!$A$2:$AA$2088,E$3,FALSE) -> -2.9679528e+08 | F15: =VLOOKUP($A15,cuc!$A$2:$AA$2088,F$3,FALSE) -> 2.3815422e+08 | G15: =VLOOKUP($A15,cuc!$A$2:$AA$2088,G$3,FALSE) -> 7.8967993e+08 | H15: =VLOOKUP($A15,cuc!$A$2:$AA$2088,H$3,FALSE) -> 54588527
A16: =+cuc!A1103 -> 360000 | B16: =PROPER(VLOOKUP($A16,cuc!$A$2:$AA$2088,B$3,FALSE)) -> Resultados Acumulados Por Adopción Por Primera Vez | C16: =VLOOKUP($A16,cuc!$A$2:$AA$2088,C$3,FALSE) -> 0 | D16: =VLOOKUP($A16,cuc!$A$2:$AA$2088,D$3,FALSE) -> 0 | E16: =VLOOKUP($A16,cuc!$A$2:$AA$2088,E$3,FALSE) -> 0 | F16: =VLOOKUP($A16,cuc!$A$2:$AA$2088,F$3,FALSE) -> 0 | G16: =VLOOKUP($A16,cuc!$A$2:$AA$2088,G$3,FALSE) -> 0 | H16: =VLOOKUP($A16,cuc!$A$2:$AA$2088,H$3,FALSE) -> 0
B17: Capital PROPIO | C17: =SUM(C11:C16) -> 7.9869477e+09 | D17: =SUM(D11:D16) -> 7.6479288e+09 | E17: =SUM(E11:E16) -> 7.430473e+09 | F17: =SUM(F11:F16) -> 7.6032143e+09 | G17: =SUM(G11:G16) -> 8.3928943e+09 | H17: =SUM(H11:H16) -> 8.2879921e+09
B20: Descripcion | C20: =+C4 -> 42735 | D20: =+D4 -> 43100 | E20: =+E4 -> 43465 | F20: =+F4 -> 43830 | G20: =+G4 -> 44196 | H20: =+H4 -> 44377
B21: Razon corriente | C21: =+C17/C8 -> 1.2658088 | D21: =+D17/D8 -> 1.1236367 | E21: =+E17/E8 -> 0.99650616 | F21: =+F17/F8 -> 1.0243459 | G21: =+G17/G8 -> 1.1180523 | H21: =+H17/H8 -> 1.1036605

Sheet 40. SARL - Razon corriente
A1: Indicador | B1: Descripción Formula | C1: TIPO | D1: NOMBRE INDICADOR | E1: Descripcion Indicador
A2: PROPIO | B2: Activos corrientes / Pasivos corrientes | C2: SARL | D2: Razon corriente | E2: ´por cada peso adeudado en el CP cuantos activos de CP se tienen
B3: 2 | C3: 3 | D3: 4 | E3: 5 | F3: 6 | G3: 7 | H3: 8
A4: Cuenta | B4: Descripcion | C4: =+cuc!C1 -> 42735 | D4: =+cuc!D1 -> 43100 | E4: =+cuc!E1 -> 43465 | F4: =+cuc!F1 -> 43830 | G4: =+cuc!G1 -> 44196 | H4: =+cuc!H1 -> 44377 | BD4: 140400 | BE4: 140500 | BF4: 141100 | BG4: 141200 | BH4: 144100 | BI4: 144200 | BJ4: 144800 | BK4: 145400 | BL4: 145500 | BM4: 146100 | BN4: 146200 | BO4: 146900
A5: =+cuc!A3 -> 110000 | B5: =PROPER(VLOOKUP($A5,cuc!$A$2:$AA$2088,B$3,FALSE)) -> Efectivo Y Equivalente Al Efectivo | C5: =VLOOKUP($A5,cuc!$A$2:$AA$2088,C$3,FALSE) -> 1.2016768e+09 | D5: =VLOOKUP($A5,cuc!$A$2:$AA$2088,D$3,FALSE) -> 1.2080029e+09 | E5: =VLOOKUP($A5,cuc!$A$2:$AA$2088,E$3,FALSE) -> 1.5764976e+09 | F5: =VLOOKUP($A5,cuc!$A$2:$AA$2088,F$3,FALSE) -> 1.2741987e+09 | G5: =VLOOKUP($A5,cuc!$A$2:$AA$2088,G$3,FALSE) -> 2.2715735e+09 | H5: =VLOOKUP($A5,cuc!$A$2:$AA$2088,H$3,FALSE) -> 3.4709493e+09
A6: =+cuc!A228 -> 130000 | B6: =PROPER(VLOOKUP($A6,cuc!$A$2:$AA$2088,B$3,FALSE)) -> Inventarios | C6: =VLOOKUP($A6,cuc!$A$2:$AA$2088,C$3,FALSE) -> 2.8181424e+09 | D6: =VLOOKUP($A6,cuc!$A$2:$AA$2088,D$3,FALSE) -> 2.1989632e+09 | E6: =VLOOKUP($A6,cuc!$A$2:$AA$2088,E$3,FALSE) -> 2.0094753e+09 | F6: =VLOOKUP($A6,cuc!$A$2:$AA$2088,F$3,FALSE) -> 2.2364152e+09 | G6: =VLOOKUP($A6,cuc!$A$2:$AA$2088,G$3,FALSE) -> 2.7612016e+09 | H6: =VLOOKUP($A6,cuc!$A$2:$AA$2088,H$3,FALSE) -> 2.4125907e+09
A7: =+cuc!A252 -> 140000 | B7: =PROPER(VLOOKUP($A7,cuc!$A$2:$AA$2088,B$3,FALSE)) -> Cartera De CrÉditos | C7: =VLOOKUP($A7,cuc!$A$2:$AA$2088,C$3,FALSE) -> 1.142341e+09 | D7: =VLOOKUP($A7,cuc!$A$2:$AA$2088,D$3,FALSE) -> 1.2345105e+09 | E7: =VLOOKUP($A7,cuc!$A$2:$AA$2088,E$3,FALSE) -> 1.4065265e+09 | F7: =VLOOKUP($A7,cuc!$A$2:$AA$2088,F$3,FALSE) -> 1.4236999e+09 | G7: =VLOOKUP($A7,cuc!$A$2:$AA$2088,G$3,FALSE) -> 1.1291022e+09 | H7: =VLOOKUP($A7,cuc!$A$2:$AA$2088,H$3,FALSE) -> 9.8060711e+08
A8: =+cuc!A587 -> 160505 | B8: =PROPER(VLOOKUP($A8,cuc!$A$2:$AA$2088,B$3,FALSE)) -> Vigentes | C8: =VLOOKUP($A8,cuc!$A$2:$AA$2088,C$3,FALSE) -> 1262580633 | D8: =VLOOKUP($A8,cuc!$A$2:$AA$2088,D$3,FALSE) -> 8.8753688e+08 | E8: =VLOOKUP($A8,cuc!$A$2:$AA$2088,E$3,FALSE) -> 6.7947221e+08 | F8: =VLOOKUP($A8,cuc!$A$2:$AA$2088,F$3,FALSE) -> 1.1640174e+09 | G8: =VLOOKUP($A8,cuc!$A$2:$AA$2088,G$3,FALSE) -> 1.0618909e+09 | H8: =VLOOKUP($A8,cuc!$A$2:$AA$2088,H$3,FALSE) -> 7.0120774e+08
A9: =+cuc!A599 -> 161505 | B9: =PROPER(VLOOKUP($A9,cuc!$A$2:$AA$2088,B$3,FALSE)) -> Vigentes | C9: =VLOOKUP($A9,cuc!$A$2:$AA$2088,C$3,FALSE) -> 0 | D9: =VLOOKUP($A9,cuc!$A$2:$AA$2088,D$3,FALSE) -> 0 | E9: =VLOOKUP($A9,cuc!$A$2:$AA$2088,E$3,FALSE) -> 0 | F9: =VLOOKUP($A9,cuc!$A$2:$AA$2088,F$3,FALSE) -> 0 | G9: =VLOOKUP($A9,cuc!$A$2:$AA$2088,G$3,FALSE) -> 0 | H9: =VLOOKUP($A9,cuc!$A$2:$AA$2088,H$3,FALSE) -> 0
A10: =+cuc!A649 -> 166000 | B10: =PROPER(VLOOKUP($A10,cuc!$A$2:$AA$2088,B$3,FALSE)) -> Otras Cuentas Por Cobrar | C10: =VLOOKUP($A10,cuc!$A$2:$AA$2088,C$3,FALSE) -> 2.3078636e+09 | D10: =VLOOKUP($A10,cuc!$A$2:$AA$2088,D$3,FALSE) -> 1.1751706e+08 | E10: =VLOOKUP($A10,cuc!$A$2:$AA$2088,E$3,FALSE) -> 29673101 | F10: =VLOOKUP($A10,cuc!$A$2:$AA$2088,F$3,FALSE) -> 3.3039456e+08 | G10: =VLOOKUP($A10,cuc!$A$2:$AA$2088,G$3,FALSE) -> 56671094 | H10: =VLOOKUP($A10,cuc!$A$2:$AA$2088,H$3,FALSE) -> 3.0162958e+08
B11: TOTAL ACTIVOS CORRIENTES | C11: =+SUM(C5:C10) -> 8.7326044e+09 | D11: =+SUM(D5:D10) -> 5.6465305e+09 | E11: =+SUM(E5:E10) -> 5.7016447e+09 | F11: =+SUM(F5:F10) -> 6.4287258e+09 | G11: =+SUM(G5:G10) -> 7.2804393e+09 | H11: =+SUM(H5:H10) -> 7.8669844e+09
A13: Cuenta | B13: Descripción | C13: =+C$4 -> 42735 | D13: =+D$4 -> 43100 | E13: =+E$4 -> 43465 | F13: =+F$4 -> 43830 | G13: =+G$4 -> 44196 | H13: =+H$4 -> 44377 | BD13: 140400 | BE13: 140500 | BF13: 141100 | BG13: 141200 | BH13: 144100 | BI13: 144200 | BJ13: 144800 | BK13: 145400 | BL13: 145500 | BM13: 146100 | BN13: 146200 | BO13: 146900
A14: =+cuc!A801 -> 230000 | B14: =PROPER(VLOOKUP($A14,cuc!$A$2:$AA$2088,B$3,FALSE)) -> Obligaciones Financieras Y Otros Pasivos Financieros | C14: =VLOOKUP($A14,cuc!$A$2:$AA$2088,C$3,FALSE) -> 2.9838279e+09 | D14: =VLOOKUP($A14,cuc!$A$2:$AA$2088,D$3,FALSE) -> 9.9778432e+08 | E14: =VLOOKUP($A14,cuc!$A$2:$AA$2088,E$3,FALSE) -> 1.096058e+09 | F14: =VLOOKUP($A14,cuc!$A$2:$AA$2088,F$3,FALSE) -> 1.1510848e+09 | G14: =VLOOKUP($A14,cuc!$A$2:$AA$2088,G$3,FALSE) -> 1617299314 | H14: =VLOOKUP($A14,cuc!$A$2:$AA$2088,H$3,FALSE) -> 1651467898
A15: =+cuc!A849 -> 240000 | B15: =PROPER(VLOOKUP($A15,cuc!$A$2:$AA$2088,B$3,FALSE)) -> Cuentas Por Pagar Y Otras | C15: =VLOOKUP($A15,cuc!$A$2:$AA$2088,C$3,FALSE) -> 1.572119e+09 | D15: =VLOOKUP($A15,cuc!$A$2:$AA$2088,D$3,FALSE) -> 1.2822466e+09 | E15: =VLOOKUP($A15,cuc!$A$2:$AA$2088,E$3,FALSE) -> 1.7767022e+09 | F15: =VLOOKUP($A15,cuc!$A$2:$AA$2088,F$3,FALSE) -> 2.334459e+09 | G15: =VLOOKUP($A15,cuc!$A$2:$AA$2088,G$3,FALSE) -> 1.8198739e+09 | H15: =VLOOKUP($A15,cuc!$A$2:$AA$2088,H$3,FALSE) -> 2.4824592e+09
A16: =+cuc!A960 -> 260000 | B16: =PROPER(VLOOKUP($A16,cuc!$A$2:$AA$2088,B$3,FALSE)) -> Fondos Sociales Y Mutuales | C16: =VLOOKUP($A16,cuc!$A$2:$AA$2088,C$3,FALSE) -> 13720910 | D16: =VLOOKUP($A16,cuc!$A$2:$AA$2088,D$3,FALSE) -> 19839343 | E16: =VLOOKUP($A16,cuc!$A$2:$AA$2088,E$3,FALSE) -> 20875540 | F16: =VLOOKUP($A16,cuc!$A$2:$AA$2088,F$3,FALSE) -> 36594618 | G16: =VLOOKUP($A16,cuc!$A$2:$AA$2088,G$3,FALSE) -> 43135153 | H16: =VLOOKUP($A16,cuc!$A$2:$AA$2088,H$3,FALSE) -> 44302318
A17: =+cuc!A974 -> 270000 | B17: =PROPER(VLOOKUP($A17,cuc!$A$2:$AA$2088,B$3,FALSE)) -> Otros Pasivos | C17: =VLOOKUP($A17,cuc!$A$2:$AA$2088,C$3,FALSE) -> 249073496 | D17: =VLOOKUP($A17,cuc!$A$2:$AA$2088,D$3,FALSE) -> 330377358 | E17: =VLOOKUP($A17,cuc!$A$2:$AA$2088,E$3,FALSE) -> 390657093 | F17: =VLOOKUP($A17,cuc!$A$2:$AA$2088,F$3,FALSE) -> 1.7963852e+08 | G17: =VLOOKUP($A17,cuc!$A$2:$AA$2088,G$3,FALSE) -> 188274327 | H17: =VLOOKUP($A17,cuc!$A$2:$AA$2088,H$3,FALSE) -> 1.7236719e+08
B18: TOTAL PASIVOS CORRIENTES | C18: =SUM(C14:C17) -> 4.8187414e+09 | D18: =SUM(D14:D17) -> 2.6302476e+09 | E18: =SUM(E14:E17) -> 3.2842929e+09 | F18: =SUM(F14:F17) -> 3.7017769e+09 | G18: =SUM(G14:G17) -> 3.6685827e+09 | H18: =SUM(H14:H17) -> 4.3505966e+09
B21: Descripcion | C21: =+C4 -> 42735 | D21: =+D4 -> 43100 | E21: =+E4 -> 43465 | F21: =+F4 -> 43830 | G21: =+G4 -> 44196 | H21: =+H4 -> 44377
B22: Razon corriente | C22: =+C11/C18 -> 1.8122169 | D22: =+D11/D18 -> 2.1467677 | E22: =+E11/E18 -> 1.7360342 | F22: =+F11/F18 -> 1.7366595 | G22: =+G11/G18 -> 1.9845373 | H22: =+H11/H18 -> 1.8082542

Sheet 39. SARL - Rotación 
A1: Indicador | B1: Descripción Formula | C1: TIPO | D1: NOMBRE INDICADOR | E1: Descripcion Indicador
A2: PROPIO | B2: Costo Ventas / Ventas x (# dias transcurridos del año) | C2: SARL | D2: Rotación dias | E2: Numero de días que tarda en venderse el inventario (promedio)
B3: 2 | C3: 3 | D3: 4 | E3: 5 | F3: 6 | G3: 7 | H3: 8
A4: Cuenta | B4: Descripcion | C4: =+cuc!C1 -> 42735 | D4: =+cuc!D1 -> 43100 | E4: =+cuc!E1 -> 43465 | F4: =+cuc!F1 -> 43830 | G4: =+cuc!G1 -> 44196 | H4: =+cuc!H1 -> 44377 | BD4: 140400 | BE4: 140500 | BF4: 141100 | BG4: 141200 | BH4: 144100 | BI4: 144200 | BJ4: 144800 | BK4: 145400 | BL4: 145500 | BM4: 146100 | BN4: 146200 | BO4: 146900
A5: =+cuc!A1275 -> 413520 | B5: =PROPER(VLOOKUP($A5,cuc!$A$2:$AA$2088,B$3,FALSE)) -> Venta De Productos En Almacenes No Especializados | C5: =VLOOKUP($A5,cuc!$A$2:$AA$2088,C$3,FALSE) -> 1.3752704e+10 | D5: =VLOOKUP($A5,cuc!$A$2:$AA$2088,D$3,FALSE) -> 1.2413796e+10 | E5: =VLOOKUP($A5,cuc!$A$2:$AA$2088,E$3,FALSE) -> 1.3301823e+10 | F5: =VLOOKUP($A5,cuc!$A$2:$AA$2088,F$3,FALSE) -> 1.503631e+10 | G5: =VLOOKUP($A5,cuc!$A$2:$AA$2088,G$3,FALSE) -> 1.8763175e+10 | H5: =VLOOKUP($A5,cuc!$A$2:$AA$2088,H$3,FALSE) -> 8.8546521e+09
A6: =+cuc!A1276 -> 413522 | B6: =PROPER(VLOOKUP($A6,cuc!$A$2:$AA$2088,B$3,FALSE)) -> Venta De Productos Agropecuarios | C6: =VLOOKUP($A6,cuc!$A$2:$AA$2088,C$3,FALSE) -> 38115917349 | D6: =VLOOKUP($A6,cuc!$A$2:$AA$2088,D$3,FALSE) -> 43099067997 | E6: =VLOOKUP($A6,cuc!$A$2:$AA$2088,E$3,FALSE) -> 35444177877 | F6: =VLOOKUP($A6,cuc!$A$2:$AA$2088,F$3,FALSE) -> 34579107665 | G6: =VLOOKUP($A6,cuc!$A$2:$AA$2088,G$3,FALSE) -> 42334775814 | H6: =VLOOKUP($A6,cuc!$A$2:$AA$2088,H$3,FALSE) -> 2.2850469e+10
A7: =+cuc!A1351 -> 417500 | B7: =PROPER(VLOOKUP($A7,cuc!$A$2:$AA$2088,B$3,FALSE)) -> Devoluciones, Rebajas Y Descuentos En Ventas (Db) | C7: =-VLOOKUP($A7,cuc!$A$2:$AA$2088,C$3,FALSE) -> -2.3235047e+08 | D7: =-VLOOKUP($A7,cuc!$A$2:$AA$2088,D$3,FALSE) -> -1.6635565e+08 | E7: =-VLOOKUP($A7,cuc!$A$2:$AA$2088,E$3,FALSE) -> -1.7055984e+08 | F7: =-VLOOKUP($A7,cuc!$A$2:$AA$2088,F$3,FALSE) -> -1.4249411e+08 | G7: =-VLOOKUP($A7,cuc!$A$2:$AA$2088,G$3,FALSE) -> -2.558704e+08 | H7: =-VLOOKUP($A7,cuc!$A$2:$AA$2088,H$3,FALSE) -> -87512322
B8: Total actividad COMERCIAL Ventas NETO | C8: =+SUM(C5:C7) -> 5.1636271e+10 | D8: =+SUM(D5:D7) -> 5.5346508e+10 | E8: =+SUM(E5:E7) -> 4.8575441e+10 | F8: =+SUM(F5:F7) -> 4.9472924e+10 | G8: =+SUM(G5:G7) -> 6.084208e+10 | H8: =+SUM(H5:H7) -> 3.1617609e+10
A10: Cuenta | B10: Descripción | C10: =+C$4 -> 42735 | D10: =+D$4 -> 43100 | E10: =+E$4 -> 43465 | F10: =+F$4 -> 43830 | G10: =+G$4 -> 44196 | H10: =+H$4 -> 44377 | BD10: 140400 | BE10: 140500 | BF10: 141100 | BG10: 141200 | BH10: 144100 | BI10: 144200 | BJ10: 144800 | BK10: 145400 | BL10: 145500 | BM10: 146100 | BN10: 146200 | BO10: 146900
A11: =+cuc!A1957 -> 613520 | B11: =PROPER(VLOOKUP($A11,cuc!$A$2:$AA$2088,B$3,FALSE)) -> Venta De Productos En Almacenes No Especializados | C11: =VLOOKUP($A11,cuc!$A$2:$AA$2088,C$3,FALSE) -> 1.1948466e+10 | D11: =VLOOKUP($A11,cuc!$A$2:$AA$2088,D$3,FALSE) -> 1.0755755e+10 | E11: =VLOOKUP($A11,cuc!$A$2:$AA$2088,E$3,FALSE) -> 1.1541091e+10 | F11: =VLOOKUP($A11,cuc!$A$2:$AA$2088,F$3,FALSE) -> 1.3179051e+10 | G11: =VLOOKUP($A11,cuc!$A$2:$AA$2088,G$3,FALSE) -> 1.6306567e+10 | H11: =VLOOKUP($A11,cuc!$A$2:$AA$2088,H$3,FALSE) -> 7.7366374e+09
A12: =+cuc!A1958 -> 613522 | B12: =PROPER(VLOOKUP($A12,cuc!$A$2:$AA$2088,B$3,FALSE)) -> Venta De Productos Agropecuarios | C12: =VLOOKUP($A12,cuc!$A$2:$AA$2088,C$3,FALSE) -> 3.6311276e+10 | D12: =VLOOKUP($A12,cuc!$A$2:$AA$2088,D$3,FALSE) -> 4.1278904e+10 | E12: =VLOOKUP($A12,cuc!$A$2:$AA$2088,E$3,FALSE) -> 3.3869422e+10 | F12: =VLOOKUP($A12,cuc!$A$2:$AA$2088,F$3,FALSE) -> 3.2910147e+10 | G12: =VLOOKUP($A12,cuc!$A$2:$AA$2088,G$3,FALSE) -> 3.9905656e+10 | H12: =VLOOKUP($A12,cuc!$A$2:$AA$2088,H$3,FALSE) -> 2.210398e+10
A13: =+cuc!A1984 -> 613595 | B13: =PROPER(VLOOKUP($A13,cuc!$A$2:$AA$2088,B$3,FALSE)) -> Venta De Otros Productos | C13: =VLOOKUP($A13,cuc!$A$2:$AA$2088,C$3,FALSE) -> 0 | D13: =VLOOKUP($A13,cuc!$A$2:$AA$2088,D$3,FALSE) -> 0 | E13: =VLOOKUP($A13,cuc!$A$2:$AA$2088,E$3,FALSE) -> 0 | F13: =VLOOKUP($A13,cuc!$A$2:$AA$2088,F$3,FALSE) -> 0 | G13: =VLOOKUP($A13,cuc!$A$2:$AA$2088,G$3,FALSE) -> 0 | H13: =VLOOKUP($A13,cuc!$A$2:$AA$2088,H$3,FALSE) -> 0
B14: Costo VENTAS | C14: =SUM(C11:C13) -> 4.8259742e+10 | D14: =SUM(D11:D13) -> 5.2034659e+10 | E14: =SUM(E11:E13) -> 4.5410513e+10 | F14: =SUM(F11:F13) -> 4.6089198e+10 | G14: =SUM(G11:G13) -> 5.6212223e+10 | H14: =SUM(H11:H13) -> 2.9840617e+10
A16: Cuenta | B16: Descripcion | C16: =+C4 -> 42735 | D16: =+D4 -> 43100 | E16: =+E4 -> 43465 | F16: =+F4 -> 43830 | G16: =+G4 -> 44196 | H16: =+H4 -> 44377
A17: =+cuc!A232 -> 130520 | B17: =PROPER(VLOOKUP($A17,cuc!$A$2:$AA$2088,B$3,FALSE)) -> Mercancías | C17: =VLOOKUP($A17,cuc!$A$2:$AA$2088,C$3,FALSE) -> 2.824599e+09 | D17: =VLOOKUP($A17,cuc!$A$2:$AA$2088,D$3,FALSE) -> 2.2053116e+09 | E17: =VLOOKUP($A17,cuc!$A$2:$AA$2088,E$3,FALSE) -> 2.0123143e+09 | F17: =VLOOKUP($A17,cuc!$A$2:$AA$2088,F$3,FALSE) -> 2.2372833e+09 | G17: =VLOOKUP($A17,cuc!$A$2:$AA$2088,G$3,FALSE) -> 2.7620128e+09 | H17: =VLOOKUP($A17,cuc!$A$2:$AA$2088,H$3,FALSE) -> 2.41316e+09
B18: Cafe | C18: =+C17*95% -> 2.6833691e+09 | D18: =+D17*95% -> 2.095046e+09 | E18: =+E17*95% -> 1.9116986e+09 | F18: =+F17*95% -> 2.1254191e+09 | G18: =+G17*95% -> 2.6239122e+09 | H18: =+H17*95% -> 2.292502e+09 | I18: Cambiar
B19: Almacen | C19: =+C17-C18 -> 1.4122995e+08 | D19: =+D17-D18 -> 1.1026558e+08 | E19: =+E17-E18 -> 1.0061571e+08 | F19: =+F17-F18 -> 1.1186416e+08 | G19: =+G17-G18 -> 1.3810064e+08 | H19: =+H17-H18 -> 1.20658e+08 | I19: Cambiar
A20: =+cuc!A586 -> 160500 | B20: =PROPER(VLOOKUP($A20,cuc!$A$2:$AA$2088,B$3,FALSE)) -> Deudores Por Venta De Bienes | C20: =VLOOKUP($A20,cuc!$A$2:$AA$2088,C$3,FALSE) -> 1.3002349e+09 | D20: =VLOOKUP($A20,cuc!$A$2:$AA$2088,D$3,FALSE) -> 9.1388557e+08 | E20: =VLOOKUP($A20,cuc!$A$2:$AA$2088,E$3,FALSE) -> 7.2675717e+08 | F20: =VLOOKUP($A20,cuc!$A$2:$AA$2088,F$3,FALSE) -> 1.1912099e+09 | G20: =VLOOKUP($A20,cuc!$A$2:$AA$2088,G$3,FALSE) -> 1.0705648e+09 | H20: =VLOOKUP($A20,cuc!$A$2:$AA$2088,H$3,FALSE) -> 7.1804879e+08 | I20: Revisar sin café
B22: Descripcion | C22: =+C4 -> 42735 | D22: =+D4 -> 43100 | E22: =+E4 -> 43465 | F22: =+F4 -> 43830 | G22: =+G4 -> 44196 | H22: =+H4 -> 44377
B23: Rotación INVENTARIOS | C23: =+C17/C14*(360) -> 21.070474 | D23: =+D17/D14*(360) -> 15.257373 | E23: =+E17/E14*(360) -> 15.952983 | F23: =+F17/F14*(360) -> 17.475287 | G23: =+G17/G14*(360) -> 17.688762 | H23: =+H17/H14*('Indicadores EVOLUCION'!K1*30) -> 14.556294
B24: Rotación CAFÉ | C24: =+C18/C12*360 -> 26.60366 | D24: =+D18/D12*360 -> 18.271235 | E24: =+E18/E12*360 -> 20.319552 | F24: =+F18/F12*360 -> 23.249695 | G24: =+G18/G12*360 -> 23.671041 | H24: =+H18/H12*('Indicadores EVOLUCION'!K1*30) -> 18.6686
B25: Rotación ALMACEN | C25: =+C19/(C11+C13)*360 -> 4.2551724 | D25: =+D19/(D11+D13)*360 -> 3.6906389 | E25: =+E19/(E11+E13)*360 -> 3.1384951 | F25: =+F19/(F11+F13)*360 -> 3.0556903 | G25: =+G19/(G11+G13)*360 -> 3.0488472 | H25: =+H19/(H11+H13)*('Indicadores EVOLUCION'!K1*30) -> 2.8072196
B26: Rotación DEUDORES Venta Bienes | C26: =+C20/(C5+C7)*360 -> 34.620735 | D26: =+D20/(D5+D7)*360 -> 26.862659 | E26: =+E20/(E5+E7)*360 -> 19.924403 | F26: =+F20/(F5+F7)*360 -> 28.792858 | G26: =+G20/(G5+G7)*360 -> 20.82439 | H26: =+H20/(H5+H7)*('Indicadores EVOLUCION'!K1*30) -> 14.742412

Sheet 38. SARO - Margen Bruto
A1: Indicador | B1: Descripción Formula | C1: TIPO | D1: NOMBRE INDICADOR | E1: Descripcion Indicador
A2: PROPIO | B2: Ventas - Costo Ventas / Ventas | C2: SARO | D2: Margen BRUTO | E2: Por cada $100 pesos de ventas cuanto queda disponible luego de cubrir los costos
B3: 2 | C3: 3 | D3: 4 | E3: 5 | F3: 6 | G3: 7 | H3: 8
A4: Cuenta | B4: Descripcion | C4: =+cuc!C1 -> 42735 | D4: =+cuc!D1 -> 43100 | E4: =+cuc!E1 -> 43465 | F4: =+cuc!F1 -> 43830 | G4: =+cuc!G1 -> 44196 | H4: =+cuc!H1 -> 44377 | BD4: 140400 | BE4: 140500 | BF4: 141100 | BG4: 141200 | BH4: 144100 | BI4: 144200 | BJ4: 144800 | BK4: 145400 | BL4: 145500 | BM4: 146100 | BN4: 146200 | BO4: 146900
A5: =+cuc!A1275 -> 413520 | B5: =PROPER(VLOOKUP($A5,cuc!$A$2:$AA$2088,B$3,FALSE)) -> Venta De Productos En Almacenes No Especializados | C5: =VLOOKUP($A5,cuc!$A$2:$AA$2088,C$3,FALSE) -> 1.3752704e+10 | D5: =VLOOKUP($A5,cuc!$A$2:$AA$2088,D$3,FALSE) -> 1.2413796e+10 | E5: =VLOOKUP($A5,cuc!$A$2:$AA$2088,E$3,FALSE) -> 1.3301823e+10 | F5: =VLOOKUP($A5,cuc!$A$2:$AA$2088,F$3,FALSE) -> 1.503631e+10 | G5: =VLOOKUP($A5,cuc!$A$2:$AA$2088,G$3,FALSE) -> 1.8763175e+10 | H5: =VLOOKUP($A5,cuc!$A$2:$AA$2088,H$3,FALSE) -> 8.8546521e+09
A6: =+cuc!A1276 -> 413522 | B6: =PROPER(VLOOKUP($A6,cuc!$A$2:$AA$2088,B$3,FALSE)) -> Venta De Productos Agropecuarios | C6: =VLOOKUP($A6,cuc!$A$2:$AA$2088,C$3,FALSE) -> 38115917349 | D6: =VLOOKUP($A6,cuc!$A$2:$AA$2088,D$3,FALSE) -> 43099067997 | E6: =VLOOKUP($A6,cuc!$A$2:$AA$2088,E$3,FALSE) -> 35444177877 | F6: =VLOOKUP($A6,cuc!$A$2:$AA$2088,F$3,FALSE) -> 34579107665 | G6: =VLOOKUP($A6,cuc!$A$2:$AA$2088,G$3,FALSE) -> 42334775814 | H6: =VLOOKUP($A6,cuc!$A$2:$AA$2088,H$3,FALSE) -> 2.2850469e+10
A7: =+cuc!A1351 -> 417500 | B7: =PROPER(VLOOKUP($A7,cuc!$A$2:$AA$2088,B$3,FALSE)) -> Devoluciones, Rebajas Y Descuentos En Ventas (Db) | C7: =-VLOOKUP($A7,cuc!$A$2:$AA$2088,C$3,FALSE) -> -2.3235047e+08 | D7: =-VLOOKUP($A7,cuc!$A$2:$AA$2088,D$3,FALSE) -> -1.6635565e+08 | E7: =-VLOOKUP($A7,cuc!$A$2:$AA$2088,E$3,FALSE) -> -1.7055984e+08 | F7: =-VLOOKUP($A7,cuc!$A$2:$AA$2088,F$3,FALSE) -> -1.4249411e+08 | G7: =-VLOOKUP($A7,cuc!$A$2:$AA$2088,G$3,FALSE) -> -2.558704e+08 | H7: =-VLOOKUP($A7,cuc!$A$2:$AA$2088,H$3,FALSE) -> -87512322
B8: Total actividad COMERCIAL Ventas NETO | C8: =+SUM(C5:C7) -> 5.1636271e+10 | D8: =+SUM(D5:D7) -> 5.5346508e+10 | E8: =+SUM(E5:E7) -> 4.8575441e+10 | F8: =+SUM(F5:F7) -> 4.9472924e+10 | G8: =+SUM(G5:G7) -> 6.084208e+10 | H8: =+SUM(H5:H7) -> 3.1617609e+10
A10: Cuenta | B10: Descripción | C10: =+C$4 -> 42735 | D10: =+D$4 -> 43100 | E10: =+E$4 -> 43465 | F10: =+F$4 -> 43830 | G10: =+G$4 -> 44196 | H10: =+H$4 -> 44377 | BD10: 140400 | BE10: 140500 | BF10: 141100 | BG10: 141200 | BH10: 144100 | BI10: 144200 | BJ10: 144800 | BK10: 145400 | BL10: 145500 | BM10: 146100 | BN10: 146200 | BO10: 146900
A11: =+cuc!A1957 -> 613520 | B11: =PROPER(VLOOKUP($A11,cuc!$A$2:$AA$2088,B$3,FALSE)) -> Venta De Productos En Almacenes No Especializados | C11: =VLOOKUP($A11,cuc!$A$2:$AA$2088,C$3,FALSE) -> 1.1948466e+10 | D11: =VLOOKUP($A11,cuc!$A$2:$AA$2088,D$3,FALSE) -> 1.0755755e+10 | E11: =VLOOKUP($A11,cuc!$A$2:$AA$2088,E$3,FALSE) -> 1.1541091e+10 | F11: =VLOOKUP($A11,cuc!$A$2:$AA$2088,F$3,FALSE) -> 1.3179051e+10 | G11: =VLOOKUP($A11,cuc!$A$2:$AA$2088,G$3,FALSE) -> 1.6306567e+10 | H11: =VLOOKUP($A11,cuc!$A$2:$AA$2088,H$3,FALSE) -> 7.7366374e+09
A12: =+cuc!A1958 -> 613522 | B12: =PROPER(VLOOKUP($A12,cuc!$A$2:$AA$2088,B$3,FALSE)) -> Venta De Productos Agropecuarios | C12: =VLOOKUP($A12,cuc!$A$2:$AA$2088,C$3,FALSE) -> 3.6311276e+10 | D12: =VLOOKUP($A12,cuc!$A$2:$AA$2088,D$3,FALSE) -> 4.1278904e+10 | E12: =VLOOKUP($A12,cuc!$A$2:$AA$2088,E$3,FALSE) -> 3.3869422e+10 | F12: =VLOOKUP($A12,cuc!$A$2:$AA$2088,F$3,FALSE) -> 3.2910147e+10 | G12: =VLOOKUP($A12,cuc!$A$2:$AA$2088,G$3,FALSE) -> 3.9905656e+10 | H12: =VLOOKUP($A12,cuc!$A$2:$AA$2088,H$3,FALSE) -> 2.210398e+10
A13: =+cuc!A1984 -> 613595 | B13: =PROPER(VLOOKUP($A13,cuc!$A$2:$AA$2088,B$3,FALSE)) -> Venta De Otros Productos | C13: =VLOOKUP($A13,cuc!$A$2:$AA$2088,C$3,FALSE) -> 0 | D13: =VLOOKUP($A13,cuc!$A$2:$AA$2088,D$3,FALSE) -> 0 | E13: =VLOOKUP($A13,cuc!$A$2:$AA$2088,E$3,FALSE) -> 0 | F13: =VLOOKUP($A13,cuc!$A$2:$AA$2088,F$3,FALSE) -> 0 | G13: =VLOOKUP($A13,cuc!$A$2:$AA$2088,G$3,FALSE) -> 0 | H13: =VLOOKUP($A13,cuc!$A$2:$AA$2088,H$3,FALSE) -> 0
B14: Costo VENTAS | C14: =SUM(C11:C13) -> 4.8259742e+10 | D14: =SUM(D11:D13) -> 5.2034659e+10 | E14: =SUM(E11:E13) -> 4.5410513e+10 | F14: =SUM(F11:F13) -> 4.6089198e+10 | G14: =SUM(G11:G13) -> 5.6212223e+10 | H14: =SUM(H11:H13) -> 2.9840617e+10
B16: Descripcion | C16: =+C4 -> 42735 | D16: =+D4 -> 43100 | E16: =+E4 -> 43465 | F16: =+F4 -> 43830 | G16: =+G4 -> 44196 | H16: =+H4 -> 44377
B17: Margen Bruto General | C17: =+(C8-C14)/C8 -> 0.065390636 | D17: =+(D8-D14)/D8 -> 0.059838444 | E17: =+(E8-E14)/E8 -> 0.065154918 | F17: =+(F8-F14)/F8 -> 0.068395514 | G17: =+(G8-G14)/G8 -> 0.076096307 | H17: =+(H8-H14)/H8 -> 0.056202605
B18: Margen Bruto CAFÉ | C18: =+(C6-C12)/C6 -> 0.047346123 | D18: =+(D6-D12)/D6 -> 0.042232105 | E18: =+(E6-E12)/E6 -> 0.044429186 | F18: =+(F6-F12)/F6 -> 0.048265015 | G18: =+(G6-G12)/G6 -> 0.057378837 | H18: =+(H6-H12)/H6 -> 0.032668458
B19: Margen BRUTO Almacen | C19: =+(C5+C7-C11-C13)/(C5+C7) -> 0.11626084 | D19: =+(D5+D7-D11-D13)/(D5+D7) -> 0.12179562 | E19: =+(E5+E7-E11-E13)/(E5+E7) -> 0.12109824 | F19: =+(F5+F7-F11-F13)/(F5+F7) -> 0.11513267 | G19: =+(G5+G7-G11-G13)/(G5+G7) -> 0.11891183 | H19: =+(H5+H7-H11-H13)/(H5+H7) -> 0.11754146

Sheet 1. SARC - Calidad Cartera
A1: Indicador | B1: Descripción Formula | C1: TIPO | D1: NOMBRE INDICADOR | E1: Descripcion Indicador
A2: RIESGO | B2: Cartera Total Calificada en Categorías B, C, D y E / Cartera Bruta | C2: Riesgo Credito | D2: Indicador de calidad por riesgo | E2: Calidad x Riesgo (B,C,D,E)
B3: 2 | C3: 3 | D3: 4 | E3: 5 | F3: 6 | G3: 7 | H3: 8
A4: Cuenta | B4: Descripcion | C4: =+cuc!C1 -> 42735 | D4: =+cuc!D1 -> 43100 | E4: =+cuc!E1 -> 43465 | F4: =+cuc!F1 -> 43830 | G4: =+cuc!G1 -> 44196 | H4: =+cuc!H1 -> 44377 | BD4: 140400 | BE4: 140500 | BF4: 141100 | BG4: 141200 | BH4: 144100 | BI4: 144200 | BJ4: 144800 | BK4: 145400 | BL4: 145500 | BM4: 146100 | BN4: 146200 | BO4: 146900
A5: 140410 | B5: =PROPER(VLOOKUP($A5,cuc!$A$2:$AA$2088,B$3,FALSE)) -> Categoría B Riesgo Aceptable | C5: =VLOOKUP($A5,cuc!$A$2:$AA$2088,C$3,FALSE) -> 0 | D5: =VLOOKUP($A5,cuc!$A$2:$AA$2088,D$3,FALSE) -> 0 | E5: =VLOOKUP($A5,cuc!$A$2:$AA$2088,E$3,FALSE) -> 0 | F5: =VLOOKUP($A5,cuc!$A$2:$AA$2088,F$3,FALSE) -> 0 | G5: =VLOOKUP($A5,cuc!$A$2:$AA$2088,G$3,FALSE) -> 0 | H5: =VLOOKUP($A5,cuc!$A$2:$AA$2088,H$3,FALSE) -> 0
A6: 140415 | B6: =PROPER(VLOOKUP($A6,cuc!$A$2:$AA$2088,B$3,FALSE)) -> Categoría C Riesgo Apreciable | C6: =VLOOKUP($A6,cuc!$A$2:$AA$2088,C$3,FALSE) -> 0 | D6: =VLOOKUP($A6,cuc!$A$2:$AA$2088,D$3,FALSE) -> 0 | E6: =VLOOKUP($A6,cuc!$A$2:$AA$2088,E$3,FALSE) -> 0 | F6: =VLOOKUP($A6,cuc!$A$2:$AA$2088,F$3,FALSE) -> 0 | G6: =VLOOKUP($A6,cuc!$A$2:$AA$2088,G$3,FALSE) -> 0 | H6: =VLOOKUP($A6,cuc!$A$2:$AA$2088,H$3,FALSE) -> 0
A7: 140420 | B7: =PROPER(VLOOKUP($A7,cuc!$A$2:$AA$2088,B$3,FALSE)) -> Categoría D Riesgo Significativo | C7: =VLOOKUP($A7,cuc!$A$2:$AA$2088,C$3,FALSE) -> 0 | D7: =VLOOKUP($A7,cuc!$A$2:$AA$2088,D$3,FALSE) -> 0 | E7: =VLOOKUP($A7,cuc!$A$2:$AA$2088,E$3,FALSE) -> 0 | F7: =VLOOKUP($A7,cuc!$A$2:$AA$2088,F$3,FALSE) -> 0 | G7: =VLOOKUP($A7,cuc!$A$2:$AA$2088,G$3,FALSE) -> 0 | H7: =VLOOKUP($A7,cuc!$A$2:$AA$2088,H$3,FALSE) -> 0
A8: 140425 | B8: =PROPER(VLOOKUP($A8,cuc!$A$2:$AA$2088,B$3,FALSE)) -> Categoría E Riesgo De Incobrabilidad | C8: =VLOOKUP($A8,cuc!$A$2:$AA$2088,C$3,FALSE) -> 0 | D8: =VLOOKUP($A8,cuc!$A$2:$AA$2088,D$3,FALSE) -> 0 | E8: =VLOOKUP($A8,cuc!$A$2:$AA$2088,E$3,FALSE) -> 0 | F8: =VLOOKUP($A8,cuc!$A$2:$AA$2088,F$3,FALSE) -> 0 | G8: =VLOOKUP($A8,cuc!$A$2:$AA$2088,G$3,FALSE) -> 0 | H8: =VLOOKUP($A8,cuc!$A$2:$AA$2088,H$3,FALSE) -> 0
A9: 140510 | B9: =PROPER(VLOOKUP($A9,cuc!$A$2:$AA$2088,B$3,FALSE)) -> Categoría B Riesgo Aceptable | C9: =VLOOKUP($A9,cuc!$A$2:$AA$2088,C$3,FALSE) -> 0 | D9: =VLOOKUP($A9,cuc!$A$2:$AA$2088,D$3,FALSE) -> 0 | E9: =VLOOKUP($A9,cuc!$A$2:$AA$2088,E$3,FALSE) -> 0 | F9: =VLOOKUP($A9,cuc!$A$2:$AA$2088,F$3,FALSE) -> 0 | G9: =VLOOKUP($A9,cuc!$A$2:$AA$2088,G$3,FALSE) -> 0 | H9: =VLOOKUP($A9,cuc!$A$2:$AA$2088,H$3,FALSE) -> 0
A10: 140515 | B10: =PROPER(VLOOKUP($A10,cuc!$A$2:$AA$2088,B$3,FALSE)) -> Categoría C Riesgo Apreciable | C10: =VLOOKUP($A10,cuc!$A$2:$AA$2088,C$3,FALSE) -> 0 | D10: =VLOOKUP($A10,cuc!$A$2:$AA$2088,D$3,FALSE) -> 0 | E10: =VLOOKUP($A10,cuc!$A$2:$AA$2088,E$3,FALSE) -> 0 | F10: =VLOOKUP($A10,cuc!$A$2:$AA$2088,F$3,FALSE) -> 0 | G10: =VLOOKUP($A10,cuc!$A$2:$AA$2088,G$3,FALSE) -> 0 | H10: =VLOOKUP($A10,cuc!$A$2:$AA$2088,H$3,FALSE) -> 0
A11: 140520 | B11: =PROPER(VLOOKUP($A11,cuc!$A$2:$AA$2088,B$3,FALSE)) -> Categoría D Riesgo Significativo | C11: =VLOOKUP($A11,cuc!$A$2:$AA$2088,C$3,FALSE) -> 0 | D11: =VLOOKUP($A11,cuc!$A$2:$AA$2088,D$3,FALSE) -> 0 | E11: =VLOOKUP($A11,cuc!$A$2:$AA$2088,E$3,FALSE) -> 0 | F11: =VLOOKUP($A11,cuc!$A$2:$AA$2088,F$3,FALSE) -> 0 | G11: =VLOOKUP($A11,cuc!$A$2:$AA$2088,G$3,FALSE) -> 0 | H11: =VLOOKUP($A11,cuc!$A$2:$AA$2088,H$3,FALSE) -> 0
A12: 140525 | B12: =PROPER(VLOOKUP($A12,cuc!$A$2:$AA$2088,B$3,FALSE)) -> Categoría E Riesgo De Incobrabilidad | C12: =VLOOKUP($A12,cuc!$A$2:$AA$2088,C$3,FALSE) -> 0 | D12: =VLOOKUP($A12,cuc!$A$2:$AA$2088,D$3,FALSE) -> 0 | E12: =VLOOKUP($A12,cuc!$A$2:$AA$2088,E$3,FALSE) -> 0 | F12: =VLOOKUP($A12,cuc!$A$2:$AA$2088,F$3,FALSE) -> 0 | G12: =VLOOKUP($A12,cuc!$A$2:$AA$2088,G$3,FALSE) -> 0 | H12: =VLOOKUP($A12,cuc!$A$2:$AA$2088,H$3,FALSE) -> 0
A13: 141110 | B13: =PROPER(VLOOKUP($A13,cuc!$A$2:$AA$2088,B$3,FALSE)) -> Categoría B Riesgo Aceptable | C13: =VLOOKUP($A13,cuc!$A$2:$AA$2088,C$3,FALSE) -> 0 | D13: =VLOOKUP($A13,cuc!$A$2:$AA$2088,D$3,FALSE) -> 0 | E13: =VLOOKUP($A13,cuc!$A$2:$AA$2088,E$3,FALSE) -> 0 | F13: =VLOOKUP($A13,cuc!$A$2:$AA$2088,F$3,FALSE) -> 0 | G13: =VLOOKUP($A13,cuc!$A$2:$AA$2088,G$3,FALSE) -> 0 | H13: =VLOOKUP($A13,cuc!$A$2:$AA$2088,H$3,FALSE) -> 0
A14: 141115 | B14: =PROPER(VLOOKUP($A14,cuc!$A$2:$AA$2088,B$3,FALSE)) -> Categoría C Riesgo Apreciable | C14: =VLOOKUP($A14,cuc!$A$2:$AA$2088,C$3,FALSE) -> 0 | D14: =VLOOKUP($A14,cuc!$A$2:$AA$2088,D$3,FALSE) -> 0 | E14: =VLOOKUP($A14,cuc!$A$2:$AA$2088,E$3,FALSE) -> 0 | F14: =VLOOKUP($A14,cuc!$A$2:$AA$2088,F$3,FALSE) -> 0 | G14: =VLOOKUP($A14,cuc!$A$2:$AA$2088,G$3,FALSE) -> 0 | H14: =VLOOKUP($A14,cuc!$A$2:$AA$2088,H$3,FALSE) -> 0
A15: 141120 | B15: =PROPER(VLOOKUP($A15,cuc!$A$2:$AA$2088,B$3,FALSE)) -> Categoría D Riesgo Significativo | C15: =VLOOKUP($A15,cuc!$A$2:$AA$2088,C$3,FALSE) -> 0 | D15: =VLOOKUP($A15,cuc!$A$2:$AA$2088,D$3,FALSE) -> 0 | E15: =VLOOKUP($A15,cuc!$A$2:$AA$2088,E$3,FALSE) -> 0 | F15: =VLOOKUP($A15,cuc!$A$2:$AA$2088,F$3,FALSE) -> 0 | G15: =VLOOKUP($A15,cuc!$A$2:$AA$2088,G$3,FALSE) -> 0 | H15: =VLOOKUP($A15,cuc!$A$2:$AA$2088,H$3,FALSE) -> 0
A16: 141125 | B16: =PROPER(VLOOKUP($A16,cuc!$A$2:$AA$2088,B$3,FALSE)) -> Categoría E Riesgo De Incobrabilidad | C16: =VLOOKUP($A16,cuc!$A$2:$AA$2088,C$3,FALSE) -> 0 | D16: =VLOOKUP($A16,cuc!$A$2:$AA$2088,D$3,FALSE) -> 0 | E16: =VLOOKUP($A16,cuc!$A$2:$AA$2088,E$3,FALSE) -> 0 | F16: =VLOOKUP($A16,cuc!$A$2:$AA$2088,F$3,FALSE) -> 0 | G16: =VLOOKUP($A16,cuc!$A$2:$AA$2088,G$3,FALSE) -> 0 | H16: =VLOOKUP($A16,cuc!$A$2:$AA$2088,H$3,FALSE) -> 0
... A56: 146950 | B56: =PROPER(VLOOKUP($A56,cuc!$A$2:$AA$2088,B$3,FALSE)) -> Categoría E Riesgo De Incobrabilidad, Consumo | C56: =VLOOKUP($A56,cuc!$A$2:$AA$2088,C$3,FALSE) -> 0 | D56: =VLOOKUP($A56,cuc!$A$2:$AA$2088,D$3,FALSE) -> 0 | E56: =VLOOKUP($A56,cuc!$A$2:$AA$2088,E$3,FALSE) -> 0 | F56: =VLOOKUP($A56,cuc!$A$2:$AA$2088,F$3,FALSE) -> 0 | G56: =VLOOKUP($A56,cuc!$A$2:$AA$2088,G$3,FALSE) -> 0 | H56: =VLOOKUP($A56,cuc!$A$2:$AA$2088,H$3,FALSE) -> 0
A57: Mora | C57: =+SUM(C5:C56) -> 61795102 | D57: =+SUM(D5:D56) -> 62956732 | E57: =+SUM(E5:E56) -> 44667594 | F57: =+SUM(F5:F56) -> 30249635 | G57: =+SUM(G5:G56) -> 26431173 | H57: =+SUM(H5:H56) -> 29533182
A59: Cuenta | B59: Descripción | C59: =+C$4 -> 42735 | D59: =+D$4 -> 43100 | E59: =+E$4 -> 43465 | F59: =+F$4 -> 43830 | G59: =+G$4 -> 44196 | H59: =+H$4 -> 44377 | BD59: 140400 | BE59: 140500 | BF59: 141100 | BG59: 141200 | BH59: 144100 | BI59: 144200 | BJ59: 144800 | BK59: 145400 | BL59: 145500 | BM59: 146100 | BN59: 146200 | BO59: 146900
A60: 140400 | B60: =PROPER(VLOOKUP($A60,cuc!$A$2:$AA$2088,B$3,FALSE)) -> Créditos De Vivienda - Con Libranza | C60: =VLOOKUP($A60,cuc!$A$2:$AA$2088,C$3,FALSE) -> 0 | D60: =VLOOKUP($A60,cuc!$A$2:$AA$2088,D$3,FALSE) -> 0 | E60: =VLOOKUP($A60,cuc!$A$2:$AA$2088,E$3,FALSE) -> 0 | F60: =VLOOKUP($A60,cuc!$A$2:$AA$2088,F$3,FALSE) -> 0 | G60: =VLOOKUP($A60,cuc!$A$2:$AA$2088,G$3,FALSE) -> 0 | H60: =VLOOKUP($A60,cuc!$A$2:$AA$2088,H$3,FALSE) -> 0
A61: 140500 | B61: =PROPER(VLOOKUP($A61,cuc!$A$2:$AA$2088,B$3,FALSE)) -> Créditos De Vivienda - Sin Libranza | C61: =VLOOKUP($A61,cuc!$A$2:$AA$2088,C$3,FALSE) -> 0 | D61: =VLOOKUP($A61,cuc!$A$2:$AA$2088,D$3,FALSE) -> 0 | E61: =VLOOKUP($A61,cuc!$A$2:$AA$2088,E$3,FALSE) -> 0 | F61: =VLOOKUP($A61,cuc!$A$2:$AA$2088,F$3,FALSE) -> 0 | G61: =VLOOKUP($A61,cuc!$A$2:$AA$2088,G$3,FALSE) -> 0 | H61: =VLOOKUP($A61,cuc!$A$2:$AA$2088,H$3,FALSE) -> 0
A62: 141100 | B62: =PROPER(VLOOKUP($A62,cuc!$A$2:$AA$2088,B$3,FALSE)) -> Créditos De Consumo, Garantía Admisible - Con Libranza | C62: =VLOOKUP($A62,cuc!$A$2:$AA$2088,C$3,FALSE) -> 0 | D62: =VLOOKUP($A62,cuc!$A$2:$AA$2088,D$3,FALSE) -> 0 | E62: =VLOOKUP($A62,cuc!$A$2:$AA$2088,E$3,FALSE) -> 0 | F62: =VLOOKUP($A62,cuc!$A$2:$AA$2088,F$3,FALSE) -> 0 | G62: =VLOOKUP($A62,cuc!$A$2:$AA$2088,G$3,FALSE) -> 0 | H62: =VLOOKUP($A62,cuc!$A$2:$AA$2088,H$3,FALSE) -> 0
A63: 141200 | B63: =PROPER(VLOOKUP($A63,cuc!$A$2:$AA$2088,B$3,FALSE)) -> Créditos De Consumo, Garantía Admisible - Sin Libranza | C63: =VLOOKUP($A63,cuc!$A$2:$AA$2088,C$3,FALSE) -> 0 | D63: =VLOOKUP($A63,cuc!$A$2:$AA$2088,D$3,FALSE) -> 0 | E63: =VLOOKUP($A63,cuc!$A$2:$AA$2088,E$3,FALSE) -> 0 | F63: =VLOOKUP($A63,cuc!$A$2:$AA$2088,F$3,FALSE) -> 0 | G63: =VLOOKUP($A63,cuc!$A$2:$AA$2088,G$3,FALSE) -> 0 | H63: =VLOOKUP($A63,cuc!$A$2:$AA$2088,H$3,FALSE) -> 0
A64: 144100 | B64: =PROPER(VLOOKUP($A64,cuc!$A$2:$AA$2088,B$3,FALSE)) -> Créditos De Consumo, Otras Garantías - Con Libranza | C64: =VLOOKUP($A64,cuc!$A$2:$AA$2088,C$3,FALSE) -> 0 | D64: =VLOOKUP($A64,cuc!$A$2:$AA$2088,D$3,FALSE) -> 0 | E64: =VLOOKUP($A64,cuc!$A$2:$AA$2088,E$3,FALSE) -> 0 | F64: =VLOOKUP($A64,cuc!$A$2:$AA$2088,F$3,FALSE) -> 0 | G64: =VLOOKUP($A64,cuc!$A$2:$AA$2088,G$3,FALSE) -> 0 | H64: =VLOOKUP($A64,cuc!$A$2:$AA$2088,H$3,FALSE) -> 0
A65: 144200 | B65: =PROPER(VLOOKUP($A65,cuc!$A$2:$AA$2088,B$3,FALSE)) -> Créditos De Consumo, Otras Garantías - Sin Libranza | C65: =VLOOKUP($A65,cuc!$A$2:$AA$2088,C$3,FALSE) -> 1.1083842e+09 | D65: =VLOOKUP($A65,cuc!$A$2:$AA$2088,D$3,FALSE) -> 1.2217189e+09 | E65: =VLOOKUP($A65,cuc!$A$2:$AA$2088,E$3,FALSE) -> 1.4007458e+09 | F65: =VLOOKUP($A65,cuc!$A$2:$AA$2088,F$3,FALSE) -> 1.3200422e+09 | G65: =VLOOKUP($A65,cuc!$A$2:$AA$2088,G$3,FALSE) -> 1.0816744e+09 | H65: =VLOOKUP($A65,cuc!$A$2:$AA$2088,H$3,FALSE) -> 9.4921911e+08
A66: 144800 | B66: =PROPER(VLOOKUP($A66,cuc!$A$2:$AA$2088,B$3,FALSE)) -> Microcrédito Inmobiliario | C66: =VLOOKUP($A66,cuc!$A$2:$AA$2088,C$3,FALSE) -> 0 | D66: =VLOOKUP($A66,cuc!$A$2:$AA$2088,D$3,FALSE) -> 0 | E66: =VLOOKUP($A66,cuc!$A$2:$AA$2088,E$3,FALSE) -> 0 | F66: =VLOOKUP($A66,cuc!$A$2:$AA$2088,F$3,FALSE) -> 0 | G66: =VLOOKUP($A66,cuc!$A$2:$AA$2088,G$3,FALSE) -> 0 | H66: =VLOOKUP($A66,cuc!$A$2:$AA$2088,H$3,FALSE) -> 0
A67: 145400 | B67: =PROPER(VLOOKUP($A67,cuc!$A$2:$AA$2088,B$3,FALSE)) -> Microcrédito Empresarial - Garantía Admisible | C67: =VLOOKUP($A67,cuc!$A$2:$AA$2088,C$3,FALSE) -> 0 | D67: =VLOOKUP($A67,cuc!$A$2:$AA$2088,D$3,FALSE) -> 0 | E67: =VLOOKUP($A67,cuc!$A$2:$AA$2088,E$3,FALSE) -> 0 | F67: =VLOOKUP($A67,cuc!$A$2:$AA$2088,F$3,FALSE) -> 0 | G67: =VLOOKUP($A67,cuc!$A$2:$AA$2088,G$3,FALSE) -> 0 | H67: =VLOOKUP($A67,cuc!$A$2:$AA$2088,H$3,FALSE) -> 0
A68: 145500 | B68: =PROPER(VLOOKUP($A68,cuc!$A$2:$AA$2088,B$3,FALSE)) -> Microcrédito Empresarial - Otras Garantías | C68: =VLOOKUP($A68,cuc!$A$2:$AA$2088,C$3,FALSE) -> 0 | D68: =VLOOKUP($A68,cuc!$A$2:$AA$2088,D$3,FALSE) -> 0 | E68: =VLOOKUP($A68,cuc!$A$2:$AA$2088,E$3,FALSE) -> 0 | F68: =VLOOKUP($A68,cuc!$A$2:$AA$2088,F$3,FALSE) -> 0 | G68: =VLOOKUP($A68,cuc!$A$2:$AA$2088,G$3,FALSE) -> 0 | H68: =VLOOKUP($A68,cuc!$A$2:$AA$2088,H$3,FALSE) -> 0
A69: 146100 | B69: =PROPER(VLOOKUP($A69,cuc!$A$2:$AA$2088,B$3,FALSE)) -> Créditos Comerciales - Garantía Admisible | C69: =VLOOKUP($A69,cuc!$A$2:$AA$2088,C$3,FALSE) -> 0 | D69: =VLOOKUP($A69,cuc!$A$2:$AA$2088,D$3,FALSE) -> 0 | E69: =VLOOKUP($A69,cuc!$A$2:$AA$2088,E$3,FALSE) -> 0 | F69: =VLOOKUP($A69,cuc!$A$2:$AA$2088,F$3,FALSE) -> 0 | G69: =VLOOKUP($A69,cuc!$A$2:$AA$2088,G$3,FALSE) -> 0 | H69: =VLOOKUP($A69,cuc!$A$2:$AA$2088,H$3,FALSE) -> 0
A70: 146200 | B70: =PROPER(VLOOKUP($A70,cuc!$A$2:$AA$2088,B$3,FALSE)) -> Créditos Comerciales - Otras Garantías | C70: =VLOOKUP($A70,cuc!$A$2:$AA$2088,C$3,FALSE) -> 0 | D70: =VLOOKUP($A70,cuc!$A$2:$AA$2088,D$3,FALSE) -> 0 | E70: =VLOOKUP($A70,cuc!$A$2:$AA$2088,E$3,FALSE) -> 0 | F70: =VLOOKUP($A70,cuc!$A$2:$AA$2088,F$3,FALSE) -> 0 | G70: =VLOOKUP($A70,cuc!$A$2:$AA$2088,G$3,FALSE) -> 0 | H70: =VLOOKUP($A70,cuc!$A$2:$AA$2088,H$3,FALSE) -> 0
A71: 146900 | B71: =PROPER(VLOOKUP($A71,cuc!$A$2:$AA$2088,B$3,FALSE)) -> CréDitos A Empleados | C71: =VLOOKUP($A71,cuc!$A$2:$AA$2088,C$3,FALSE) -> 0 | D71: =VLOOKUP($A71,cuc!$A$2:$AA$2088,D$3,FALSE) -> 0 | E71: =VLOOKUP($A71,cuc!$A$2:$AA$2088,E$3,FALSE) -> 0 | F71: =VLOOKUP($A71,cuc!$A$2:$AA$2088,F$3,FALSE) -> 0 | G71: =VLOOKUP($A71,cuc!$A$2:$AA$2088,G$3,FALSE) -> 0 | H71: =VLOOKUP($A71,cuc!$A$2:$AA$2088,H$3,FALSE) -> 0
A72: Bruta | B72: Total | C72: =SUM(C60:C71) -> 1.1083842e+09 | D72: =SUM(D60:D71) -> 1.2217189e+09 | E72: =SUM(E60:E71) -> 1.4007458e+09 | F72: =SUM(F60:F71) -> 1.3200422e+09 | G72: =SUM(G60:G71) -> 1.0816744e+09 | H72: =SUM(H60:H71) -> 9.4921911e+08
B74: Descripcion | C74: =+C4 -> 42735 | D74: =+D4 -> 43100 | E74: =+E4 -> 43465 | F74: =+F4 -> 43830 | G74: =+G4 -> 44196 | H74: =+H4 -> 44377
B75: Cartera MORA / Cartera BRUTA | C75: =IFERROR(+C57/C72,0%) -> 0.055752422 | D75: =IFERROR(+D57/D72,0%) -> 0.051531275 | E75: =IFERROR(+E57/E72,0%) -> 0.031888436 | F75: =IFERROR(+F57/F72,0%) -> 0.022915657 | G75: =IFERROR(+G57/G72,0%) -> 0.024435426 | H75: =IFERROR(+H57/H72,0%) -> 0.031113135

Sheet 1. SARC - Deudores
A1: Indicador | B1: Descripción Formula | C1: TIPO | D1: NOMBRE INDICADOR | E1: Descripcion Indicador
A2: RIESGO | B2: Cartera vencida / cartera burta (comercial) | C2: Riesgo Credito | D2: Calidad por mora | E2: Mora >90
B3: 2 | C3: 3 | D3: 4 | E3: 5 | F3: 6 | G3: 7 | H3: 8
A4: Cuenta | B4: Descripcion | C4: =+cuc!C1 -> 42735 | D4: =+cuc!D1 -> 43100 | E4: =+cuc!E1 -> 43465 | F4: =+cuc!F1 -> 43830 | G4: =+cuc!G1 -> 44196 | H4: =+cuc!H1 -> 44377 | BD4: 140400 | BE4: 140500 | BF4: 141100 | BG4: 141200 | BH4: 144100 | BI4: 144200 | BJ4: 144800 | BK4: 145400 | BL4: 145500 | BM4: 146100 | BN4: 146200 | BO4: 146900
A5: =+cuc!A587 -> 160505 | B5: =PROPER(VLOOKUP($A5,cuc!$A$2:$AA$2088,B$3,FALSE)) -> Vigentes | C5: =VLOOKUP($A5,cuc!$A$2:$AA$2088,C$3,FALSE) -> 1262580633 | D5: =VLOOKUP($A5,cuc!$A$2:$AA$2088,D$3,FALSE) -> 8.8753688e+08 | E5: =VLOOKUP($A5,cuc!$A$2:$AA$2088,E$3,FALSE) -> 6.7947221e+08 | F5: =VLOOKUP($A5,cuc!$A$2:$AA$2088,F$3,FALSE) -> 1.1640174e+09 | G5: =VLOOKUP($A5,cuc!$A$2:$AA$2088,G$3,FALSE) -> 1.0618909e+09 | H5: =VLOOKUP($A5,cuc!$A$2:$AA$2088,H$3,FALSE) -> 7.0120774e+08
A6: =+cuc!A588 -> 160510 | B6: =PROPER(VLOOKUP($A6,cuc!$A$2:$AA$2088,B$3,FALSE)) -> Vencidos Entre 91 Y 180 Días | C6: =VLOOKUP($A6,cuc!$A$2:$AA$2088,C$3,FALSE) -> 10552860 | D6: =VLOOKUP($A6,cuc!$A$2:$AA$2088,D$3,FALSE) -> 7222200 | E6: =VLOOKUP($A6,cuc!$A$2:$AA$2088,E$3,FALSE) -> 11321825 | F6: =VLOOKUP($A6,cuc!$A$2:$AA$2088,F$3,FALSE) -> 189400 | G6: =VLOOKUP($A6,cuc!$A$2:$AA$2088,G$3,FALSE) -> 315450 | H6: =VLOOKUP($A6,cuc!$A$2:$AA$2088,H$3,FALSE) -> 9973570
A7: =+cuc!A589 -> 160515 | B7: =PROPER(VLOOKUP($A7,cuc!$A$2:$AA$2088,B$3,FALSE)) -> Vencidos Entre 181 Y 360 Días | C7: =VLOOKUP($A7,cuc!$A$2:$AA$2088,C$3,FALSE) -> 13034803 | D7: =VLOOKUP($A7,cuc!$A$2:$AA$2088,D$3,FALSE) -> 9239739 | E7: =VLOOKUP($A7,cuc!$A$2:$AA$2088,E$3,FALSE) -> 8089240 | F7: =VLOOKUP($A7,cuc!$A$2:$AA$2088,F$3,FALSE) -> 1473494 | G7: =VLOOKUP($A7,cuc!$A$2:$AA$2088,G$3,FALSE) -> 1063261 | H7: =VLOOKUP($A7,cuc!$A$2:$AA$2088,H$3,FALSE) -> 1666130
A8: =+cuc!A590 -> 160520 | B8: =PROPER(VLOOKUP($A8,cuc!$A$2:$AA$2088,B$3,FALSE)) -> Vencidos Más De 360 Días | C8: =VLOOKUP($A8,cuc!$A$2:$AA$2088,C$3,FALSE) -> 23830929 | D8: =VLOOKUP($A8,cuc!$A$2:$AA$2088,D$3,FALSE) -> 22502920 | E8: =VLOOKUP($A8,cuc!$A$2:$AA$2088,E$3,FALSE) -> 54709465 | F8: =VLOOKUP($A8,cuc!$A$2:$AA$2088,F$3,FALSE) -> 60344503 | G8: =VLOOKUP($A8,cuc!$A$2:$AA$2088,G$3,FALSE) -> 45820478 | H8: =VLOOKUP($A8,cuc!$A$2:$AA$2088,H$3,FALSE) -> 33280461
B9: Cartera BRUTA | C9: =+SUM(C5:C8) -> 1.3099992e+09 | D9: =+SUM(D5:D8) -> 9.2650174e+08 | E9: =+SUM(E5:E8) -> 7.5359274e+08 | F9: =+SUM(F5:F8) -> 1.2260248e+09 | G9: =+SUM(G5:G8) -> 1.1090901e+09 | H9: =+SUM(H5:H8) -> 7.461279e+08
B11: Descripcion | C11: =+C4 -> 42735 | D11: =+D4 -> 43100 | E11: =+E4 -> 43465 | F11: =+F4 -> 43830 | G11: =+G4 -> 44196 | H11: =+H4 -> 44377
B12: Cartera MORA / Cartera BRUTA | C12: =(+C9-C5)/C9 -> 0.03619742 | D12: =(+D9-D5)/D9 -> 0.042055894 | E12: =(+E9-E5)/E9 -> 0.098356216 | F12: =(+F9-F5)/F9 -> 0.050575973 | G12: =(+G9-G5)/G9 -> 0.042556676 | H12: =(+H9-H5)/H9 -> 0.060204371

Sheet 1. SARC - Calidad (con castigo)
A1: Indicador | B1: Descripción Formula | C1: TIPO | D1: NOMBRE INDICADOR | E1: Descripcion Indicador
A2: RIESGO | B2: =+Indicadores!E33 -> (Cartera Total Calificada en Categorías B, C, D y E + Castigos) / (Total Cartera + Castigos) | C2: =+Indicadores!B33 -> Activo | D2: =+Indicadores!C33 -> Indicador de calidad por riesgo con castigos | E2: =+Indicadores!D33 -> Calidad x Riesgo (B,C,D,E) + Castigos
B3: 2 | C3: 3 | D3: 4 | E3: 5 | F3: 6 | G3: 7 | H3: 8
A4: Cuenta | B4: Descripcion | C4: Año 16 | D4: Año 17 | E4: Año 18 | F4: Año 19 | G4: Año 20 | H4: Año 21 | BD4: 140400 | BE4: 140500 | BF4: 141100 | BG4: 141200 | BH4: 144100 | BI4: 144200 | BJ4: 144800 | BK4: 145400 | BL4: 145500 | BM4: 146100 | BN4: 146200 | BO4: 146900
A5: 140410 | B5: =PROPER(VLOOKUP($A5,cuc!$A$2:$AA$2088,B$3,FALSE)) -> Categoría B Riesgo Aceptable | C5: =VLOOKUP($A5,cuc!$A$2:$AA$2088,C$3,FALSE) -> 0 | D5: =VLOOKUP($A5,cuc!$A$2:$AA$2088,D$3,FALSE) -> 0 | E5: =VLOOKUP($A5,cuc!$A$2:$AA$2088,E$3,FALSE) -> 0 | F5: =VLOOKUP($A5,cuc!$A$2:$AA$2088,F$3,FALSE) -> 0 | G5: =VLOOKUP($A5,cuc!$A$2:$AA$2088,G$3,FALSE) -> 0 | H5: =VLOOKUP($A5,cuc!$A$2:$AA$2088,H$3,FALSE) -> 0
A6: 140415 | B6: =PROPER(VLOOKUP($A6,cuc!$A$2:$AA$2088,B$3,FALSE)) -> Categoría C Riesgo Apreciable | C6: =VLOOKUP($A6,cuc!$A$2:$AA$2088,C$3,FALSE) -> 0 | D6: =VLOOKUP($A6,cuc!$A$2:$AA$2088,D$3,FALSE) -> 0 | E6: =VLOOKUP($A6,cuc!$A$2:$AA$2088,E$3,FALSE) -> 0 | F6: =VLOOKUP($A6,cuc!$A$2:$AA$2088,F$3,FALSE) -> 0 | G6: =VLOOKUP($A6,cuc!$A$2:$AA$2088,G$3,FALSE) -> 0 | H6: =VLOOKUP($A6,cuc!$A$2:$AA$2088,H$3,FALSE) -> 0
A7: 140420 | B7: =PROPER(VLOOKUP($A7,cuc!$A$2:$AA$2088,B$3,FALSE)) -> Categoría D Riesgo Significativo | C7: =VLOOKUP($A7,cuc!$A$2:$AA$2088,C$3,FALSE) -> 0 | D7: =VLOOKUP($A7,cuc!$A$2:$AA$2088,D$3,FALSE) -> 0 | E7: =VLOOKUP($A7,cuc!$A$2:$AA$2088,E$3,FALSE) -> 0 | F7: =VLOOKUP($A7,cuc!$A$2:$AA$2088,F$3,FALSE) -> 0 | G7: =VLOOKUP($A7,cuc!$A$2:$AA$2088,G$3,FALSE) -> 0 | H7: =VLOOKUP($A7,cuc!$A$2:$AA$2088,H$3,FALSE) -> 0
A8: 140425 | B8: =PROPER(VLOOKUP($A8,cuc!$A$2:$AA$2088,B$3,FALSE)) -> Categoría E Riesgo De Incobrabilidad | C8: =VLOOKUP($A8,cuc!$A$2:$AA$2088,C$3,FALSE) -> 0 | D8: =VLOOKUP($A8,cuc!$A$2:$AA$2088,D$3,FALSE) -> 0 | E8: =VLOOKUP($A8,cuc!$A$2:$AA$2088,E$3,FALSE) -> 0 | F8: =VLOOKUP($A8,cuc!$A$2:$AA$2088,F$3,FALSE) -> 0 | G8: =VLOOKUP($A8,cuc!$A$2:$AA$2088,G$3,FALSE) -> 0 | H8: =VLOOKUP($A8,cuc!$A$2:$AA$2088,H$3,FALSE) -> 0
A9: 140510 | B9: =PROPER(VLOOKUP($A9,cuc!$A$2:$AA$2088,B$3,FALSE)) -> Categoría B Riesgo Aceptable | C9: =VLOOKUP($A9,cuc!$A$2:$AA$2088,C$3,FALSE) -> 0 | D9: =VLOOKUP($A9,cuc!$A$2:$AA$2088,D$3,FALSE) -> 0 | E9: =VLOOKUP($A9,cuc!$A$2:$AA$2088,E$3,FALSE) -> 0 | F9: =VLOOKUP($A9,cuc!$A$2:$AA$2088,F$3,FALSE) -> 0 | G9: =VLOOKUP($A9,cuc!$A$2:$AA$2088,G$3,FALSE) -> 0 | H9: =VLOOKUP($A9,cuc!$A$2:$AA$2088,H$3,FALSE) -> 0
A10: 140515 | B10: =PROPER(VLOOKUP($A10,cuc!$A$2:$AA$2088,B$3,FALSE)) -> Categoría C Riesgo Apreciable | C10: =VLOOKUP($A10,cuc!$A$2:$AA$2088,C$3,FALSE) -> 0 | D10: =VLOOKUP($A10,cuc!$A$2:$AA$2088,D$3,FALSE) -> 0 | E10: =VLOOKUP($A10,cuc!$A$2:$AA$2088,E$3,FALSE) -> 0 | F10: =VLOOKUP($A10,cuc!$A$2:$AA$2088,F$3,FALSE) -> 0 | G10: =VLOOKUP($A10,cuc!$A$2:$AA$2088,G$3,FALSE) -> 0 | H10: =VLOOKUP($A10,cuc!$A$2:$AA$2088,H$3,FALSE) -> 0
A11: 140520 | B11: =PROPER(VLOOKUP($A11,cuc!$A$2:$AA$2088,B$3,FALSE)) -> Categoría D Riesgo Significativo | C11: =VLOOKUP($A11,cuc!$A$2:$AA$2088,C$3,FALSE) -> 0 | D11: =VLOOKUP($A11,cuc!$A$2:$AA$2088,D$3,FALSE) -> 0 | E11: =VLOOKUP($A11,cuc!$A$2:$AA$2088,E$3,FALSE) -> 0 | F11: =VLOOKUP($A11,cuc!$A$2:$AA$2088,F$3,FALSE) -> 0 | G11: =VLOOKUP($A11,cuc!$A$2:$AA$2088,G$3,FALSE) -> 0 | H11: =VLOOKUP($A11,cuc!$A$2:$AA$2088,H$3,FALSE) -> 0
A12: 140525 | B12: =PROPER(VLOOKUP($A12,cuc!$A$2:$AA$2088,B$3,FALSE)) -> Categoría E Riesgo De Incobrabilidad | C12: =VLOOKUP($A12,cuc!$A$2:$AA$2088,C$3,FALSE) -> 0 | D12: =VLOOKUP($A12,cuc!$A$2:$AA$2088,D$3,FALSE) -> 0 | E12: =VLOOKUP($A12,cuc!$A$2:$AA$2088,E$3,FALSE) -> 0 | F12: =VLOOKUP($A12,cuc!$A$2:$AA$2088,F$3,FALSE) -> 0 | G12: =VLOOKUP($A12,cuc!$A$2:$AA$2088,G$3,FALSE) -> 0 | H12: =VLOOKUP($A12,cuc!$A$2:$AA$2088,H$3,FALSE) -> 0
A13: 141110 | B13: =PROPER(VLOOKUP($A13,cuc!$A$2:$AA$2088,B$3,FALSE)) -> Categoría B Riesgo Aceptable | C13: =VLOOKUP($A13,cuc!$A$2:$AA$2088,C$3,FALSE) -> 0 | D13: =VLOOKUP($A13,cuc!$A$2:$AA$2088,D$3,FALSE) -> 0 | E13: =VLOOKUP($A13,cuc!$A$2:$AA$2088,E$3,FALSE) -> 0 | F13: =VLOOKUP($A13,cuc!$A$2:$AA$2088,F$3,FALSE) -> 0 | G13: =VLOOKUP($A13,cuc!$A$2:$AA$2088,G$3,FALSE) -> 0 | H13: =VLOOKUP($A13,cuc!$A$2:$AA$2088,H$3,FALSE) -> 0
A14: 141115 | B14: =PROPER(VLOOKUP($A14,cuc!$A$2:$AA$2088,B$3,FALSE)) -> Categoría C Riesgo Apreciable | C14: =VLOOKUP($A14,cuc!$A$2:$AA$2088,C$3,FALSE) -> 0 | D14: =VLOOKUP($A14,cuc!$A$2:$AA$2088,D$3,FALSE) -> 0 | E14: =VLOOKUP($A14,cuc!$A$2:$AA$2088,E$3,FALSE) -> 0 | F14: =VLOOKUP($A14,cuc!$A$2:$AA$2088,F$3,FALSE) -> 0 | G14: =VLOOKUP($A14,cuc!$A$2:$AA$2088,G$3,FALSE) -> 0 | H14: =VLOOKUP($A14,cuc!$A$2:$AA$2088,H$3,FALSE) -> 0
A15: 141120 | B15: =PROPER(VLOOKUP($A15,cuc!$A$2:$AA$2088,B$3,FALSE)) -> Categoría D Riesgo Significativo | C15: =VLOOKUP($A15,cuc!$A$2:$AA$2088,C$3,FALSE) -> 0 | D15: =VLOOKUP($A15,cuc!$A$2:$AA$2088,D$3,FALSE) -> 0 | E15: =VLOOKUP($A15,cuc!$A$2:$AA$2088,E$3,FALSE) -> 0 | F15: =VLOOKUP($A15,cuc!$A$2:$AA$2088,F$3,FALSE) -> 0 | G15: =VLOOKUP($A15,cuc!$A$2:$AA$2088,G$3,FALSE) -> 0 | H15: =VLOOKUP($A15,cuc!$A$2:$AA$2088,H$3,FALSE) -> 0
A16: 141125 | B16: =PROPER(VLOOKUP($A16,cuc!$A$2:$AA$2088,B$3,FALSE)) -> Categoría E Riesgo De Incobrabilidad | C16: =VLOOKUP($A16,cuc!$A$2:$AA$2088,C$3,FALSE) -> 0 | D16: =VLOOKUP($A16,cuc!$A$2:$AA$2088,D$3,FALSE) -> 0 | E16: =VLOOKUP($A16,cuc!$A$2:$AA$2088,E$3,FALSE) -> 0 | F16: =VLOOKUP($A16,cuc!$A$2:$AA$2088,F$3,FALSE) -> 0 | G16: =VLOOKUP($A16,cuc!$A$2:$AA$2088,G$3,FALSE) -> 0 | H16: =VLOOKUP($A16,cuc!$A$2:$AA$2088,H$3,FALSE) -> 0
... A57: 831015 | B57: =PROPER(VLOOKUP($A57,cuc!$A$2:$AA$2088,B$3,FALSE)) -> Cartera De Crédito | C57: =VLOOKUP($A57,cuc!$A$2:$AA$2088,C$3,FALSE) -> 240288265 | D57: =VLOOKUP($A57,cuc!$A$2:$AA$2088,D$3,FALSE) -> 240288265 | E57: =VLOOKUP($A57,cuc!$A$2:$AA$2088,E$3,FALSE) -> 240288265 | F57: =VLOOKUP($A57,cuc!$A$2:$AA$2088,F$3,FALSE) -> 240288265 | G57: =VLOOKUP($A57,cuc!$A$2:$AA$2088,G$3,FALSE) -> 2.5411873e+08 | H57: =VLOOKUP($A57,cuc!$A$2:$AA$2088,H$3,FALSE) -> 2.5411873e+08
A58: Mora | C58: =+SUM(C5:C57) -> 3.0208337e+08 | D58: =+SUM(D5:D57) -> 3.03245e+08 | E58: =+SUM(E5:E57) -> 2.8495586e+08 | F58: =+SUM(F5:F57) -> 2.705379e+08 | G58: =+SUM(G5:G57) -> 2.8054991e+08 | H58: =+SUM(H5:H57) -> 2.8365192e+08
A60: Cuenta | B60: Descripción | C60: 42735 | D60: 43100 | E60: 43465 | F60: 43830 | G60: 44196 | H60: =+H4 -> Año 21 | BD60: 140400 | BE60: 140500 | BF60: 141100 | BG60: 141200 | BH60: 144100 | BI60: 144200 | BJ60: 144800 | BK60: 145400 | BL60: 145500 | BM60: 146100 | BN60: 146200 | BO60: 146900
A61: 140400 | B61: =PROPER(VLOOKUP($A61,cuc!$A$2:$AA$2088,B$3,FALSE)) -> Créditos De Vivienda - Con Libranza | C61: =VLOOKUP($A61,cuc!$A$2:$AA$2088,C$3,FALSE) -> 0 | D61: =VLOOKUP($A61,cuc!$A$2:$AA$2088,D$3,FALSE) -> 0 | E61: =VLOOKUP($A61,cuc!$A$2:$AA$2088,E$3,FALSE) -> 0 | F61: =VLOOKUP($A61,cuc!$A$2:$AA$2088,F$3,FALSE) -> 0 | G61: =VLOOKUP($A61,cuc!$A$2:$AA$2088,G$3,FALSE) -> 0 | H61: =VLOOKUP($A61,cuc!$A$2:$AA$2088,H$3,FALSE) -> 0
A62: 140500 | B62: =PROPER(VLOOKUP($A62,cuc!$A$2:$AA$2088,B$3,FALSE)) -> Créditos De Vivienda - Sin Libranza | C62: =VLOOKUP($A62,cuc!$A$2:$AA$2088,C$3,FALSE) -> 0 | D62: =VLOOKUP($A62,cuc!$A$2:$AA$2088,D$3,FALSE) -> 0 | E62: =VLOOKUP($A62,cuc!$A$2:$AA$2088,E$3,FALSE) -> 0 | F62: =VLOOKUP($A62,cuc!$A$2:$AA$2088,F$3,FALSE) -> 0 | G62: =VLOOKUP($A62,cuc!$A$2:$AA$2088,G$3,FALSE) -> 0 | H62: =VLOOKUP($A62,cuc!$A$2:$AA$2088,H$3,FALSE) -> 0
A63: 141100 | B63: =PROPER(VLOOKUP($A63,cuc!$A$2:$AA$2088,B$3,FALSE)) -> Créditos De Consumo, Garantía Admisible - Con Libranza | C63: =VLOOKUP($A63,cuc!$A$2:$AA$2088,C$3,FALSE) -> 0 | D63: =VLOOKUP($A63,cuc!$A$2:$AA$2088,D$3,FALSE) -> 0 | E63: =VLOOKUP($A63,cuc!$A$2:$AA$2088,E$3,FALSE) -> 0 | F63: =VLOOKUP($A63,cuc!$A$2:$AA$2088,F$3,FALSE) -> 0 | G63: =VLOOKUP($A63,cuc!$A$2:$AA$2088,G$3,FALSE) -> 0 | H63: =VLOOKUP($A63,cuc!$A$2:$AA$2088,H$3,FALSE) -> 0
A64: 141200 | B64: =PROPER(VLOOKUP($A64,cuc!$A$2:$AA$2088,B$3,FALSE)) -> Créditos De Consumo, Garantía Admisible - Sin Libranza | C64: =VLOOKUP($A64,cuc!$A$2:$AA$2088,C$3,FALSE) -> 0 | D64: =VLOOKUP($A64,cuc!$A$2:$AA$2088,D$3,FALSE) -> 0 | E64: =VLOOKUP($A64,cuc!$A$2:$AA$2088,E$3,FALSE) -> 0 | F64: =VLOOKUP($A64,cuc!$A$2:$AA$2088,F$3,FALSE) -> 0 | G64: =VLOOKUP($A64,cuc!$A$2:$AA$2088,G$3,FALSE) -> 0 | H64: =VLOOKUP($A64,cuc!$A$2:$AA$2088,H$3,FALSE) -> 0
A65: 144100 | B65: =PROPER(VLOOKUP($A65,cuc!$A$2:$AA$2088,B$3,FALSE)) -> Créditos De Consumo, Otras Garantías - Con Libranza | C65: =VLOOKUP($A65,cuc!$A$2:$AA$2088,C$3,FALSE) -> 0 | D65: =VLOOKUP($A65,cuc!$A$2:$AA$2088,D$3,FALSE) -> 0 | E65: =VLOOKUP($A65,cuc!$A$2:$AA$2088,E$3,FALSE) -> 0 | F65: =VLOOKUP($A65,cuc!$A$2:$AA$2088,F$3,FALSE) -> 0 | G65: =VLOOKUP($A65,cuc!$A$2:$AA$2088,G$3,FALSE) -> 0 | H65: =VLOOKUP($A65,cuc!$A$2:$AA$2088,H$3,FALSE) -> 0
A66: 144200 | B66: =PROPER(VLOOKUP($A66,cuc!$A$2:$AA$2088,B$3,FALSE)) -> Créditos De Consumo, Otras Garantías - Sin Libranza | C66: =VLOOKUP($A66,cuc!$A$2:$AA$2088,C$3,FALSE) -> 1.1083842e+09 | D66: =VLOOKUP($A66,cuc!$A$2:$AA$2088,D$3,FALSE) -> 1.2217189e+09 | E66: =VLOOKUP($A66,cuc!$A$2:$AA$2088,E$3,FALSE) -> 1.4007458e+09 | F66: =VLOOKUP($A66,cuc!$A$2:$AA$2088,F$3,FALSE) -> 1.3200422e+09 | G66: =VLOOKUP($A66,cuc!$A$2:$AA$2088,G$3,FALSE) -> 1.0816744e+09 | H66: =VLOOKUP($A66,cuc!$A$2:$AA$2088,H$3,FALSE) -> 9.4921911e+08
A67: 144800 | B67: =PROPER(VLOOKUP($A67,cuc!$A$2:$AA$2088,B$3,FALSE)) -> Microcrédito Inmobiliario | C67: =VLOOKUP($A67,cuc!$A$2:$AA$2088,C$3,FALSE) -> 0 | D67: =VLOOKUP($A67,cuc!$A$2:$AA$2088,D$3,FALSE) -> 0 | E67: =VLOOKUP($A67,cuc!$A$2:$AA$2088,E$3,FALSE) -> 0 | F67: =VLOOKUP($A67,cuc!$A$2:$AA$2088,F$3,FALSE) -> 0 | G67: =VLOOKUP($A67,cuc!$A$2:$AA$2088,G$3,FALSE) -> 0 | H67: =VLOOKUP($A67,cuc!$A$2:$AA$2088,H$3,FALSE) -> 0
A68: 145400 | B68: =PROPER(VLOOKUP($A68,cuc!$A$2:$AA$2088,B$3,FALSE)) -> Microcrédito Empresarial - Garantía Admisible | C68: =VLOOKUP($A68,cuc!$A$2:$AA$2088,C$3,FALSE) -> 0 | D68: =VLOOKUP($A68,cuc!$A$2:$AA$2088,D$3,FALSE) -> 0 | E68: =VLOOKUP($A68,cuc!$A$2:$AA$2088,E$3,FALSE) -> 0 | F68: =VLOOKUP($A68,cuc!$A$2:$AA$2088,F$3,FALSE) -> 0 | G68: =VLOOKUP($A68,cuc!$A$2:$AA$2088,G$3,FALSE) -> 0 | H68: =VLOOKUP($A68,cuc!$A$2:$AA$2088,H$3,FALSE) -> 0
A69: 145500 | B69: =PROPER(VLOOKUP($A69,cuc!$A$2:$AA$2088,B$3,FALSE)) -> Microcrédito Empresarial - Otras Garantías | C69: =VLOOKUP($A69,cuc!$A$2:$AA$2088,C$3,FALSE) -> 0 | D69: =VLOOKUP($A69,cuc!$A$2:$AA$2088,D$3,FALSE) -> 0 | E69: =VLOOKUP($A69,cuc!$A$2:$AA$2088,E$3,FALSE) -> 0 | F69: =VLOOKUP($A69,cuc!$A$2:$AA$2088,F$3,FALSE) -> 0 | G69: =VLOOKUP($A69,cuc!$A$2:$AA$2088,G$3,FALSE) -> 0 | H69: =VLOOKUP($A69,cuc!$A$2:$AA$2088,H$3,FALSE) -> 0
A70: 146100 | B70: =PROPER(VLOOKUP($A70,cuc!$A$2:$AA$2088,B$3,FALSE)) -> Créditos Comerciales - Garantía Admisible | C70: =VLOOKUP($A70,cuc!$A$2:$AA$2088,C$3,FALSE) -> 0 | D70: =VLOOKUP($A70,cuc!$A$2:$AA$2088,D$3,FALSE) -> 0 | E70: =VLOOKUP($A70,cuc!$A$2:$AA$2088,E$3,FALSE) -> 0 | F70: =VLOOKUP($A70,cuc!$A$2:$AA$2088,F$3,FALSE) -> 0 | G70: =VLOOKUP($A70,cuc!$A$2:$AA$2088,G$3,FALSE) -> 0 | H70: =VLOOKUP($A70,cuc!$A$2:$AA$2088,H$3,FALSE) -> 0
A71: 146200 | B71: =PROPER(VLOOKUP($A71,cuc!$A$2:$AA$2088,B$3,FALSE)) -> Créditos Comerciales - Otras Garantías | C71: =VLOOKUP($A71,cuc!$A$2:$AA$2088,C$3,FALSE) -> 0 | D71: =VLOOKUP($A71,cuc!$A$2:$AA$2088,D$3,FALSE) -> 0 | E71: =VLOOKUP($A71,cuc!$A$2:$AA$2088,E$3,FALSE) -> 0 | F71: =VLOOKUP($A71,cuc!$A$2:$AA$2088,F$3,FALSE) -> 0 | G71: =VLOOKUP($A71,cuc!$A$2:$AA$2088,G$3,FALSE) -> 0 | H71: =VLOOKUP($A71,cuc!$A$2:$AA$2088,H$3,FALSE) -> 0
A72: 146900 | B72: =PROPER(VLOOKUP($A72,cuc!$A$2:$AA$2088,B$3,FALSE)) -> CréDitos A Empleados | C72: =VLOOKUP($A72,cuc!$A$2:$AA$2088,C$3,FALSE) -> 0 | D72: =VLOOKUP($A72,cuc!$A$2:$AA$2088,D$3,FALSE) -> 0 | E72: =VLOOKUP($A72,cuc!$A$2:$AA$2088,E$3,FALSE) -> 0 | F72: =VLOOKUP($A72,cuc!$A$2:$AA$2088,F$3,FALSE) -> 0 | G72: =VLOOKUP($A72,cuc!$A$2:$AA$2088,G$3,FALSE) -> 0 | H72: =VLOOKUP($A72,cuc!$A$2:$AA$2088,H$3,FALSE) -> 0
A73: 831015 | B73: =PROPER(VLOOKUP($A73,cuc!$A$2:$AA$2088,B$3,FALSE)) -> Cartera De Crédito | C73: =VLOOKUP($A73,cuc!$A$2:$AA$2088,C$3,FALSE) -> 240288265 | D73: =VLOOKUP($A73,cuc!$A$2:$AA$2088,D$3,FALSE) -> 240288265 | E73: =VLOOKUP($A73,cuc!$A$2:$AA$2088,E$3,FALSE) -> 240288265 | F73: =VLOOKUP($A73,cuc!$A$2:$AA$2088,F$3,FALSE) -> 240288265 | G73: =VLOOKUP($A73,cuc!$A$2:$AA$2088,G$3,FALSE) -> 2.5411873e+08 | H73: =VLOOKUP($A73,cuc!$A$2:$AA$2088,H$3,FALSE) -> 2.5411873e+08
A74: Bruta | B74: Total | C74: =SUM(C61:C73) -> 1.3486724e+09 | D74: =SUM(D61:D73) -> 1.4620071e+09 | E74: =SUM(E61:E73) -> 1.6410341e+09 | F74: =SUM(F61:F73) -> 1.5603305e+09 | G74: =SUM(G61:G73) -> 1.3357931e+09 | H74: =SUM(H61:H73) -> 1.2033378e+09
B76: Descripcion | C76: =+C$4 -> Año 16 | D76: =+D$4 -> Año 17 | E76: =+E$4 -> Año 18 | F76: =+F$4 -> Año 19 | G76: =+G$4 -> Año 20 | H76: =+H$4 -> Año 21
B77: Cartera MORA / Cartera BRUTA | C77: =IFERROR(+C58/C74,0%) -> 0.22398572 | D77: =IFERROR(+D58/D74,0%) -> 0.20741691 | E77: =IFERROR(+E58/E74,0%) -> 0.17364408 | F77: =IFERROR(+F58/F74,0%) -> 0.173385 | G77: =IFERROR(+G58/G74,0%) -> 0.21002497 | H77: =IFERROR(+H58/H74,0%) -> 0.23572093

Sheet 2. SARC - Calidad Cons sin LBZ
A1: Indicador | B1: Descripción Formula | C1: TIPO | D1: NOMBRE INDICADOR | E1: Descripcion Indicador
A2: RIESGO | B2: =+Indicadores!E3 -> Cartera Calificada en Categorías B, C, D y E "Consumo SL" / Cartera Bruta "Consumo SL" | C2: =+Indicadores!B3 -> Riesgo Credito | D2: =+Indicadores!C3 -> Indicador de cartera por Riesgo en Consumo sin Libranza | E2: =+Indicadores!D3 -> Calidad x Riesgo (B,C,D,E)
B3: 2 | C3: 3 | D3: 4 | E3: 5 | F3: 6 | G3: 7 | H3: 8
A4: Cuenta | B4: Descripcion | C4: Año 16 | D4: Año 17 | E4: Año 18 | F4: Año 19 | G4: Año 20 | H4: Año 21 | BC4: 140400 | BD4: 140500 | BE4: 141100 | BF4: 141200 | BG4: 144100 | BH4: 144200 | BI4: 144800 | BJ4: 145400 | BK4: 145500 | BL4: 146100 | BM4: 146200 | BN4: 146900
A5: 141210 | B5: =PROPER(VLOOKUP($A5,cuc!$A$2:$AA$2088,B$3,FALSE)) -> Categoría B Riesgo Aceptable | C5: =VLOOKUP($A5,cuc!$A$2:$AA$2088,C$3,FALSE) -> 0 | D5: =VLOOKUP($A5,cuc!$A$2:$AA$2088,D$3,FALSE) -> 0 | E5: =VLOOKUP($A5,cuc!$A$2:$AA$2088,E$3,FALSE) -> 0 | F5: =VLOOKUP($A5,cuc!$A$2:$AA$2088,F$3,FALSE) -> 0 | G5: =VLOOKUP($A5,cuc!$A$2:$AA$2088,G$3,FALSE) -> 0 | H5: =VLOOKUP($A5,cuc!$A$2:$AA$2088,H$3,FALSE) -> 0
A6: 141215 | B6: =PROPER(VLOOKUP($A6,cuc!$A$2:$AA$2088,B$3,FALSE)) -> Categoría C Riesgo Apreciable | C6: =VLOOKUP($A6,cuc!$A$2:$AA$2088,C$3,FALSE) -> 0 | D6: =VLOOKUP($A6,cuc!$A$2:$AA$2088,D$3,FALSE) -> 0 | E6: =VLOOKUP($A6,cuc!$A$2:$AA$2088,E$3,FALSE) -> 0 | F6: =VLOOKUP($A6,cuc!$A$2:$AA$2088,F$3,FALSE) -> 0 | G6: =VLOOKUP($A6,cuc!$A$2:$AA$2088,G$3,FALSE) -> 0 | H6: =VLOOKUP($A6,cuc!$A$2:$AA$2088,H$3,FALSE) -> 0
A7: 141220 | B7: =PROPER(VLOOKUP($A7,cuc!$A$2:$AA$2088,B$3,FALSE)) -> Categoría D Riesgo Significativo | C7: =VLOOKUP($A7,cuc!$A$2:$AA$2088,C$3,FALSE) -> 0 | D7: =VLOOKUP($A7,cuc!$A$2:$AA$2088,D$3,FALSE) -> 0 | E7: =VLOOKUP($A7,cuc!$A$2:$AA$2088,E$3,FALSE) -> 0 | F7: =VLOOKUP($A7,cuc!$A$2:$AA$2088,F$3,FALSE) -> 0 | G7: =VLOOKUP($A7,cuc!$A$2:$AA$2088,G$3,FALSE) -> 0 | H7: =VLOOKUP($A7,cuc!$A$2:$AA$2088,H$3,FALSE) -> 0
A8: 141225 | B8: =PROPER(VLOOKUP($A8,cuc!$A$2:$AA$2088,B$3,FALSE)) -> Categoría E Riesgo De Incobrabilidad | C8: =VLOOKUP($A8,cuc!$A$2:$AA$2088,C$3,FALSE) -> 0 | D8: =VLOOKUP($A8,cuc!$A$2:$AA$2088,D$3,FALSE) -> 0 | E8: =VLOOKUP($A8,cuc!$A$2:$AA$2088,E$3,FALSE) -> 0 | F8: =VLOOKUP($A8,cuc!$A$2:$AA$2088,F$3,FALSE) -> 0 | G8: =VLOOKUP($A8,cuc!$A$2:$AA$2088,G$3,FALSE) -> 0 | H8: =VLOOKUP($A8,cuc!$A$2:$AA$2088,H$3,FALSE) -> 0
A9: 144210 | B9: =PROPER(VLOOKUP($A9,cuc!$A$2:$AA$2088,B$3,FALSE)) -> Categoría B Riesgo Aceptable | C9: =VLOOKUP($A9,cuc!$A$2:$AA$2088,C$3,FALSE) -> 3108866 | D9: =VLOOKUP($A9,cuc!$A$2:$AA$2088,D$3,FALSE) -> 630000 | E9: =VLOOKUP($A9,cuc!$A$2:$AA$2088,E$3,FALSE) -> 0 | F9: =VLOOKUP($A9,cuc!$A$2:$AA$2088,F$3,FALSE) -> 0 | G9: =VLOOKUP($A9,cuc!$A$2:$AA$2088,G$3,FALSE) -> 0 | H9: =VLOOKUP($A9,cuc!$A$2:$AA$2088,H$3,FALSE) -> 0
A10: 144215 | B10: =PROPER(VLOOKUP($A10,cuc!$A$2:$AA$2088,B$3,FALSE)) -> Categoría C Riesgo Apreciable | C10: =VLOOKUP($A10,cuc!$A$2:$AA$2088,C$3,FALSE) -> 1038340 | D10: =VLOOKUP($A10,cuc!$A$2:$AA$2088,D$3,FALSE) -> 2430000 | E10: =VLOOKUP($A10,cuc!$A$2:$AA$2088,E$3,FALSE) -> 1395256 | F10: =VLOOKUP($A10,cuc!$A$2:$AA$2088,F$3,FALSE) -> 250000 | G10: =VLOOKUP($A10,cuc!$A$2:$AA$2088,G$3,FALSE) -> 0 | H10: =VLOOKUP($A10,cuc!$A$2:$AA$2088,H$3,FALSE) -> 0
A11: 144220 | B11: =PROPER(VLOOKUP($A11,cuc!$A$2:$AA$2088,B$3,FALSE)) -> Categoría D Riesgo Significativo | C11: =VLOOKUP($A11,cuc!$A$2:$AA$2088,C$3,FALSE) -> 915000 | D11: =VLOOKUP($A11,cuc!$A$2:$AA$2088,D$3,FALSE) -> 400000 | E11: =VLOOKUP($A11,cuc!$A$2:$AA$2088,E$3,FALSE) -> 0 | F11: =VLOOKUP($A11,cuc!$A$2:$AA$2088,F$3,FALSE) -> 0 | G11: =VLOOKUP($A11,cuc!$A$2:$AA$2088,G$3,FALSE) -> 1060708 | H11: =VLOOKUP($A11,cuc!$A$2:$AA$2088,H$3,FALSE) -> 436000
A12: 144225 | B12: =PROPER(VLOOKUP($A12,cuc!$A$2:$AA$2088,B$3,FALSE)) -> Categoría E Riesgo De Incobrabilidad | C12: =VLOOKUP($A12,cuc!$A$2:$AA$2088,C$3,FALSE) -> 56732896 | D12: =VLOOKUP($A12,cuc!$A$2:$AA$2088,D$3,FALSE) -> 59496732 | E12: =VLOOKUP($A12,cuc!$A$2:$AA$2088,E$3,FALSE) -> 43272338 | F12: =VLOOKUP($A12,cuc!$A$2:$AA$2088,F$3,FALSE) -> 29999635 | G12: =VLOOKUP($A12,cuc!$A$2:$AA$2088,G$3,FALSE) -> 25370465 | H12: =VLOOKUP($A12,cuc!$A$2:$AA$2088,H$3,FALSE) -> 29097182
B13: Total MORA CONSUMO sin LBZ | C13: =+SUM(C5:C12) -> 61795102 | D13: =+SUM(D5:D12) -> 62956732 | E13: =+SUM(E5:E12) -> 44667594 | F13: =+SUM(F5:F12) -> 30249635 | G13: =+SUM(G5:G12) -> 26431173 | H13: =+SUM(H5:H12) -> 29533182
A15: Cuenta | B15: Descripción | C15: =+C$4 -> Año 16 | D15: =+D$4 -> Año 17 | E15: =+E$4 -> Año 18 | F15: =+F$4 -> Año 19 | G15: =+G$4 -> Año 20 | H15: =+H$4 -> Año 21 | BC15: 140400 | BD15: 140500 | BE15: 141100 | BF15: 141200 | BG15: 144100 | BH15: 144200 | BI15: 144800 | BJ15: 145400 | BK15: 145500 | BL15: 146100 | BM15: 146200 | BN15: 146900
A16: 141200 | B16: =PROPER(VLOOKUP($A16,cuc!$A$2:$AA$2088,B$3,FALSE)) -> Créditos De Consumo, Garantía Admisible - Sin Libranza | C16: =VLOOKUP($A16,cuc!$A$2:$AA$2088,C$3,FALSE) -> 0 | D16: =VLOOKUP($A16,cuc!$A$2:$AA$2088,D$3,FALSE) -> 0 | E16: =VLOOKUP($A16,cuc!$A$2:$AA$2088,E$3,FALSE) -> 0 | F16: =VLOOKUP($A16,cuc!$A$2:$AA$2088,F$3,FALSE) -> 0 | G16: =VLOOKUP($A16,cuc!$A$2:$AA$2088,G$3,FALSE) -> 0 | H16: =VLOOKUP($A16,cuc!$A$2:$AA$2088,H$3,FALSE) -> 0
A17: 144200 | B17: =PROPER(VLOOKUP($A17,cuc!$A$2:$AA$2088,B$3,FALSE)) -> Créditos De Consumo, Otras Garantías - Sin Libranza | C17: =VLOOKUP($A17,cuc!$A$2:$AA$2088,C$3,FALSE) -> 1.1083842e+09 | D17: =VLOOKUP($A17,cuc!$A$2:$AA$2088,D$3,FALSE) -> 1.2217189e+09 | E17: =VLOOKUP($A17,cuc!$A$2:$AA$2088,E$3,FALSE) -> 1.4007458e+09 | F17: =VLOOKUP($A17,cuc!$A$2:$AA$2088,F$3,FALSE) -> 1.3200422e+09 | G17: =VLOOKUP($A17,cuc!$A$2:$AA$2088,G$3,FALSE) -> 1.0816744e+09 | H17: =VLOOKUP($A17,cuc!$A$2:$AA$2088,H$3,FALSE) -> 9.4921911e+08
B18: Total BRUTA CONSUMO sin LBZ | C18: =SUM(C16:C17) -> 1.1083842e+09 | D18: =SUM(D16:D17) -> 1.2217189e+09 | E18: =SUM(E16:E17) -> 1.4007458e+09 | F18: =SUM(F16:F17) -> 1.3200422e+09 | G18: =SUM(G16:G17) -> 1.0816744e+09 | H18: =SUM(H16:H17) -> 9.4921911e+08
B20: Descripcion | C20: =+C$4 -> Año 16 | D20: =+D$4 -> Año 17 | E20: =+E$4 -> Año 18 | F20: =+F$4 -> Año 19 | G20: =+G$4 -> Año 20 | H20: =+H$4 -> Año 21
B21: Mora Consumo sin LBZ / Bruta Consumo sin LBZ | C21: =IFERROR(+C13/C18,0%) -> 0.055752422 | D21: =IFERROR(+D13/D18,0%) -> 0.051531275 | E21: =IFERROR(+E13/E18,0%) -> 0.031888436 | F21: =IFERROR(+F13/F18,0%) -> 0.022915657 | G21: =IFERROR(+G13/G18,0%) -> 0.024435426 | H21: =IFERROR(+H13/H18,0%) -> 0.031113135

Sheet 3. SARC - Calidad Cons LBZ
A1: Indicador | B1: Descripción Formula | C1: TIPO | D1: NOMBRE INDICADOR | E1: Descripcion Indicador
A2: RIESGO | B2: =+Indicadores!E4 -> Cartera Calificada en Categorías B, C, D y E "Consumo CL" / Cartera Bruta "Consumo CL" | C2: =+Indicadores!B4 -> Riesgo Credito | D2: =+Indicadores!C4 -> Indicador de cartera por Riesgo en Consumo con Libranza | E2: =+Indicadores!D4 -> Calidad x Riesgo (B,C,D,E)
B3: 2 | C3: 3 | D3: 4 | E3: 5 | F3: 6 | G3: 7 | H3: 8
A4: Cuenta | B4: Descripcion | C4: Año 16 | D4: Año 17 | E4: Año 18 | F4: Año 19 | G4: Año 20 | H4: Año 21
A5: 141110 | B5: =PROPER(VLOOKUP($A5,cuc!$A$2:$AA$2088,B$3,FALSE)) -> Categoría B Riesgo Aceptable | C5: =VLOOKUP($A5,cuc!$A$2:$AA$2088,C$3,FALSE) -> 0 | D5: =VLOOKUP($A5,cuc!$A$2:$AA$2088,D$3,FALSE) -> 0 | E5: =VLOOKUP($A5,cuc!$A$2:$AA$2088,E$3,FALSE) -> 0 | F5: =VLOOKUP($A5,cuc!$A$2:$AA$2088,F$3,FALSE) -> 0 | G5: =VLOOKUP($A5,cuc!$A$2:$AA$2088,G$3,FALSE) -> 0 | H5: =VLOOKUP($A5,cuc!$A$2:$AA$2088,H$3,FALSE) -> 0
A6: 141115 | B6: =PROPER(VLOOKUP($A6,cuc!$A$2:$AA$2088,B$3,FALSE)) -> Categoría C Riesgo Apreciable | C6: =VLOOKUP($A6,cuc!$A$2:$AA$2088,C$3,FALSE) -> 0 | D6: =VLOOKUP($A6,cuc!$A$2:$AA$2088,D$3,FALSE) -> 0 | E6: =VLOOKUP($A6,cuc!$A$2:$AA$2088,E$3,FALSE) -> 0 | F6: =VLOOKUP($A6,cuc!$A$2:$AA$2088,F$3,FALSE) -> 0 | G6: =VLOOKUP($A6,cuc!$A$2:$AA$2088,G$3,FALSE) -> 0 | H6: =VLOOKUP($A6,cuc!$A$2:$AA$2088,H$3,FALSE) -> 0
A7: 141120 | B7: =PROPER(VLOOKUP($A7,cuc!$A$2:$AA$2088,B$3,FALSE)) -> Categoría D Riesgo Significativo | C7: =VLOOKUP($A7,cuc!$A$2:$AA$2088,C$3,FALSE) -> 0 | D7: =VLOOKUP($A7,cuc!$A$2:$AA$2088,D$3,FALSE) -> 0 | E7: =VLOOKUP($A7,cuc!$A$2:$AA$2088,E$3,FALSE) -> 0 | F7: =VLOOKUP($A7,cuc!$A$2:$AA$2088,F$3,FALSE) -> 0 | G7: =VLOOKUP($A7,cuc!$A$2:$AA$2088,G$3,FALSE) -> 0 | H7: =VLOOKUP($A7,cuc!$A$2:$AA$2088,H$3,FALSE) -> 0
A8: 141125 | B8: =PROPER(VLOOKUP($A8,cuc!$A$2:$AA$2088,B$3,FALSE)) -> Categoría E Riesgo De Incobrabilidad | C8: =VLOOKUP($A8,cuc!$A$2:$AA$2088,C$3,FALSE) -> 0 | D8: =VLOOKUP($A8,cuc!$A$2:$AA$2088,D$3,FALSE) -> 0 | E8: =VLOOKUP($A8,cuc!$A$2:$AA$2088,E$3,FALSE) -> 0 | F8: =VLOOKUP($A8,cuc!$A$2:$AA$2088,F$3,FALSE) -> 0 | G8: =VLOOKUP($A8,cuc!$A$2:$AA$2088,G$3,FALSE) -> 0 | H8: =VLOOKUP($A8,cuc!$A$2:$AA$2088,H$3,FALSE) -> 0
A9: 144110 | B9: =PROPER(VLOOKUP($A9,cuc!$A$2:$AA$2088,B$3,FALSE)) -> Categoría B Riesgo Aceptable | C9: =VLOOKUP($A9,cuc!$A$2:$AA$2088,C$3,FALSE) -> 0 | D9: =VLOOKUP($A9,cuc!$A$2:$AA$2088,D$3,FALSE) -> 0 | E9: =VLOOKUP($A9,cuc!$A$2:$AA$2088,E$3,FALSE) -> 0 | F9: =VLOOKUP($A9,cuc!$A$2:$AA$2088,F$3,FALSE) -> 0 | G9: =VLOOKUP($A9,cuc!$A$2:$AA$2088,G$3,FALSE) -> 0 | H9: =VLOOKUP($A9,cuc!$A$2:$AA$2088,H$3,FALSE) -> 0
A10: 144115 | B10: =PROPER(VLOOKUP($A10,cuc!$A$2:$AA$2088,B$3,FALSE)) -> Categoría C Riesgo Apreciable | C10: =VLOOKUP($A10,cuc!$A$2:$AA$2088,C$3,FALSE) -> 0 | D10: =VLOOKUP($A10,cuc!$A$2:$AA$2088,D$3,FALSE) -> 0 | E10: =VLOOKUP($A10,cuc!$A$2:$AA$2088,E$3,FALSE) -> 0 | F10: =VLOOKUP($A10,cuc!$A$2:$AA$2088,F$3,FALSE) -> 0 | G10: =VLOOKUP($A10,cuc!$A$2:$AA$2088,G$3,FALSE) -> 0 | H10: =VLOOKUP($A10,cuc!$A$2:$AA$2088,H$3,FALSE) -> 0
A11: 144120 | B11: =PROPER(VLOOKUP($A11,cuc!$A$2:$AA$2088,B$3,FALSE)) -> Categoría D Riesgo Significativo | C11: =VLOOKUP($A11,cuc!$A$2:$AA$2088,C$3,FALSE) -> 0 | D11: =VLOOKUP($A11,cuc!$A$2:$AA$2088,D$3,FALSE) -> 0 | E11: =VLOOKUP($A11,cuc!$A$2:$AA$2088,E$3,FALSE) -> 0 | F11: =VLOOKUP($A11,cuc!$A$2:$AA$2088,F$3,FALSE) -> 0 | G11: =VLOOKUP($A11,cuc!$A$2:$AA$2088,G$3,FALSE) -> 0 | H11: =VLOOKUP($A11,cuc!$A$2:$AA$2088,H$3,FALSE) -> 0
A12: 144125 | B12: =PROPER(VLOOKUP($A12,cuc!$A$2:$AA$2088,B$3,FALSE)) -> Categoría E Riesgo De Incobrabilidad | C12: =VLOOKUP($A12,cuc!$A$2:$AA$2088,C$3,FALSE) -> 0 | D12: =VLOOKUP($A12,cuc!$A$2:$AA$2088,D$3,FALSE) -> 0 | E12: =VLOOKUP($A12,cuc!$A$2:$AA$2088,E$3,FALSE) -> 0 | F12: =VLOOKUP($A12,cuc!$A$2:$AA$2088,F$3,FALSE) -> 0 | G12: =VLOOKUP($A12,cuc!$A$2:$AA$2088,G$3,FALSE) -> 0 | H12: =VLOOKUP($A12,cuc!$A$2:$AA$2088,H$3,FALSE) -> 0
A13: 146935 | B13: =PROPER(VLOOKUP($A13,cuc!$A$2:$AA$2088,B$3,FALSE)) -> Categoría B Riesgo Aceptable, Consumo | C13: =VLOOKUP($A13,cuc!$A$2:$AA$2088,C$3,FALSE) -> 0 | D13: =VLOOKUP($A13,cuc!$A$2:$AA$2088,D$3,FALSE) -> 0 | E13: =VLOOKUP($A13,cuc!$A$2:$AA$2088,E$3,FALSE) -> 0 | F13: =VLOOKUP($A13,cuc!$A$2:$AA$2088,F$3,FALSE) -> 0 | G13: =VLOOKUP($A13,cuc!$A$2:$AA$2088,G$3,FALSE) -> 0 | H13: =VLOOKUP($A13,cuc!$A$2:$AA$2088,H$3,FALSE) -> 0
A14: 146940 | B14: =PROPER(VLOOKUP($A14,cuc!$A$2:$AA$2088,B$3,FALSE)) -> Categoría C Riesgo Apreciable, Consumo | C14: =VLOOKUP($A14,cuc!$A$2:$AA$2088,C$3,FALSE) -> 0 | D14: =VLOOKUP($A14,cuc!$A$2:$AA$2088,D$3,FALSE) -> 0 | E14: =VLOOKUP($A14,cuc!$A$2:$AA$2088,E$3,FALSE) -> 0 | F14: =VLOOKUP($A14,cuc!$A$2:$AA$2088,F$3,FALSE) -> 0 | G14: =VLOOKUP($A14,cuc!$A$2:$AA$2088,G$3,FALSE) -> 0 | H14: =VLOOKUP($A14,cuc!$A$2:$AA$2088,H$3,FALSE) -> 0
A15: 146945 | B15: =PROPER(VLOOKUP($A15,cuc!$A$2:$AA$2088,B$3,FALSE)) -> Categoría D Riesgo Significativo, Consumo | C15: =VLOOKUP($A15,cuc!$A$2:$AA$2088,C$3,FALSE) -> 0 | D15: =VLOOKUP($A15,cuc!$A$2:$AA$2088,D$3,FALSE) -> 0 | E15: =VLOOKUP($A15,cuc!$A$2:$AA$2088,E$3,FALSE) -> 0 | F15: =VLOOKUP($A15,cuc!$A$2:$AA$2088,F$3,FALSE) -> 0 | G15: =VLOOKUP($A15,cuc!$A$2:$AA$2088,G$3,FALSE) -> 0 | H15: =VLOOKUP($A15,cuc!$A$2:$AA$2088,H$3,FALSE) -> 0
A16: 146950 | B16: =PROPER(VLOOKUP($A16,cuc!$A$2:$AA$2088,B$3,FALSE)) -> Categoría E Riesgo De Incobrabilidad, Consumo | C16: =VLOOKUP($A16,cuc!$A$2:$AA$2088,C$3,FALSE) -> 0 | D16: =VLOOKUP($A16,cuc!$A$2:$AA$2088,D$3,FALSE) -> 0 | E16: =VLOOKUP($A16,cuc!$A$2:$AA$2088,E$3,FALSE) -> 0 | F16: =VLOOKUP($A16,cuc!$A$2:$AA$2088,F$3,FALSE) -> 0 | G16: =VLOOKUP($A16,cuc!$A$2:$AA$2088,G$3,FALSE) -> 0 | H16: =VLOOKUP($A16,cuc!$A$2:$AA$2088,H$3,FALSE) -> 0
B17: Total MORA CONSUMO sin LBZ | C17: =+SUM(C5:C16) -> 0 | D17: =+SUM(D5:D16) -> 0 | E17: =+SUM(E5:E16) -> 0 | F17: =+SUM(F5:F16) -> 0 | G17: =+SUM(G5:G16) -> 0 | H17: =+SUM(H5:H16) -> 0
A19: Cuenta | B19: Descripción | C19: =+C$4 -> Año 16 | D19: =+D$4 -> Año 17 | E19: =+E$4 -> Año 18 | F19: =+F$4 -> Año 19 | G19: =+G$4 -> Año 20 | H19: =+H$4 -> Año 21
A20: 141100 | B20: =PROPER(VLOOKUP($A20,cuc!$A$2:$AA$2088,B$3,FALSE)) -> Créditos De Consumo, Garantía Admisible - Con Libranza | C20: =VLOOKUP($A20,cuc!$A$2:$AA$2088,C$3,FALSE) -> 0 | D20: =VLOOKUP($A20,cuc!$A$2:$AA$2088,D$3,FALSE) -> 0 | E20: =VLOOKUP($A20,cuc!$A$2:$AA$2088,E$3,FALSE) -> 0 | F20: =VLOOKUP($A20,cuc!$A$2:$AA$2088,F$3,FALSE) -> 0 | G20: =VLOOKUP($A20,cuc!$A$2:$AA$2088,G$3,FALSE) -> 0 | H20: =VLOOKUP($A20,cuc!$A$2:$AA$2088,H$3,FALSE) -> 0
A21: 144100 | B21: =PROPER(VLOOKUP($A21,cuc!$A$2:$AA$2088,B$3,FALSE)) -> Créditos De Consumo, Otras Garantías - Con Libranza | C21: =VLOOKUP($A21,cuc!$A$2:$AA$2088,C$3,FALSE) -> 0 | D21: =VLOOKUP($A21,cuc!$A$2:$AA$2088,D$3,FALSE) -> 0 | E21: =VLOOKUP($A21,cuc!$A$2:$AA$2088,E$3,FALSE) -> 0 | F21: =VLOOKUP($A21,cuc!$A$2:$AA$2088,F$3,FALSE) -> 0 | G21: =VLOOKUP($A21,cuc!$A$2:$AA$2088,G$3,FALSE) -> 0 | H21: =VLOOKUP($A21,cuc!$A$2:$AA$2088,H$3,FALSE) -> 0
A22: 146930 | B22: =PROPER(VLOOKUP($A22,cuc!$A$2:$AA$2088,B$3,FALSE)) -> Categoría A Riesgo Normal, Consumo | C22: =VLOOKUP($A22,cuc!$A$2:$AA$2088,C$3,FALSE) -> 0 | D22: =VLOOKUP($A22,cuc!$A$2:$AA$2088,D$3,FALSE) -> 0 | E22: =VLOOKUP($A22,cuc!$A$2:$AA$2088,E$3,FALSE) -> 0 | F22: =VLOOKUP($A22,cuc!$A$2:$AA$2088,F$3,FALSE) -> 0 | G22: =VLOOKUP($A22,cuc!$A$2:$AA$2088,G$3,FALSE) -> 0 | H22: =VLOOKUP($A22,cuc!$A$2:$AA$2088,H$3,FALSE) -> 0
A23: 146935 | B23: =PROPER(VLOOKUP($A23,cuc!$A$2:$AA$2088,B$3,FALSE)) -> Categoría B Riesgo Aceptable, Consumo | C23: =VLOOKUP($A23,cuc!$A$2:$AA$2088,C$3,FALSE) -> 0 | D23: =VLOOKUP($A23,cuc!$A$2:$AA$2088,D$3,FALSE) -> 0 | E23: =VLOOKUP($A23,cuc!$A$2:$AA$2088,E$3,FALSE) -> 0 | F23: =VLOOKUP($A23,cuc!$A$2:$AA$2088,F$3,FALSE) -> 0 | G23: =VLOOKUP($A23,cuc!$A$2:$AA$2088,G$3,FALSE) -> 0 | H23: =VLOOKUP($A23,cuc!$A$2:$AA$2088,H$3,FALSE) -> 0
A24: 146940 | B24: =PROPER(VLOOKUP($A24,cuc!$A$2:$AA$2088,B$3,FALSE)) -> Categoría C Riesgo Apreciable, Consumo | C24: =VLOOKUP($A24,cuc!$A$2:$AA$2088,C$3,FALSE) -> 0 | D24: =VLOOKUP($A24,cuc!$A$2:$AA$2088,D$3,FALSE) -> 0 | E24: =VLOOKUP($A24,cuc!$A$2:$AA$2088,E$3,FALSE) -> 0 | F24: =VLOOKUP($A24,cuc!$A$2:$AA$2088,F$3,FALSE) -> 0 | G24: =VLOOKUP($A24,cuc!$A$2:$AA$2088,G$3,FALSE) -> 0 | H24: =VLOOKUP($A24,cuc!$A$2:$AA$2088,H$3,FALSE) -> 0
A25: 146945 | B25: =PROPER(VLOOKUP($A25,cuc!$A$2:$AA$2088,B$3,FALSE)) -> Categoría D Riesgo Significativo, Consumo | C25: =VLOOKUP($A25,cuc!$A$2:$AA$2088,C$3,FALSE) -> 0 | D25: =VLOOKUP($A25,cuc!$A$2:$AA$2088,D$3,FALSE) -> 0 | E25: =VLOOKUP($A25,cuc!$A$2:$AA$2088,E$3,FALSE) -> 0 | F25: =VLOOKUP($A25,cuc!$A$2:$AA$2088,F$3,FALSE) -> 0 | G25: =VLOOKUP($A25,cuc!$A$2:$AA$2088,G$3,FALSE) -> 0 | H25: =VLOOKUP($A25,cuc!$A$2:$AA$2088,H$3,FALSE) -> 0
A26: 146950 | B26: =PROPER(VLOOKUP($A26,cuc!$A$2:$AA$2088,B$3,FALSE)) -> Categoría E Riesgo De Incobrabilidad, Consumo | C26: =VLOOKUP($A26,cuc!$A$2:$AA$2088,C$3,FALSE) -> 0 | D26: =VLOOKUP($A26,cuc!$A$2:$AA$2088,D$3,FALSE) -> 0 | E26: =VLOOKUP($A26,cuc!$A$2:$AA$2088,E$3,FALSE) -> 0 | F26: =VLOOKUP($A26,cuc!$A$2:$AA$2088,F$3,FALSE) -> 0 | G26: =VLOOKUP($A26,cuc!$A$2:$AA$2088,G$3,FALSE) -> 0 | H26: =VLOOKUP($A26,cuc!$A$2:$AA$2088,H$3,FALSE) -> 0
B27: Total BRUTA CONSUMO sin LBZ | C27: =SUM(C20:C26) -> 0 | D27: =SUM(D20:D26) -> 0 | E27: =SUM(E20:E26) -> 0 | F27: =SUM(F20:F26) -> 0 | G27: =SUM(G20:G26) -> 0 | H27: =SUM(H20:H26) -> 0
B29: Descripcion | C29: =+C$4 -> Año 16 | D29: =+D$4 -> Año 17 | E29: =+E$4 -> Año 18 | F29: =+F$4 -> Año 19 | G29: =+G$4 -> Año 20 | H29: =+H$4 -> Año 21
B30: Mora Consumo LBZ / Bruta Consumo LBZ | C30: =IFERROR(+C17/C27,0%) -> 0 | D30: =IFERROR(+D17/D27,0%) -> 0 | E30: =IFERROR(+E17/E27,0%) -> 0 | F30: =IFERROR(+F17/F27,0%) -> 0 | G30: =IFERROR(+G17/G27,0%) -> 0 | H30: =IFERROR(+H17/H27,0%) -> 0

Sheet 4. SARC - Calidad Comercial
A1: Indicador | B1: Descripción Formula | C1: TIPO | D1: NOMBRE INDICADOR | E1: Descripcion Indicador
A2: RIESGO | B2: =+Indicadores!E5 -> Cartera Calificada en Categorías B, C, D y E "Comercial" / Cartera Bruta "Comercial" | C2: =+Indicadores!B5 -> Riesgo Credito | D2: =+Indicadores!C5 -> Indicador de cartera por Riesgo en Comercial | E2: =+Indicadores!D5 -> Calidad x Riesgo (B,C,D,E)
B3: 2 | C3: 3 | D3: 4 | E3: 5 | F3: 6 | G3: 7 | H3: 8
A4: Cuenta | B4: Descripcion | C4: Año 16 | D4: Año 17 | E4: Año 18 | F4: Año 19 | G4: Año 20 | H4: Año 21
A5: 146110 | B5: =PROPER(VLOOKUP($A5,cuc!$A$2:$AA$2088,B$3,FALSE)) -> Categoría B Riesgo Aceptable | C5: =VLOOKUP($A5,cuc!$A$2:$AA$2088,C$3,FALSE) -> 0 | D5: =VLOOKUP($A5,cuc!$A$2:$AA$2088,D$3,FALSE) -> 0 | E5: =VLOOKUP($A5,cuc!$A$2:$AA$2088,E$3,FALSE) -> 0 | F5: =VLOOKUP($A5,cuc!$A$2:$AA$2088,F$3,FALSE) -> 0 | G5: =VLOOKUP($A5,cuc!$A$2:$AA$2088,G$3,FALSE) -> 0 | H5: =VLOOKUP($A5,cuc!$A$2:$AA$2088,H$3,FALSE) -> 0
A6: 146210 | B6: =PROPER(VLOOKUP($A6,cuc!$A$2:$AA$2088,B$3,FALSE)) -> Categoría B Riesgo Aceptable | C6: =VLOOKUP($A6,cuc!$A$2:$AA$2088,C$3,FALSE) -> 0 | D6: =VLOOKUP($A6,cuc!$A$2:$AA$2088,D$3,FALSE) -> 0 | E6: =VLOOKUP($A6,cuc!$A$2:$AA$2088,E$3,FALSE) -> 0 | F6: =VLOOKUP($A6,cuc!$A$2:$AA$2088,F$3,FALSE) -> 0 | G6: =VLOOKUP($A6,cuc!$A$2:$AA$2088,G$3,FALSE) -> 0 | H6: =VLOOKUP($A6,cuc!$A$2:$AA$2088,H$3,FALSE) -> 0
A7: 146115 | B7: =PROPER(VLOOKUP($A7,cuc!$A$2:$AA$2088,B$3,FALSE)) -> Categoría C Riesgo Apreciable | C7: =VLOOKUP($A7,cuc!$A$2:$AA$2088,C$3,FALSE) -> 0 | D7: =VLOOKUP($A7,cuc!$A$2:$AA$2088,D$3,FALSE) -> 0 | E7: =VLOOKUP($A7,cuc!$A$2:$AA$2088,E$3,FALSE) -> 0 | F7: =VLOOKUP($A7,cuc!$A$2:$AA$2088,F$3,FALSE) -> 0 | G7: =VLOOKUP($A7,cuc!$A$2:$AA$2088,G$3,FALSE) -> 0 | H7: =VLOOKUP($A7,cuc!$A$2:$AA$2088,H$3,FALSE) -> 0
A8: 146215 | B8: =PROPER(VLOOKUP($A8,cuc!$A$2:$AA$2088,B$3,FALSE)) -> Categoría C Riesgo Apreciable | C8: =VLOOKUP($A8,cuc!$A$2:$AA$2088,C$3,FALSE) -> 0 | D8: =VLOOKUP($A8,cuc!$A$2:$AA$2088,D$3,FALSE) -> 0 | E8: =VLOOKUP($A8,cuc!$A$2:$AA$2088,E$3,FALSE) -> 0 | F8: =VLOOKUP($A8,cuc!$A$2:$AA$2088,F$3,FALSE) -> 0 | G8: =VLOOKUP($A8,cuc!$A$2:$AA$2088,G$3,FALSE) -> 0 | H8: =VLOOKUP($A8,cuc!$A$2:$AA$2088,H$3,FALSE) -> 0
A9: 146120 | B9: =PROPER(VLOOKUP($A9,cuc!$A$2:$AA$2088,B$3,FALSE)) -> Categoría D Riesgo Significativo | C9: =VLOOKUP($A9,cuc!$A$2:$AA$2088,C$3,FALSE) -> 0 | D9: =VLOOKUP($A9,cuc!$A$2:$AA$2088,D$3,FALSE) -> 0 | E9: =VLOOKUP($A9,cuc!$A$2:$AA$2088,E$3,FALSE) -> 0 | F9: =VLOOKUP($A9,cuc!$A$2:$AA$2088,F$3,FALSE) -> 0 | G9: =VLOOKUP($A9,cuc!$A$2:$AA$2088,G$3,FALSE) -> 0 | H9: =VLOOKUP($A9,cuc!$A$2:$AA$2088,H$3,FALSE) -> 0
A10: 146220 | B10: =PROPER(VLOOKUP($A10,cuc!$A$2:$AA$2088,B$3,FALSE)) -> Categoría D Riesgo Significativo | C10: =VLOOKUP($A10,cuc!$A$2:$AA$2088,C$3,FALSE) -> 0 | D10: =VLOOKUP($A10,cuc!$A$2:$AA$2088,D$3,FALSE) -> 0 | E10: =VLOOKUP($A10,cuc!$A$2:$AA$2088,E$3,FALSE) -> 0 | F10: =VLOOKUP($A10,cuc!$A$2:$AA$2088,F$3,FALSE) -> 0 | G10: =VLOOKUP($A10,cuc!$A$2:$AA$2088,G$3,FALSE) -> 0 | H10: =VLOOKUP($A10,cuc!$A$2:$AA$2088,H$3,FALSE) -> 0
A11: 146125 | B11: =PROPER(VLOOKUP($A11,cuc!$A$2:$AA$2088,B$3,FALSE)) -> Categoría E Riesgo De Incobrabilidad | C11: =VLOOKUP($A11,cuc!$A$2:$AA$2088,C$3,FALSE) -> 0 | D11: =VLOOKUP($A11,cuc!$A$2:$AA$2088,D$3,FALSE) -> 0 | E11: =VLOOKUP($A11,cuc!$A$2:$AA$2088,E$3,FALSE) -> 0 | F11: =VLOOKUP($A11,cuc!$A$2:$AA$2088,F$3,FALSE) -> 0 | G11: =VLOOKUP($A11,cuc!$A$2:$AA$2088,G$3,FALSE) -> 0 | H11: =VLOOKUP($A11,cuc!$A$2:$AA$2088,H$3,FALSE) -> 0
A12: 146225 | B12: =PROPER(VLOOKUP($A12,cuc!$A$2:$AA$2088,B$3,FALSE)) -> Categoría E Riesgo De Incobrabilidad | C12: =VLOOKUP($A12,cuc!$A$2:$AA$2088,C$3,FALSE) -> 0 | D12: =VLOOKUP($A12,cuc!$A$2:$AA$2088,D$3,FALSE) -> 0 | E12: =VLOOKUP($A12,cuc!$A$2:$AA$2088,E$3,FALSE) -> 0 | F12: =VLOOKUP($A12,cuc!$A$2:$AA$2088,F$3,FALSE) -> 0 | G12: =VLOOKUP($A12,cuc!$A$2:$AA$2088,G$3,FALSE) -> 0 | H12: =VLOOKUP($A12,cuc!$A$2:$AA$2088,H$3,FALSE) -> 0
B13: Total MORA COMERCIAL | C13: =+SUM(C5:C12) -> 0 | D13: =+SUM(D5:D12) -> 0 | E13: =+SUM(E5:E12) -> 0 | F13: =+SUM(F5:F12) -> 0 | G13: =+SUM(G5:G12) -> 0 | H13: =+SUM(H5:H12) -> 0
A15: Cuenta | B15: Descripción | C15: =+C$4 -> Año 16 | D15: =+D$4 -> Año 17 | E15: =+E$4 -> Año 18 | F15: =+F$4 -> Año 19 | G15: =+G$4 -> Año 20 | H15: =+H$4 -> Año 21
A16: 146100 | B16: =PROPER(VLOOKUP($A16,cuc!$A$2:$AA$2088,B$3,FALSE)) -> Créditos Comerciales - Garantía Admisible | C16: =VLOOKUP($A16,cuc!$A$2:$AA$2088,C$3,FALSE) -> 0 | D16: =VLOOKUP($A16,cuc!$A$2:$AA$2088,D$3,FALSE) -> 0 | E16: =VLOOKUP($A16,cuc!$A$2:$AA$2088,E$3,FALSE) -> 0 | F16: =VLOOKUP($A16,cuc!$A$2:$AA$2088,F$3,FALSE) -> 0 | G16: =VLOOKUP($A16,cuc!$A$2:$AA$2088,G$3,FALSE) -> 0 | H16: =VLOOKUP($A16,cuc!$A$2:$AA$2088,H$3,FALSE) -> 0
A17: 146200 | B17: =PROPER(VLOOKUP($A17,cuc!$A$2:$AA$2088,B$3,FALSE)) -> Créditos Comerciales - Otras Garantías | C17: =VLOOKUP($A17,cuc!$A$2:$AA$2088,C$3,FALSE) -> 0 | D17: =VLOOKUP($A17,cuc!$A$2:$AA$2088,D$3,FALSE) -> 0 | E17: =VLOOKUP($A17,cuc!$A$2:$AA$2088,E$3,FALSE) -> 0 | F17: =VLOOKUP($A17,cuc!$A$2:$AA$2088,F$3,FALSE) -> 0 | G17: =VLOOKUP($A17,cuc!$A$2:$AA$2088,G$3,FALSE) -> 0 | H17: =VLOOKUP($A17,cuc!$A$2:$AA$2088,H$3,FALSE) -> 0
B18: Total BRUTA COMERCIAL | C18: =SUM(C16:C17) -> 0 | D18: =SUM(D16:D17) -> 0 | E18: =SUM(E16:E17) -> 0 | F18: =SUM(F16:F17) -> 0 | G18: =SUM(G16:G17) -> 0 | H18: =SUM(H16:H17) -> 0
B20: Descripcion | C20: =+C$4 -> Año 16 | D20: =+D$4 -> Año 17 | E20: =+E$4 -> Año 18 | F20: =+F$4 -> Año 19 | G20: =+G$4 -> Año 20 | H20: =+H$4 -> Año 21
B21: Mora CCIAL / Bruta CCIAL | C21: =IFERROR(+C13/C18,0%) -> 0 | D21: =IFERROR(+D13/D18,0%) -> 0 | E21: =IFERROR(+E13/E18,0%) -> 0 | F21: =IFERROR(+F13/F18,0%) -> 0 | G21: =IFERROR(+G13/G18,0%) -> 0 | H21: =IFERROR(+H13/H18,0%) -> 0

Sheet 5. SARC - Calidad MICRO
A1: Indicador | B1: Descripción Formula | C1: TIPO | D1: NOMBRE INDICADOR | E1: Descripcion Indicador
A2: RIESGO | B2: =+Indicadores!E6 -> Cartera Calificada en Categorías B, C, D y E "Microcredito" / Cartera Bruta "Microcredito" | C2: =+Indicadores!B6 -> Riesgo Credito | D2: =+Indicadores!C6 -> Indicador de cartera por Riesgo en Microcrédito | E2: =+Indicadores!D6 -> Calidad x Riesgo (B,C,D,E)
B3: 2 | C3: 3 | D3: 4 | E3: 5 | F3: 6 | G3: 7 | H3: 8
A4: Cuenta | B4: Descripcion | C4: Año 16 | D4: Año 17 | E4: Año 18 | F4: Año 19 | G4: Año 20 | H4: Año 21
A5: 146110 | B5: =PROPER(VLOOKUP($A5,cuc!$A$2:$AA$2088,B$3,FALSE)) -> Categoría B Riesgo Aceptable | C5: =VLOOKUP($A5,cuc!$A$2:$AA$2088,C$3,FALSE) -> 0 | D5: =VLOOKUP($A5,cuc!$A$2:$AA$2088,D$3,FALSE) -> 0 | E5: =VLOOKUP($A5,cuc!$A$2:$AA$2088,E$3,FALSE) -> 0 | F5: =VLOOKUP($A5,cuc!$A$2:$AA$2088,F$3,FALSE) -> 0 | G5: =VLOOKUP($A5,cuc!$A$2:$AA$2088,G$3,FALSE) -> 0 | H5: =VLOOKUP($A5,cuc!$A$2:$AA$2088,H$3,FALSE) -> 0
A6: 144810 | B6: =PROPER(VLOOKUP($A6,cuc!$A$2:$AA$2088,B$3,FALSE)) -> Categoría B Riesgo Aceptable | C6: =VLOOKUP($A6,cuc!$A$2:$AA$2088,C$3,FALSE) -> 0 | D6: =VLOOKUP($A6,cuc!$A$2:$AA$2088,D$3,FALSE) -> 0 | E6: =VLOOKUP($A6,cuc!$A$2:$AA$2088,E$3,FALSE) -> 0 | F6: =VLOOKUP($A6,cuc!$A$2:$AA$2088,F$3,FALSE) -> 0 | G6: =VLOOKUP($A6,cuc!$A$2:$AA$2088,G$3,FALSE) -> 0 | H6: =VLOOKUP($A6,cuc!$A$2:$AA$2088,H$3,FALSE) -> 0
A7: 144815 | B7: =PROPER(VLOOKUP($A7,cuc!$A$2:$AA$2088,B$3,FALSE)) -> Categoría C Riesgo Apreciable | C7: =VLOOKUP($A7,cuc!$A$2:$AA$2088,C$3,FALSE) -> 0 | D7: =VLOOKUP($A7,cuc!$A$2:$AA$2088,D$3,FALSE) -> 0 | E7: =VLOOKUP($A7,cuc!$A$2:$AA$2088,E$3,FALSE) -> 0 | F7: =VLOOKUP($A7,cuc!$A$2:$AA$2088,F$3,FALSE) -> 0 | G7: =VLOOKUP($A7,cuc!$A$2:$AA$2088,G$3,FALSE) -> 0 | H7: =VLOOKUP($A7,cuc!$A$2:$AA$2088,H$3,FALSE) -> 0
A8: 144820 | B8: =PROPER(VLOOKUP($A8,cuc!$A$2:$AA$2088,B$3,FALSE)) -> Categoría D Riesgo Significativo | C8: =VLOOKUP($A8,cuc!$A$2:$AA$2088,C$3,FALSE) -> 0 | D8: =VLOOKUP($A8,cuc!$A$2:$AA$2088,D$3,FALSE) -> 0 | E8: =VLOOKUP($A8,cuc!$A$2:$AA$2088,E$3,FALSE) -> 0 | F8: =VLOOKUP($A8,cuc!$A$2:$AA$2088,F$3,FALSE) -> 0 | G8: =VLOOKUP($A8,cuc!$A$2:$AA$2088,G$3,FALSE) -> 0 | H8: =VLOOKUP($A8,cuc!$A$2:$AA$2088,H$3,FALSE) -> 0
A9: 144825 | B9: =PROPER(VLOOKUP($A9,cuc!$A$2:$AA$2088,B$3,FALSE)) -> Categoría E Riesgo De Incobrabilidad | C9: =VLOOKUP($A9,cuc!$A$2:$AA$2088,C$3,FALSE) -> 0 | D9: =VLOOKUP($A9,cuc!$A$2:$AA$2088,D$3,FALSE) -> 0 | E9: =VLOOKUP($A9,cuc!$A$2:$AA$2088,E$3,FALSE) -> 0 | F9: =VLOOKUP($A9,cuc!$A$2:$AA$2088,F$3,FALSE) -> 0 | G9: =VLOOKUP($A9,cuc!$A$2:$AA$2088,G$3,FALSE) -> 0 | H9: =VLOOKUP($A9,cuc!$A$2:$AA$2088,H$3,FALSE) -> 0
A10: 145410 | B10: =PROPER(VLOOKUP($A10,cuc!$A$2:$AA$2088,B$3,FALSE)) -> Categoría B Riesgo Aceptable | C10: =VLOOKUP($A10,cuc!$A$2:$AA$2088,C$3,FALSE) -> 0 | D10: =VLOOKUP($A10,cuc!$A$2:$AA$2088,D$3,FALSE) -> 0 | E10: =VLOOKUP($A10,cuc!$A$2:$AA$2088,E$3,FALSE) -> 0 | F10: =VLOOKUP($A10,cuc!$A$2:$AA$2088,F$3,FALSE) -> 0 | G10: =VLOOKUP($A10,cuc!$A$2:$AA$2088,G$3,FALSE) -> 0 | H10: =VLOOKUP($A10,cuc!$A$2:$AA$2088,H$3,FALSE) -> 0
A11: 145415 | B11: =PROPER(VLOOKUP($A11,cuc!$A$2:$AA$2088,B$3,FALSE)) -> Categoría C Riesgo Apreciable | C11: =VLOOKUP($A11,cuc!$A$2:$AA$2088,C$3,FALSE) -> 0 | D11: =VLOOKUP($A11,cuc!$A$2:$AA$2088,D$3,FALSE) -> 0 | E11: =VLOOKUP($A11,cuc!$A$2:$AA$2088,E$3,FALSE) -> 0 | F11: =VLOOKUP($A11,cuc!$A$2:$AA$2088,F$3,FALSE) -> 0 | G11: =VLOOKUP($A11,cuc!$A$2:$AA$2088,G$3,FALSE) -> 0 | H11: =VLOOKUP($A11,cuc!$A$2:$AA$2088,H$3,FALSE) -> 0
A12: 145420 | B12: =PROPER(VLOOKUP($A12,cuc!$A$2:$AA$2088,B$3,FALSE)) -> Categoría D Riesgo Significativo | C12: =VLOOKUP($A12,cuc!$A$2:$AA$2088,C$3,FALSE) -> 0 | D12: =VLOOKUP($A12,cuc!$A$2:$AA$2088,D$3,FALSE) -> 0 | E12: =VLOOKUP($A12,cuc!$A$2:$AA$2088,E$3,FALSE) -> 0 | F12: =VLOOKUP($A12,cuc!$A$2:$AA$2088,F$3,FALSE) -> 0 | G12: =VLOOKUP($A12,cuc!$A$2:$AA$2088,G$3,FALSE) -> 0 | H12: =VLOOKUP($A12,cuc!$A$2:$AA$2088,H$3,FALSE) -> 0
A13: 145425 | B13: =PROPER(VLOOKUP($A13,cuc!$A$2:$AA$2088,B$3,FALSE)) -> Categoría E Riesgo De Incobrabilidad | C13: =VLOOKUP($A13,cuc!$A$2:$AA$2088,C$3,FALSE) -> 0 | D13: =VLOOKUP($A13,cuc!$A$2:$AA$2088,D$3,FALSE) -> 0 | E13: =VLOOKUP($A13,cuc!$A$2:$AA$2088,E$3,FALSE) -> 0 | F13: =VLOOKUP($A13,cuc!$A$2:$AA$2088,F$3,FALSE) -> 0 | G13: =VLOOKUP($A13,cuc!$A$2:$AA$2088,G$3,FALSE) -> 0 | H13: =VLOOKUP($A13,cuc!$A$2:$AA$2088,H$3,FALSE) -> 0
A14: 145510 | B14: =PROPER(VLOOKUP($A14,cuc!$A$2:$AA$2088,B$3,FALSE)) -> Categoría B Riesgo Aceptable | C14: =VLOOKUP($A14,cuc!$A$2:$AA$2088,C$3,FALSE) -> 0 | D14: =VLOOKUP($A14,cuc!$A$2:$AA$2088,D$3,FALSE) -> 0 | E14: =VLOOKUP($A14,cuc!$A$2:$AA$2088,E$3,FALSE) -> 0 | F14: =VLOOKUP($A14,cuc!$A$2:$AA$2088,F$3,FALSE) -> 0 | G14: =VLOOKUP($A14,cuc!$A$2:$AA$2088,G$3,FALSE) -> 0 | H14: =VLOOKUP($A14,cuc!$A$2:$AA$2088,H$3,FALSE) -> 0
A15: 145515 | B15: =PROPER(VLOOKUP($A15,cuc!$A$2:$AA$2088,B$3,FALSE)) -> Categoría C Riesgo Apreciable | C15: =VLOOKUP($A15,cuc!$A$2:$AA$2088,C$3,FALSE) -> 0 | D15: =VLOOKUP($A15,cuc!$A$2:$AA$2088,D$3,FALSE) -> 0 | E15: =VLOOKUP($A15,cuc!$A$2:$AA$2088,E$3,FALSE) -> 0 | F15: =VLOOKUP($A15,cuc!$A$2:$AA$2088,F$3,FALSE) -> 0 | G15: =VLOOKUP($A15,cuc!$A$2:$AA$2088,G$3,FALSE) -> 0 | H15: =VLOOKUP($A15,cuc!$A$2:$AA$2088,H$3,FALSE) -> 0
A16: 145520 | B16: =PROPER(VLOOKUP($A16,cuc!$A$2:$AA$2088,B$3,FALSE)) -> Categoría D Riesgo Significativo | C16: =VLOOKUP($A16,cuc!$A$2:$AA$2088,C$3,FALSE) -> 0 | D16: =VLOOKUP($A16,cuc!$A$2:$AA$2088,D$3,FALSE) -> 0 | E16: =VLOOKUP($A16,cuc!$A$2:$AA$2088,E$3,FALSE) -> 0 | F16: =VLOOKUP($A16,cuc!$A$2:$AA$2088,F$3,FALSE) -> 0 | G16: =VLOOKUP($A16,cuc!$A$2:$AA$2088,G$3,FALSE) -> 0 | H16: =VLOOKUP($A16,cuc!$A$2:$AA$2088,H$3,FALSE) -> 0
A17: 145525 | B17: =PROPER(VLOOKUP($A17,cuc!$A$2:$AA$2088,B$3,FALSE)) -> Categoría E Riesgo De Incobrabilidad | C17: =VLOOKUP($A17,cuc!$A$2:$AA$2088,C$3,FALSE) -> 0 | D17: =VLOOKUP($A17,cuc!$A$2:$AA$2088,D$3,FALSE) -> 0 | E17: =VLOOKUP($A17,cuc!$A$2:$AA$2088,E$3,FALSE) -> 0 | F17: =VLOOKUP($A17,cuc!$A$2:$AA$2088,F$3,FALSE) -> 0 | G17: =VLOOKUP($A17,cuc!$A$2:$AA$2088,G$3,FALSE) -> 0 | H17: =VLOOKUP($A17,cuc!$A$2:$AA$2088,H$3,FALSE) -> 0
B18: Total MORA MICROCREDITO | C18: =+SUM(C5:C17) -> 0 | D18: =+SUM(D5:D17) -> 0 | E18: =+SUM(E5:E17) -> 0 | F18: =+SUM(F5:F17) -> 0 | G18: =+SUM(G5:G17) -> 0 | H18: =+SUM(H5:H17) -> 0
A20: Cuenta | B20: Descripción | C20: =+C$4 -> Año 16 | D20: =+D$4 -> Año 17 | E20: =+E$4 -> Año 18 | F20: =+F$4 -> Año 19 | G20: =+G$4 -> Año 20 | H20: =+H$4 -> Año 21
A21: 145400 | B21: =PROPER(VLOOKUP($A21,cuc!$A$2:$AA$2088,B$3,FALSE)) -> Microcrédito Empresarial - Garantía Admisible | C21: =VLOOKUP($A21,cuc!$A$2:$AA$2088,C$3,FALSE) -> 0 | D21: =VLOOKUP($A21,cuc!$A$2:$AA$2088,D$3,FALSE) -> 0 | E21: =VLOOKUP($A21,cuc!$A$2:$AA$2088,E$3,FALSE) -> 0 | F21: =VLOOKUP($A21,cuc!$A$2:$AA$2088,F$3,FALSE) -> 0 | G21: =VLOOKUP($A21,cuc!$A$2:$AA$2088,G$3,FALSE) -> 0 | H21: =VLOOKUP($A21,cuc!$A$2:$AA$2088,H$3,FALSE) -> 0
A22: 145500 | B22: =PROPER(VLOOKUP($A22,cuc!$A$2:$AA$2088,B$3,FALSE)) -> Microcrédito Empresarial - Otras Garantías | C22: =VLOOKUP($A22,cuc!$A$2:$AA$2088,C$3,FALSE) -> 0 | D22: =VLOOKUP($A22,cuc!$A$2:$AA$2088,D$3,FALSE) -> 0 | E22: =VLOOKUP($A22,cuc!$A$2:$AA$2088,E$3,FALSE) -> 0 | F22: =VLOOKUP($A22,cuc!$A$2:$AA$2088,F$3,FALSE) -> 0 | G22: =VLOOKUP($A22,cuc!$A$2:$AA$2088,G$3,FALSE) -> 0 | H22: =VLOOKUP($A22,cuc!$A$2:$AA$2088,H$3,FALSE) -> 0
A23: 144800 | B23: =PROPER(VLOOKUP($A23,cuc!$A$2:$AA$2088,B$3,FALSE)) -> Microcrédito Inmobiliario | C23: =VLOOKUP($A23,cuc!$A$2:$AA$2088,C$3,FALSE) -> 0 | D23: =VLOOKUP($A23,cuc!$A$2:$AA$2088,D$3,FALSE) -> 0 | E23: =VLOOKUP($A23,cuc!$A$2:$AA$2088,E$3,FALSE) -> 0 | F23: =VLOOKUP($A23,cuc!$A$2:$AA$2088,F$3,FALSE) -> 0 | G23: =VLOOKUP($A23,cuc!$A$2:$AA$2088,G$3,FALSE) -> 0 | H23: =VLOOKUP($A23,cuc!$A$2:$AA$2088,H$3,FALSE) -> 0
B24: Total BRUTA MICROCREDITO | C24: =SUM(C21:C23) -> 0 | D24: =SUM(D21:D23) -> 0 | E24: =SUM(E21:E23) -> 0 | F24: =SUM(F21:F23) -> 0 | G24: =SUM(G21:G23) -> 0 | H24: =SUM(H21:H23) -> 0
B26: Descripcion | C26: =+C$4 -> Año 16 | D26: =+D$4 -> Año 17 | E26: =+E$4 -> Año 18 | F26: =+F$4 -> Año 19 | G26: =+G$4 -> Año 20 | H26: =+H$4 -> Año 21
B27: Mora MICRO / Bruta MICRO | C27: =IFERROR(+C18/C24,0%) -> 0 | D27: =IFERROR(+D18/D24,0%) -> 0 | E27: =IFERROR(+E18/E24,0%) -> 0 | F27: =IFERROR(+F18/F24,0%) -> 0 | G27: =IFERROR(+G18/G24,0%) -> 0 | H27: =IFERROR(+H18/H24,0%) -> 0

Sheet 6. SARC - Calidad VIVI
A1: Indicador | B1: Descripción Formula | C1: TIPO | D1: NOMBRE INDICADOR | E1: Descripcion Indicador
A2: RIESGO | B2: =+Indicadores!E7 -> Cartera Calificada en Categorías B, C, D y E "Vivienda" / Cartera Bruta "Vivienda" | C2: =+Indicadores!B7 -> Riesgo Credito | D2: =+Indicadores!C7 -> Indicador de cartera por Riesgo en Vivienda | E2: =+Indicadores!D7 -> Calidad x Riesgo (B,C,D,E)
B3: 2 | C3: 3 | D3: 4 | E3: 5 | F3: 6 | G3: 7 | H3: 8
A4: Cuenta | B4: Descripcion | C4: Año 16 | D4: Año 17 | E4: Año 18 | F4: Año 19 | G4: Año 20 | H4: Año 21
A5: 140410 | B5: =PROPER(VLOOKUP($A5,cuc!$A$2:$AA$2088,B$3,FALSE)) -> Categoría B Riesgo Aceptable | C5: =VLOOKUP($A5,cuc!$A$2:$AA$2088,C$3,FALSE) -> 0 | D5: =VLOOKUP($A5,cuc!$A$2:$AA$2088,D$3,FALSE) -> 0 | E5: =VLOOKUP($A5,cuc!$A$2:$AA$2088,E$3,FALSE) -> 0 | F5: =VLOOKUP($A5,cuc!$A$2:$AA$2088,F$3,FALSE) -> 0 | G5: =VLOOKUP($A5,cuc!$A$2:$AA$2088,G$3,FALSE) -> 0 | H5: =VLOOKUP($A5,cuc!$A$2:$AA$2088,H$3,FALSE) -> 0 | X5: 140400 | Y5: 140500 | Z5: 146905 | AA5: 146910 | AB5: 146915 | AC5: 146920 | AD5: 146925
A6: 140415 | B6: =PROPER(VLOOKUP($A6,cuc!$A$2:$AA$2088,B$3,FALSE)) -> Categoría C Riesgo Apreciable | C6: =VLOOKUP($A6,cuc!$A$2:$AA$2088,C$3,FALSE) -> 0 | D6: =VLOOKUP($A6,cuc!$A$2:$AA$2088,D$3,FALSE) -> 0 | E6: =VLOOKUP($A6,cuc!$A$2:$AA$2088,E$3,FALSE) -> 0 | F6: =VLOOKUP($A6,cuc!$A$2:$AA$2088,F$3,FALSE) -> 0 | G6: =VLOOKUP($A6,cuc!$A$2:$AA$2088,G$3,FALSE) -> 0 | H6: =VLOOKUP($A6,cuc!$A$2:$AA$2088,H$3,FALSE) -> 0
A7: 140420 | B7: =PROPER(VLOOKUP($A7,cuc!$A$2:$AA$2088,B$3,FALSE)) -> Categoría D Riesgo Significativo | C7: =VLOOKUP($A7,cuc!$A$2:$AA$2088,C$3,FALSE) -> 0 | D7: =VLOOKUP($A7,cuc!$A$2:$AA$2088,D$3,FALSE) -> 0 | E7: =VLOOKUP($A7,cuc!$A$2:$AA$2088,E$3,FALSE) -> 0 | F7: =VLOOKUP($A7,cuc!$A$2:$AA$2088,F$3,FALSE) -> 0 | G7: =VLOOKUP($A7,cuc!$A$2:$AA$2088,G$3,FALSE) -> 0 | H7: =VLOOKUP($A7,cuc!$A$2:$AA$2088,H$3,FALSE) -> 0
A8: 140425 | B8: =PROPER(VLOOKUP($A8,cuc!$A$2:$AA$2088,B$3,FALSE)) -> Categoría E Riesgo De Incobrabilidad | C8: =VLOOKUP($A8,cuc!$A$2:$AA$2088,C$3,FALSE) -> 0 | D8: =VLOOKUP($A8,cuc!$A$2:$AA$2088,D$3,FALSE) -> 0 | E8: =VLOOKUP($A8,cuc!$A$2:$AA$2088,E$3,FALSE) -> 0 | F8: =VLOOKUP($A8,cuc!$A$2:$AA$2088,F$3,FALSE) -> 0 | G8: =VLOOKUP($A8,cuc!$A$2:$AA$2088,G$3,FALSE) -> 0 | H8: =VLOOKUP($A8,cuc!$A$2:$AA$2088,H$3,FALSE) -> 0
A9: 140510 | B9: =PROPER(VLOOKUP($A9,cuc!$A$2:$AA$2088,B$3,FALSE)) -> Categoría B Riesgo Aceptable | C9: =VLOOKUP($A9,cuc!$A$2:$AA$2088,C$3,FALSE) -> 0 | D9: =VLOOKUP($A9,cuc!$A$2:$AA$2088,D$3,FALSE) -> 0 | E9: =VLOOKUP($A9,cuc!$A$2:$AA$2088,E$3,FALSE) -> 0 | F9: =VLOOKUP($A9,cuc!$A$2:$AA$2088,F$3,FALSE) -> 0 | G9: =VLOOKUP($A9,cuc!$A$2:$AA$2088,G$3,FALSE) -> 0 | H9: =VLOOKUP($A9,cuc!$A$2:$AA$2088,H$3,FALSE) -> 0
A10: 140515 | B10: =PROPER(VLOOKUP($A10,cuc!$A$2:$AA$2088,B$3,FALSE)) -> Categoría C Riesgo Apreciable | C10: =VLOOKUP($A10,cuc!$A$2:$AA$2088,C$3,FALSE) -> 0 | D10: =VLOOKUP($A10,cuc!$A$2:$AA$2088,D$3,FALSE) -> 0 | E10: =VLOOKUP($A10,cuc!$A$2:$AA$2088,E$3,FALSE) -> 0 | F10: =VLOOKUP($A10,cuc!$A$2:$AA$2088,F$3,FALSE) -> 0 | G10: =VLOOKUP($A10,cuc!$A$2:$AA$2088,G$3,FALSE) -> 0 | H10: =VLOOKUP($A10,cuc!$A$2:$AA$2088,H$3,FALSE) -> 0
A11: 140520 | B11: =PROPER(VLOOKUP($A11,cuc!$A$2:$AA$2088,B$3,FALSE)) -> Categoría D Riesgo Significativo | C11: =VLOOKUP($A11,cuc!$A$2:$AA$2088,C$3,FALSE) -> 0 | D11: =VLOOKUP($A11,cuc!$A$2:$AA$2088,D$3,FALSE) -> 0 | E11: =VLOOKUP($A11,cuc!$A$2:$AA$2088,E$3,FALSE) -> 0 | F11: =VLOOKUP($A11,cuc!$A$2:$AA$2088,F$3,FALSE) -> 0 | G11: =VLOOKUP($A11,cuc!$A$2:$AA$2088,G$3,FALSE) -> 0 | H11: =VLOOKUP($A11,cuc!$A$2:$AA$2088,H$3,FALSE) -> 0
A12: 140525 | B12: =PROPER(VLOOKUP($A12,cuc!$A$2:$AA$2088,B$3,FALSE)) -> Categoría E Riesgo De Incobrabilidad | C12: =VLOOKUP($A12,cuc!$A$2:$AA$2088,C$3,FALSE) -> 0 | D12: =VLOOKUP($A12,cuc!$A$2:$AA$2088,D$3,FALSE) -> 0 | E12: =VLOOKUP($A12,cuc!$A$2:$AA$2088,E$3,FALSE) -> 0 | F12: =VLOOKUP($A12,cuc!$A$2:$AA$2088,F$3,FALSE) -> 0 | G12: =VLOOKUP($A12,cuc!$A$2:$AA$2088,G$3,FALSE) -> 0 | H12: =VLOOKUP($A12,cuc!$A$2:$AA$2088,H$3,FALSE) -> 0
A13: 146910 | B13: =PROPER(VLOOKUP($A13,cuc!$A$2:$AA$2088,B$3,FALSE)) -> Categoría B Riesgo Aceptable, Vivienda | C13: =VLOOKUP($A13,cuc!$A$2:$AA$2088,C$3,FALSE) -> 0 | D13: =VLOOKUP($A13,cuc!$A$2:$AA$2088,D$3,FALSE) -> 0 | E13: =VLOOKUP($A13,cuc!$A$2:$AA$2088,E$3,FALSE) -> 0 | F13: =VLOOKUP($A13,cuc!$A$2:$AA$2088,F$3,FALSE) -> 0 | G13: =VLOOKUP($A13,cuc!$A$2:$AA$2088,G$3,FALSE) -> 0 | H13: =VLOOKUP($A13,cuc!$A$2:$AA$2088,H$3,FALSE) -> 0
A14: 146915 | B14: =PROPER(VLOOKUP($A14,cuc!$A$2:$AA$2088,B$3,FALSE)) -> Categoría C Riesgo Apreciable, Vivienda | C14: =VLOOKUP($A14,cuc!$A$2:$AA$2088,C$3,FALSE) -> 0 | D14: =VLOOKUP($A14,cuc!$A$2:$AA$2088,D$3,FALSE) -> 0 | E14: =VLOOKUP($A14,cuc!$A$2:$AA$2088,E$3,FALSE) -> 0 | F14: =VLOOKUP($A14,cuc!$A$2:$AA$2088,F$3,FALSE) -> 0 | G14: =VLOOKUP($A14,cuc!$A$2:$AA$2088,G$3,FALSE) -> 0 | H14: =VLOOKUP($A14,cuc!$A$2:$AA$2088,H$3,FALSE) -> 0
A15: 146920 | B15: =PROPER(VLOOKUP($A15,cuc!$A$2:$AA$2088,B$3,FALSE)) -> Categoría D Riesgo Significativo, Vivienda | C15: =VLOOKUP($A15,cuc!$A$2:$AA$2088,C$3,FALSE) -> 0 | D15: =VLOOKUP($A15,cuc!$A$2:$AA$2088,D$3,FALSE) -> 0 | E15: =VLOOKUP($A15,cuc!$A$2:$AA$2088,E$3,FALSE) -> 0 | F15: =VLOOKUP($A15,cuc!$A$2:$AA$2088,F$3,FALSE) -> 0 | G15: =VLOOKUP($A15,cuc!$A$2:$AA$2088,G$3,FALSE) -> 0 | H15: =VLOOKUP($A15,cuc!$A$2:$AA$2088,H$3,FALSE) -> 0
A16: 146925 | B16: =PROPER(VLOOKUP($A16,cuc!$A$2:$AA$2088,B$3,FALSE)) -> Categoría E Riesgo De Incobrabilidad, Vivienda | C16: =VLOOKUP($A16,cuc!$A$2:$AA$2088,C$3,FALSE) -> 0 | D16: =VLOOKUP($A16,cuc!$A$2:$AA$2088,D$3,FALSE) -> 0 | E16: =VLOOKUP($A16,cuc!$A$2:$AA$2088,E$3,FALSE) -> 0 | F16: =VLOOKUP($A16,cuc!$A$2:$AA$2088,F$3,FALSE) -> 0 | G16: =VLOOKUP($A16,cuc!$A$2:$AA$2088,G$3,FALSE) -> 0 | H16: =VLOOKUP($A16,cuc!$A$2:$AA$2088,H$3,FALSE) -> 0
B17: Total MORA VIVIENDA | C17: =+SUM(C5:C16) -> 0 | D17: =+SUM(D5:D16) -> 0 | E17: =+SUM(E5:E16) -> 0 | F17: =+SUM(F5:F16) -> 0 | G17: =+SUM(G5:G16) -> 0 | H17: =+SUM(H5:H16) -> 0
A19: Cuenta | B19: Descripción | C19: =+C$4 -> Año 16 | D19: =+D$4 -> Año 17 | E19: =+E$4 -> Año 18 | F19: =+F$4 -> Año 19 | G19: =+G$4 -> Año 20 | H19: =+H$4 -> Año 21
A20: 140400 | B20: =PROPER(VLOOKUP($A20,cuc!$A$2:$AA$2088,B$3,FALSE)) -> Créditos De Vivienda - Con Libranza | C20: =VLOOKUP($A20,cuc!$A$2:$AA$2088,C$3,FALSE) -> 0 | D20: =VLOOKUP($A20,cuc!$A$2:$AA$2088,D$3,FALSE) -> 0 | E20: =VLOOKUP($A20,cuc!$A$2:$AA$2088,E$3,FALSE) -> 0 | F20: =VLOOKUP($A20,cuc!$A$2:$AA$2088,F$3,FALSE) -> 0 | G20: =VLOOKUP($A20,cuc!$A$2:$AA$2088,G$3,FALSE) -> 0 | H20: =VLOOKUP($A20,cuc!$A$2:$AA$2088,H$3,FALSE) -> 0
A21: 140500 | B21: =PROPER(VLOOKUP($A21,cuc!$A$2:$AA$2088,B$3,FALSE)) -> Créditos De Vivienda - Sin Libranza | C21: =VLOOKUP($A21,cuc!$A$2:$AA$2088,C$3,FALSE) -> 0 | D21: =VLOOKUP($A21,cuc!$A$2:$AA$2088,D$3,FALSE) -> 0 | E21: =VLOOKUP($A21,cuc!$A$2:$AA$2088,E$3,FALSE) -> 0 | F21: =VLOOKUP($A21,cuc!$A$2:$AA$2088,F$3,FALSE) -> 0 | G21: =VLOOKUP($A21,cuc!$A$2:$AA$2088,G$3,FALSE) -> 0 | H21: =VLOOKUP($A21,cuc!$A$2:$AA$2088,H$3,FALSE) -> 0
A22: 146905 | B22: =PROPER(VLOOKUP($A22,cuc!$A$2:$AA$2088,B$3,FALSE)) -> Categoría A Riesgo Normal, Vivienda | C22: =VLOOKUP($A22,cuc!$A$2:$AA$2088,C$3,FALSE) -> 0 | D22: =VLOOKUP($A22,cuc!$A$2:$AA$2088,D$3,FALSE) -> 0 | E22: =VLOOKUP($A22,cuc!$A$2:$AA$2088,E$3,FALSE) -> 0 | F22: =VLOOKUP($A22,cuc!$A$2:$AA$2088,F$3,FALSE) -> 0 | G22: =VLOOKUP($A22,cuc!$A$2:$AA$2088,G$3,FALSE) -> 0 | H22: =VLOOKUP($A22,cuc!$A$2:$AA$2088,H$3,FALSE) -> 0
A23: 146910 | B23: =PROPER(VLOOKUP($A23,cuc!$A$2:$AA$2088,B$3,FALSE)) -> Categoría B Riesgo Aceptable, Vivienda | C23: =VLOOKUP($A23,cuc!$A$2:$AA$2088,C$3,FALSE) -> 0 | D23: =VLOOKUP($A23,cuc!$A$2:$AA$2088,D$3,FALSE) -> 0 | E23: =VLOOKUP($A23,cuc!$A$2:$AA$2088,E$3,FALSE) -> 0 | F23: =VLOOKUP($A23,cuc!$A$2:$AA$2088,F$3,FALSE) -> 0 | G23: =VLOOKUP($A23,cuc!$A$2:$AA$2088,G$3,FALSE) -> 0 | H23: =VLOOKUP($A23,cuc!$A$2:$AA$2088,H$3,FALSE) -> 0
A24: 146915 | B24: =PROPER(VLOOKUP($A24,cuc!$A$2:$AA$2088,B$3,FALSE)) -> Categoría C Riesgo Apreciable, Vivienda | C24: =VLOOKUP($A24,cuc!$A$2:$AA$2088,C$3,FALSE) -> 0 | D24: =VLOOKUP($A24,cuc!$A$2:$AA$2088,D$3,FALSE) -> 0 | E24: =VLOOKUP($A24,cuc!$A$2:$AA$2088,E$3,FALSE) -> 0 | F24: =VLOOKUP($A24,cuc!$A$2:$AA$2088,F$3,FALSE) -> 0 | G24: =VLOOKUP($A24,cuc!$A$2:$AA$2088,G$3,FALSE) -> 0 | H24: =VLOOKUP($A24,cuc!$A$2:$AA$2088,H$3,FALSE) -> 0
A25: 146920 | B25: =PROPER(VLOOKUP($A25,cuc!$A$2:$AA$2088,B$3,FALSE)) -> Categoría D Riesgo Significativo, Vivienda | C25: =VLOOKUP($A25,cuc!$A$2:$AA$2088,C$3,FALSE) -> 0 | D25: =VLOOKUP($A25,cuc!$A$2:$AA$2088,D$3,FALSE) -> 0 | E25: =VLOOKUP($A25,cuc!$A$2:$AA$2088,E$3,FALSE) -> 0 | F25: =VLOOKUP($A25,cuc!$A$2:$AA$2088,F$3,FALSE) -> 0 | G25: =VLOOKUP($A25,cuc!$A$2:$AA$2088,G$3,FALSE) -> 0 | H25: =VLOOKUP($A25,cuc!$A$2:$AA$2088,H$3,FALSE) -> 0
A26: 146925 | B26: =PROPER(VLOOKUP($A26,cuc!$A$2:$AA$2088,B$3,FALSE)) -> Categoría E Riesgo De Incobrabilidad, Vivienda | C26: =VLOOKUP($A26,cuc!$A$2:$AA$2088,C$3,FALSE) -> 0 | D26: =VLOOKUP($A26,cuc!$A$2:$AA$2088,D$3,FALSE) -> 0 | E26: =VLOOKUP($A26,cuc!$A$2:$AA$2088,E$3,FALSE) -> 0 | F26: =VLOOKUP($A26,cuc!$A$2:$AA$2088,F$3,FALSE) -> 0 | G26: =VLOOKUP($A26,cuc!$A$2:$AA$2088,G$3,FALSE) -> 0 | H26: =VLOOKUP($A26,cuc!$A$2:$AA$2088,H$3,FALSE) -> 0
B27: Total BRUTA VIVIENDA | C27: =SUM(C20:C26) -> 0 | D27: =SUM(D20:D26) -> 0 | E27: =SUM(E20:E26) -> 0 | F27: =SUM(F20:F26) -> 0 | G27: =SUM(G20:G26) -> 0 | H27: =SUM(H20:H26) -> 0
B29: Descripcion | C29: =+C4 -> Año 16 | D29: =+D4 -> Año 17 | E29: =+E4 -> Año 18 | F29: =+F4 -> Año 19 | G29: =+G4 -> Año 20 | H29: =+H4 -> Año 21
B30: Mora VIVI / Bruta VIVI | C30: =IFERROR(+C17/C27,0%) -> 0 | D30: =IFERROR(+D17/D27,0%) -> 0 | E30: =IFERROR(+E17/E27,0%) -> 0 | F30: =IFERROR(+F17/F27,0%) -> 0 | G30: =IFERROR(+G17/G27,0%) -> 0 | H30: =IFERROR(+H17/H27,0%) -> 0

Sheet 7. SARC - Cobertura TOTAL
A1: Indicador | B1: Descripción Formula | C1: TIPO | D1: NOMBRE INDICADOR | E1: Descripcion Indicador
A2: RIESGO | B2: =+Indicadores!E34 -> Deterioro / Cartera Bruta | C2: =+Indicadores!B34 -> Activo | D2: =+Indicadores!C34 -> Indicador de Cobertura de la Cartera Total en Riesgo | E2: =+Indicadores!D34 -> Deterioro / Cartera Bruta
B3: 2 | C3: 3 | D3: 4 | E3: 5 | F3: 6 | G3: 7 | H3: 8
A4: Cuenta | B4: Descripcion | C4: Año 16 | D4: Año 17 | E4: Año 18 | F4: Año 19 | G4: Año 20 | H4: Año 21
A5: 140800 | B5: =PROPER(VLOOKUP($A5,cuc!$A$2:$AA$2088,B$3,FALSE)) -> Deterioro Créditos De Vivienda (Cr) | C5: =VLOOKUP($A5,cuc!$A$2:$AA$2088,C$3,FALSE) -> 0 | D5: =VLOOKUP($A5,cuc!$A$2:$AA$2088,D$3,FALSE) -> 0 | E5: =VLOOKUP($A5,cuc!$A$2:$AA$2088,E$3,FALSE) -> 0 | F5: =VLOOKUP($A5,cuc!$A$2:$AA$2088,F$3,FALSE) -> 0 | G5: =VLOOKUP($A5,cuc!$A$2:$AA$2088,G$3,FALSE) -> 0 | H5: =VLOOKUP($A5,cuc!$A$2:$AA$2088,H$3,FALSE) -> 0 | X5: 140400 | Y5: 140500 | Z5: 146905 | AA5: 146910 | AB5: 146915 | AC5: 146920 | AD5: 146925
A6: 144500 | B6: =PROPER(VLOOKUP($A6,cuc!$A$2:$AA$2088,B$3,FALSE)) -> Deterioro CrÉditos De Consumo (Cr) | C6: =VLOOKUP($A6,cuc!$A$2:$AA$2088,C$3,FALSE) -> 18273237 | D6: =VLOOKUP($A6,cuc!$A$2:$AA$2088,D$3,FALSE) -> 62956732 | E6: =VLOOKUP($A6,cuc!$A$2:$AA$2088,E$3,FALSE) -> 44667594 | F6: =VLOOKUP($A6,cuc!$A$2:$AA$2088,F$3,FALSE) -> 34398222 | G6: =VLOOKUP($A6,cuc!$A$2:$AA$2088,G$3,FALSE) -> 26431173 | H6: =VLOOKUP($A6,cuc!$A$2:$AA$2088,H$3,FALSE) -> 30207182
A7: 145100 | B7: =PROPER(VLOOKUP($A7,cuc!$A$2:$AA$2088,B$3,FALSE)) -> Deterioro Microcrédito Inmobiliario (Cr) | C7: =VLOOKUP($A7,cuc!$A$2:$AA$2088,C$3,FALSE) -> 0 | D7: =VLOOKUP($A7,cuc!$A$2:$AA$2088,D$3,FALSE) -> 0 | E7: =VLOOKUP($A7,cuc!$A$2:$AA$2088,E$3,FALSE) -> 0 | F7: =VLOOKUP($A7,cuc!$A$2:$AA$2088,F$3,FALSE) -> 0 | G7: =VLOOKUP($A7,cuc!$A$2:$AA$2088,G$3,FALSE) -> 0 | H7: =VLOOKUP($A7,cuc!$A$2:$AA$2088,H$3,FALSE) -> 0
A8: 145800 | B8: =PROPER(VLOOKUP($A8,cuc!$A$2:$AA$2088,B$3,FALSE)) -> Deterioro Microcrédito Empresarial (Cr) | C8: =VLOOKUP($A8,cuc!$A$2:$AA$2088,C$3,FALSE) -> 0 | D8: =VLOOKUP($A8,cuc!$A$2:$AA$2088,D$3,FALSE) -> 0 | E8: =VLOOKUP($A8,cuc!$A$2:$AA$2088,E$3,FALSE) -> 0 | F8: =VLOOKUP($A8,cuc!$A$2:$AA$2088,F$3,FALSE) -> 0 | G8: =VLOOKUP($A8,cuc!$A$2:$AA$2088,G$3,FALSE) -> 0 | H8: =VLOOKUP($A8,cuc!$A$2:$AA$2088,H$3,FALSE) -> 0
A9: 146500 | B9: =PROPER(VLOOKUP($A9,cuc!$A$2:$AA$2088,B$3,FALSE)) -> Deterioro CréDitos Comerciales (Cr) | C9: =VLOOKUP($A9,cuc!$A$2:$AA$2088,C$3,FALSE) -> 0 | D9: =VLOOKUP($A9,cuc!$A$2:$AA$2088,D$3,FALSE) -> 0 | E9: =VLOOKUP($A9,cuc!$A$2:$AA$2088,E$3,FALSE) -> 0 | F9: =VLOOKUP($A9,cuc!$A$2:$AA$2088,F$3,FALSE) -> 0 | G9: =VLOOKUP($A9,cuc!$A$2:$AA$2088,G$3,FALSE) -> 0 | H9: =VLOOKUP($A9,cuc!$A$2:$AA$2088,H$3,FALSE) -> 0
A10: 146800 | B10: =PROPER(VLOOKUP($A10,cuc!$A$2:$AA$2088,B$3,FALSE)) -> Deterioro General De Cartera De CrÉditos (Cr) | C10: =VLOOKUP($A10,cuc!$A$2:$AA$2088,C$3,FALSE) -> 11252263 | D10: =VLOOKUP($A10,cuc!$A$2:$AA$2088,D$3,FALSE) -> 12217252 | E10: =VLOOKUP($A10,cuc!$A$2:$AA$2088,E$3,FALSE) -> 14007458 | F10: =VLOOKUP($A10,cuc!$A$2:$AA$2088,F$3,FALSE) -> 13200422 | G10: =VLOOKUP($A10,cuc!$A$2:$AA$2088,G$3,FALSE) -> 10816744 | H10: =VLOOKUP($A10,cuc!$A$2:$AA$2088,H$3,FALSE) -> 9492191.1
A11: 147100 | B11: =PROPER(VLOOKUP($A11,cuc!$A$2:$AA$2088,B$3,FALSE)) -> Deterioro CréDitos A Empleados (Cr) | C11: =VLOOKUP($A11,cuc!$A$2:$AA$2088,C$3,FALSE) -> 0 | D11: =VLOOKUP($A11,cuc!$A$2:$AA$2088,D$3,FALSE) -> 0 | E11: =VLOOKUP($A11,cuc!$A$2:$AA$2088,E$3,FALSE) -> 0 | F11: =VLOOKUP($A11,cuc!$A$2:$AA$2088,F$3,FALSE) -> 0 | G11: =VLOOKUP($A11,cuc!$A$2:$AA$2088,G$3,FALSE) -> 0 | H11: =VLOOKUP($A11,cuc!$A$2:$AA$2088,H$3,FALSE) -> 0
B12: Total Deterioro | C12: =+SUM(C5:C11) -> 29525500 | D12: =+SUM(D5:D11) -> 75173984 | E12: =+SUM(E5:E11) -> 58675052 | F12: =+SUM(F5:F11) -> 47598645 | G12: =+SUM(G5:G11) -> 37247917 | H12: =+SUM(H5:H11) -> 39699374
A14: Cuenta | B14: Descripción | C14: =+C$4 -> Año 16 | D14: =+D$4 -> Año 17 | E14: =+E$4 -> Año 18 | F14: =+F$4 -> Año 19 | G14: =+G$4 -> Año 20 | H14: =+H$4 -> Año 21
A15: 140400 | B15: =PROPER(VLOOKUP($A15,cuc!$A$2:$AA$2088,B$3,FALSE)) -> Créditos De Vivienda - Con Libranza | C15: =VLOOKUP($A15,cuc!$A$2:$AA$2088,C$3,FALSE) -> 0 | D15: =VLOOKUP($A15,cuc!$A$2:$AA$2088,D$3,FALSE) -> 0 | E15: =VLOOKUP($A15,cuc!$A$2:$AA$2088,E$3,FALSE) -> 0 | F15: =VLOOKUP($A15,cuc!$A$2:$AA$2088,F$3,FALSE) -> 0 | G15: =VLOOKUP($A15,cuc!$A$2:$AA$2088,G$3,FALSE) -> 0 | H15: =VLOOKUP($A15,cuc!$A$2:$AA$2088,H$3,FALSE) -> 0
A16: 140500 | B16: =PROPER(VLOOKUP($A16,cuc!$A$2:$AA$2088,B$3,FALSE)) -> Créditos De Vivienda - Sin Libranza | C16: =VLOOKUP($A16,cuc!$A$2:$AA$2088,C$3,FALSE) -> 0 | D16: =VLOOKUP($A16,cuc!$A$2:$AA$2088,D$3,FALSE) -> 0 | E16: =VLOOKUP($A16,cuc!$A$2:$AA$2088,E$3,FALSE) -> 0 | F16: =VLOOKUP($A16,cuc!$A$2:$AA$2088,F$3,FALSE) -> 0 | G16: =VLOOKUP($A16,cuc!$A$2:$AA$2088,G$3,FALSE) -> 0 | H16: =VLOOKUP($A16,cuc!$A$2:$AA$2088,H$3,FALSE) -> 0
A17: 141100 | B17: =PROPER(VLOOKUP($A17,cuc!$A$2:$AA$2088,B$3,FALSE)) -> Créditos De Consumo, Garantía Admisible - Con Libranza | C17: =VLOOKUP($A17,cuc!$A$2:$AA$2088,C$3,FALSE) -> 0 | D17: =VLOOKUP($A17,cuc!$A$2:$AA$2088,D$3,FALSE) -> 0 | E17: =VLOOKUP($A17,cuc!$A$2:$AA$2088,E$3,FALSE) -> 0 | F17: =VLOOKUP($A17,cuc!$A$2:$AA$2088,F$3,FALSE) -> 0 | G17: =VLOOKUP($A17,cuc!$A$2:$AA$2088,G$3,FALSE) -> 0 | H17: =VLOOKUP($A17,cuc!$A$2:$AA$2088,H$3,FALSE) -> 0
A18: 141200 | B18: =PROPER(VLOOKUP($A18,cuc!$A$2:$AA$2088,B$3,FALSE)) -> Créditos De Consumo, Garantía Admisible - Sin Libranza | C18: =VLOOKUP($A18,cuc!$A$2:$AA$2088,C$3,FALSE) -> 0 | D18: =VLOOKUP($A18,cuc!$A$2:$AA$2088,D$3,FALSE) -> 0 | E18: =VLOOKUP($A18,cuc!$A$2:$AA$2088,E$3,FALSE) -> 0 | F18: =VLOOKUP($A18,cuc!$A$2:$AA$2088,F$3,FALSE) -> 0 | G18: =VLOOKUP($A18,cuc!$A$2:$AA$2088,G$3,FALSE) -> 0 | H18: =VLOOKUP($A18,cuc!$A$2:$AA$2088,H$3,FALSE) -> 0
A19: 144100 | B19: =PROPER(VLOOKUP($A19,cuc!$A$2:$AA$2088,B$3,FALSE)) -> Créditos De Consumo, Otras Garantías - Con Libranza | C19: =VLOOKUP($A19,cuc!$A$2:$AA$2088,C$3,FALSE) -> 0 | D19: =VLOOKUP($A19,cuc!$A$2:$AA$2088,D$3,FALSE) -> 0 | E19: =VLOOKUP($A19,cuc!$A$2:$AA$2088,E$3,FALSE) -> 0 | F19: =VLOOKUP($A19,cuc!$A$2:$AA$2088,F$3,FALSE) -> 0 | G19: =VLOOKUP($A19,cuc!$A$2:$AA$2088,G$3,FALSE) -> 0 | H19: =VLOOKUP($A19,cuc!$A$2:$AA$2088,H$3,FALSE) -> 0
A20: 144200 | B20: =PROPER(VLOOKUP($A20,cuc!$A$2:$AA$2088,B$3,FALSE)) -> Créditos De Consumo, Otras Garantías - Sin Libranza | C20: =VLOOKUP($A20,cuc!$A$2:$AA$2088,C$3,FALSE) -> 1.1083842e+09 | D20: =VLOOKUP($A20,cuc!$A$2:$AA$2088,D$3,FALSE) -> 1.2217189e+09 | E20: =VLOOKUP($A20,cuc!$A$2:$AA$2088,E$3,FALSE) -> 1.4007458e+09 | F20: =VLOOKUP($A20,cuc!$A$2:$AA$2088,F$3,FALSE) -> 1.3200422e+09 | G20: =VLOOKUP($A20,cuc!$A$2:$AA$2088,G$3,FALSE) -> 1.0816744e+09 | H20: =VLOOKUP($A20,cuc!$A$2:$AA$2088,H$3,FALSE) -> 9.4921911e+08
A21: 145400 | B21: =PROPER(VLOOKUP($A21,cuc!$A$2:$AA$2088,B$3,FALSE)) -> Microcrédito Empresarial - Garantía Admisible | C21: =VLOOKUP($A21,cuc!$A$2:$AA$2088,C$3,FALSE) -> 0 | D21: =VLOOKUP($A21,cuc!$A$2:$AA$2088,D$3,FALSE) -> 0 | E21: =VLOOKUP($A21,cuc!$A$2:$AA$2088,E$3,FALSE) -> 0 | F21: =VLOOKUP($A21,cuc!$A$2:$AA$2088,F$3,FALSE) -> 0 | G21: =VLOOKUP($A21,cuc!$A$2:$AA$2088,G$3,FALSE) -> 0 | H21: =VLOOKUP($A21,cuc!$A$2:$AA$2088,H$3,FALSE) -> 0
A22: 144800 | B22: =PROPER(VLOOKUP($A22,cuc!$A$2:$AA$2088,B$3,FALSE)) -> Microcrédito Inmobiliario | C22: =VLOOKUP($A22,cuc!$A$2:$AA$2088,C$3,FALSE) -> 0 | D22: =VLOOKUP($A22,cuc!$A$2:$AA$2088,D$3,FALSE) -> 0 | E22: =VLOOKUP($A22,cuc!$A$2:$AA$2088,E$3,FALSE) -> 0 | F22: =VLOOKUP($A22,cuc!$A$2:$AA$2088,F$3,FALSE) -> 0 | G22: =VLOOKUP($A22,cuc!$A$2:$AA$2088,G$3,FALSE) -> 0 | H22: =VLOOKUP($A22,cuc!$A$2:$AA$2088,H$3,FALSE) -> 0
A23: 145500 | B23: =PROPER(VLOOKUP($A23,cuc!$A$2:$AA$2088,B$3,FALSE)) -> Microcrédito Empresarial - Otras Garantías | C23: =VLOOKUP($A23,cuc!$A$2:$AA$2088,C$3,FALSE) -> 0 | D23: =VLOOKUP($A23,cuc!$A$2:$AA$2088,D$3,FALSE) -> 0 | E23: =VLOOKUP($A23,cuc!$A$2:$AA$2088,E$3,FALSE) -> 0 | F23: =VLOOKUP($A23,cuc!$A$2:$AA$2088,F$3,FALSE) -> 0 | G23: =VLOOKUP($A23,cuc!$A$2:$AA$2088,G$3,FALSE) -> 0 | H23: =VLOOKUP($A23,cuc!$A$2:$AA$2088,H$3,FALSE) -> 0
A24: 146100 | B24: =PROPER(VLOOKUP($A24,cuc!$A$2:$AA$2088,B$3,FALSE)) -> Créditos Comerciales - Garantía Admisible | C24: =VLOOKUP($A24,cuc!$A$2:$AA$2088,C$3,FALSE) -> 0 | D24: =VLOOKUP($A24,cuc!$A$2:$AA$2088,D$3,FALSE) -> 0 | E24: =VLOOKUP($A24,cuc!$A$2:$AA$2088,E$3,FALSE) -> 0 | F24: =VLOOKUP($A24,cuc!$A$2:$AA$2088,F$3,FALSE) -> 0 | G24: =VLOOKUP($A24,cuc!$A$2:$AA$2088,G$3,FALSE) -> 0 | H24: =VLOOKUP($A24,cuc!$A$2:$AA$2088,H$3,FALSE) -> 0
A25: 146200 | B25: =PROPER(VLOOKUP($A25,cuc!$A$2:$AA$2088,B$3,FALSE)) -> Créditos Comerciales - Otras Garantías | C25: =VLOOKUP($A25,cuc!$A$2:$AA$2088,C$3,FALSE) -> 0 | D25: =VLOOKUP($A25,cuc!$A$2:$AA$2088,D$3,FALSE) -> 0 | E25: =VLOOKUP($A25,cuc!$A$2:$AA$2088,E$3,FALSE) -> 0 | F25: =VLOOKUP($A25,cuc!$A$2:$AA$2088,F$3,FALSE) -> 0 | G25: =VLOOKUP($A25,cuc!$A$2:$AA$2088,G$3,FALSE) -> 0 | H25: =VLOOKUP($A25,cuc!$A$2:$AA$2088,H$3,FALSE) -> 0
A26: 146900 | B26: =PROPER(VLOOKUP($A26,cuc!$A$2:$AA$2088,B$3,FALSE)) -> CréDitos A Empleados | C26: =VLOOKUP($A26,cuc!$A$2:$AA$2088,C$3,FALSE) -> 0 | D26: =VLOOKUP($A26,cuc!$A$2:$AA$2088,D$3,FALSE) -> 0 | E26: =VLOOKUP($A26,cuc!$A$2:$AA$2088,E$3,FALSE) -> 0 | F26: =VLOOKUP($A26,cuc!$A$2:$AA$2088,F$3,FALSE) -> 0 | G26: =VLOOKUP($A26,cuc!$A$2:$AA$2088,G$3,FALSE) -> 0 | H26: =VLOOKUP($A26,cuc!$A$2:$AA$2088,H$3,FALSE) -> 0
B27: Total CARTERA BRUTA | C27: =SUM(C15:C26) -> 1.1083842e+09 | D27: =SUM(D15:D26) -> 1.2217189e+09 | E27: =SUM(E15:E26) -> 1.4007458e+09 | F27: =SUM(F15:F26) -> 1.3200422e+09 | G27: =SUM(G15:G26) -> 1.0816744e+09 | H27: =SUM(H15:H26) -> 9.4921911e+08
B29: Descripcion | C29: =+C4 -> Año 16 | D29: =+D4 -> Año 17 | E29: =+E4 -> Año 18 | F29: =+F4 -> Año 19 | G29: =+G4 -> Año 20 | H29: =+H4 -> Año 21
B30: Deterioro / Cartera Bruta | C30: =IFERROR(+C12/C27,0%) -> 0.026638327 | D30: =IFERROR(+D12/D27,0%) -> 0.061531328 | E30: =IFERROR(+E12/E27,0%) -> 0.041888436 | F30: =IFERROR(+F12/F27,0%) -> 0.036058426 | G30: =IFERROR(+G12/G27,0%) -> 0.034435426 | H30: =IFERROR(+H12/H27,0%) -> 0.041823192

Sheet 7. SARC - Cobertura consumo
A1: Indicador | B1: Descripción Formula | C1: TIPO | D1: NOMBRE INDICADOR | E1: Descripcion Indicador
A2: RIESGO | B2: =+Indicadores!E8 -> Deterioro / Cartera Vencida | C2: =+Indicadores!B8 -> Riesgo Credito | D2: =+Indicadores!C8 -> Indicador de Cobertura de la Cartera de Consumo en Riesgo | E2: =+Indicadores!D8 -> Cobertura (B, C, D, E)
B3: 2 | C3: 3 | D3: 4 | E3: 5 | F3: 6 | G3: 7 | H3: 8
A4: Cuenta | B4: Descripcion | C4: Año 16 | D4: Año 17 | E4: Año 18 | F4: Año 19 | G4: Año 20 | H4: Año 21
A5: 144505 | B5: =PROPER(VLOOKUP($A5,cuc!$A$2:$AA$2088,B$3,FALSE)) -> Categoría A Riesgo Normal Garantía Admisible | C5: =VLOOKUP($A5,cuc!$A$2:$AA$2088,C$3,FALSE) -> 0 | D5: =VLOOKUP($A5,cuc!$A$2:$AA$2088,D$3,FALSE) -> 0 | E5: =VLOOKUP($A5,cuc!$A$2:$AA$2088,E$3,FALSE) -> 0 | F5: =VLOOKUP($A5,cuc!$A$2:$AA$2088,F$3,FALSE) -> 0 | G5: =VLOOKUP($A5,cuc!$A$2:$AA$2088,G$3,FALSE) -> 0 | H5: =VLOOKUP($A5,cuc!$A$2:$AA$2088,H$3,FALSE) -> 0 | X5: 140400 | Y5: 140500 | Z5: 146905 | AA5: 146910 | AB5: 146915 | AC5: 146920 | AD5: 146925
A6: 144510 | B6: =PROPER(VLOOKUP($A6,cuc!$A$2:$AA$2088,B$3,FALSE)) -> Categoría A Riesgo Normal Otras Garantías | C6: =VLOOKUP($A6,cuc!$A$2:$AA$2088,C$3,FALSE) -> 0 | D6: =VLOOKUP($A6,cuc!$A$2:$AA$2088,D$3,FALSE) -> 0 | E6: =VLOOKUP($A6,cuc!$A$2:$AA$2088,E$3,FALSE) -> 0 | F6: =VLOOKUP($A6,cuc!$A$2:$AA$2088,F$3,FALSE) -> 4148587 | G6: =VLOOKUP($A6,cuc!$A$2:$AA$2088,G$3,FALSE) -> 0 | H6: =VLOOKUP($A6,cuc!$A$2:$AA$2088,H$3,FALSE) -> 674000
A7: 144515 | B7: =PROPER(VLOOKUP($A7,cuc!$A$2:$AA$2088,B$3,FALSE)) -> Categoría B Riesgo Aceptable Garantía Admisible | C7: =VLOOKUP($A7,cuc!$A$2:$AA$2088,C$3,FALSE) -> 0 | D7: =VLOOKUP($A7,cuc!$A$2:$AA$2088,D$3,FALSE) -> 0 | E7: =VLOOKUP($A7,cuc!$A$2:$AA$2088,E$3,FALSE) -> 0 | F7: =VLOOKUP($A7,cuc!$A$2:$AA$2088,F$3,FALSE) -> 0 | G7: =VLOOKUP($A7,cuc!$A$2:$AA$2088,G$3,FALSE) -> 0 | H7: =VLOOKUP($A7,cuc!$A$2:$AA$2088,H$3,FALSE) -> 0
A8: 144520 | B8: =PROPER(VLOOKUP($A8,cuc!$A$2:$AA$2088,B$3,FALSE)) -> Categoría B Riesgo Aceptable Otras Garantías | C8: =VLOOKUP($A8,cuc!$A$2:$AA$2088,C$3,FALSE) -> 426105.99 | D8: =VLOOKUP($A8,cuc!$A$2:$AA$2088,D$3,FALSE) -> 630000 | E8: =VLOOKUP($A8,cuc!$A$2:$AA$2088,E$3,FALSE) -> 0 | F8: =VLOOKUP($A8,cuc!$A$2:$AA$2088,F$3,FALSE) -> 0 | G8: =VLOOKUP($A8,cuc!$A$2:$AA$2088,G$3,FALSE) -> 0 | H8: =VLOOKUP($A8,cuc!$A$2:$AA$2088,H$3,FALSE) -> 0
A9: 144525 | B9: =PROPER(VLOOKUP($A9,cuc!$A$2:$AA$2088,B$3,FALSE)) -> Categoría C Riesgo Apreciable Garantía Admisible | C9: =VLOOKUP($A9,cuc!$A$2:$AA$2088,C$3,FALSE) -> 0 | D9: =VLOOKUP($A9,cuc!$A$2:$AA$2088,D$3,FALSE) -> 0 | E9: =VLOOKUP($A9,cuc!$A$2:$AA$2088,E$3,FALSE) -> 0 | F9: =VLOOKUP($A9,cuc!$A$2:$AA$2088,F$3,FALSE) -> 0 | G9: =VLOOKUP($A9,cuc!$A$2:$AA$2088,G$3,FALSE) -> 0 | H9: =VLOOKUP($A9,cuc!$A$2:$AA$2088,H$3,FALSE) -> 0
A10: 144530 | B10: =PROPER(VLOOKUP($A10,cuc!$A$2:$AA$2088,B$3,FALSE)) -> Categoría C Riesgo Apreciable Otras Garantías | C10: =VLOOKUP($A10,cuc!$A$2:$AA$2088,C$3,FALSE) -> 0 | D10: =VLOOKUP($A10,cuc!$A$2:$AA$2088,D$3,FALSE) -> 2430000 | E10: =VLOOKUP($A10,cuc!$A$2:$AA$2088,E$3,FALSE) -> 1395256 | F10: =VLOOKUP($A10,cuc!$A$2:$AA$2088,F$3,FALSE) -> 250000 | G10: =VLOOKUP($A10,cuc!$A$2:$AA$2088,G$3,FALSE) -> 0 | H10: =VLOOKUP($A10,cuc!$A$2:$AA$2088,H$3,FALSE) -> 0
A11: 144535 | B11: =PROPER(VLOOKUP($A11,cuc!$A$2:$AA$2088,B$3,FALSE)) -> Categoría D Riesgo Significativo Garantía Admisible | C11: =VLOOKUP($A11,cuc!$A$2:$AA$2088,C$3,FALSE) -> 0 | D11: =VLOOKUP($A11,cuc!$A$2:$AA$2088,D$3,FALSE) -> 0 | E11: =VLOOKUP($A11,cuc!$A$2:$AA$2088,E$3,FALSE) -> 0 | F11: =VLOOKUP($A11,cuc!$A$2:$AA$2088,F$3,FALSE) -> 0 | G11: =VLOOKUP($A11,cuc!$A$2:$AA$2088,G$3,FALSE) -> 0 | H11: =VLOOKUP($A11,cuc!$A$2:$AA$2088,H$3,FALSE) -> 0
A12: 144540 | B12: =PROPER(VLOOKUP($A12,cuc!$A$2:$AA$2088,B$3,FALSE)) -> Categoría D Riesgo Significativo Otras Garantías | C12: =VLOOKUP($A12,cuc!$A$2:$AA$2088,C$3,FALSE) -> 0 | D12: =VLOOKUP($A12,cuc!$A$2:$AA$2088,D$3,FALSE) -> 400000 | E12: =VLOOKUP($A12,cuc!$A$2:$AA$2088,E$3,FALSE) -> 0 | F12: =VLOOKUP($A12,cuc!$A$2:$AA$2088,F$3,FALSE) -> 0 | G12: =VLOOKUP($A12,cuc!$A$2:$AA$2088,G$3,FALSE) -> 1060708 | H12: =VLOOKUP($A12,cuc!$A$2:$AA$2088,H$3,FALSE) -> 436000
A13: 144545 | B13: =PROPER(VLOOKUP($A13,cuc!$A$2:$AA$2088,B$3,FALSE)) -> Categoría E Riesgo De Incobrabilidad Garantía Admisible | C13: =VLOOKUP($A13,cuc!$A$2:$AA$2088,C$3,FALSE) -> 0 | D13: =VLOOKUP($A13,cuc!$A$2:$AA$2088,D$3,FALSE) -> 0 | E13: =VLOOKUP($A13,cuc!$A$2:$AA$2088,E$3,FALSE) -> 0 | F13: =VLOOKUP($A13,cuc!$A$2:$AA$2088,F$3,FALSE) -> 0 | G13: =VLOOKUP($A13,cuc!$A$2:$AA$2088,G$3,FALSE) -> 0 | H13: =VLOOKUP($A13,cuc!$A$2:$AA$2088,H$3,FALSE) -> 0
A14: 144550 | B14: =PROPER(VLOOKUP($A14,cuc!$A$2:$AA$2088,B$3,FALSE)) -> Categoría E Riesgo De Incobrabilidad Otras Garantías | C14: =VLOOKUP($A14,cuc!$A$2:$AA$2088,C$3,FALSE) -> 17847131 | D14: =VLOOKUP($A14,cuc!$A$2:$AA$2088,D$3,FALSE) -> 59496732 | E14: =VLOOKUP($A14,cuc!$A$2:$AA$2088,E$3,FALSE) -> 43272338 | F14: =VLOOKUP($A14,cuc!$A$2:$AA$2088,F$3,FALSE) -> 29999635 | G14: =VLOOKUP($A14,cuc!$A$2:$AA$2088,G$3,FALSE) -> 25370465 | H14: =VLOOKUP($A14,cuc!$A$2:$AA$2088,H$3,FALSE) -> 29097182
A15: 147130 | B15: =PROPER(VLOOKUP($A15,cuc!$A$2:$AA$2088,B$3,FALSE)) -> Categoría A Riesgo Normal, Consumo | C15: =VLOOKUP($A15,cuc!$A$2:$AA$2088,C$3,FALSE) -> 0 | D15: =VLOOKUP($A15,cuc!$A$2:$AA$2088,D$3,FALSE) -> 0 | E15: =VLOOKUP($A15,cuc!$A$2:$AA$2088,E$3,FALSE) -> 0 | F15: =VLOOKUP($A15,cuc!$A$2:$AA$2088,F$3,FALSE) -> 0 | G15: =VLOOKUP($A15,cuc!$A$2:$AA$2088,G$3,FALSE) -> 0 | H15: =VLOOKUP($A15,cuc!$A$2:$AA$2088,H$3,FALSE) -> 0
A16: 147135 | B16: =PROPER(VLOOKUP($A16,cuc!$A$2:$AA$2088,B$3,FALSE)) -> Categoría B Riesgo Aceptable, Consumo | C16: =VLOOKUP($A16,cuc!$A$2:$AA$2088,C$3,FALSE) -> 0 | D16: =VLOOKUP($A16,cuc!$A$2:$AA$2088,D$3,FALSE) -> 0 | E16: =VLOOKUP($A16,cuc!$A$2:$AA$2088,E$3,FALSE) -> 0 | F16: =VLOOKUP($A16,cuc!$A$2:$AA$2088,F$3,FALSE) -> 0 | G16: =VLOOKUP($A16,cuc!$A$2:$AA$2088,G$3,FALSE) -> 0 | H16: =VLOOKUP($A16,cuc!$A$2:$AA$2088,H$3,FALSE) -> 0
A17: 147140 | B17: =PROPER(VLOOKUP($A17,cuc!$A$2:$AA$2088,B$3,FALSE)) -> Categoría C Riesgo Apreciable, Consumo | C17: =VLOOKUP($A17,cuc!$A$2:$AA$2088,C$3,FALSE) -> 0 | D17: =VLOOKUP($A17,cuc!$A$2:$AA$2088,D$3,FALSE) -> 0 | E17: =VLOOKUP($A17,cuc!$A$2:$AA$2088,E$3,FALSE) -> 0 | F17: =VLOOKUP($A17,cuc!$A$2:$AA$2088,F$3,FALSE) -> 0 | G17: =VLOOKUP($A17,cuc!$A$2:$AA$2088,G$3,FALSE) -> 0 | H17: =VLOOKUP($A17,cuc!$A$2:$AA$2088,H$3,FALSE) -> 0
... A19: 147150 | B19: =PROPER(VLOOKUP($A19,cuc!$A$2:$AA$2088,B$3,FALSE)) -> Categoría E Riesgo De Incobrabilidad, Consumo | C19: =VLOOKUP($A19,cuc!$A$2:$AA$2088,C$3,FALSE) -> 0 | D19: =VLOOKUP($A19,cuc!$A$2:$AA$2088,D$3,FALSE) -> 0 | E19: =VLOOKUP($A19,cuc!$A$2:$AA$2088,E$3,FALSE) -> 0 | F19: =VLOOKUP($A19,cuc!$A$2:$AA$2088,F$3,FALSE) -> 0 | G19: =VLOOKUP($A19,cuc!$A$2:$AA$2088,G$3,FALSE) -> 0 | H19: =VLOOKUP($A19,cuc!$A$2:$AA$2088,H$3,FALSE) -> 0
B20: Total Deterioro CONSUMO | C20: =+SUM(C5:C19) -> 18273237 | D20: =+SUM(D5:D19) -> 62956732 | E20: =+SUM(E5:E19) -> 44667594 | F20: =+SUM(F5:F19) -> 34398222 | G20: =+SUM(G5:G19) -> 26431173 | H20: =+SUM(H5:H19) -> 30207182
A22: Cuenta | B22: Descripción | C22: =+C$4 -> Año 16 | D22: =+D$4 -> Año 17 | E22: =+E$4 -> Año 18 | F22: =+F$4 -> Año 19 | G22: =+G$4 -> Año 20 | H22: =+H$4 -> Año 21
A23: 141110 | B23: =PROPER(VLOOKUP($A23,cuc!$A$2:$AA$2088,B$3,FALSE)) -> Categoría B Riesgo Aceptable | C23: =VLOOKUP($A23,cuc!$A$2:$AA$2088,C$3,FALSE) -> 0 | D23: =VLOOKUP($A23,cuc!$A$2:$AA$2088,D$3,FALSE) -> 0 | E23: =VLOOKUP($A23,cuc!$A$2:$AA$2088,E$3,FALSE) -> 0 | F23: =VLOOKUP($A23,cuc!$A$2:$AA$2088,F$3,FALSE) -> 0 | G23: =VLOOKUP($A23,cuc!$A$2:$AA$2088,G$3,FALSE) -> 0 | H23: =VLOOKUP($A23,cuc!$A$2:$AA$2088,H$3,FALSE) -> 0
A24: 141115 | B24: =PROPER(VLOOKUP($A24,cuc!$A$2:$AA$2088,B$3,FALSE)) -> Categoría C Riesgo Apreciable | C24: =VLOOKUP($A24,cuc!$A$2:$AA$2088,C$3,FALSE) -> 0 | D24: =VLOOKUP($A24,cuc!$A$2:$AA$2088,D$3,FALSE) -> 0 | E24: =VLOOKUP($A24,cuc!$A$2:$AA$2088,E$3,FALSE) -> 0 | F24: =VLOOKUP($A24,cuc!$A$2:$AA$2088,F$3,FALSE) -> 0 | G24: =VLOOKUP($A24,cuc!$A$2:$AA$2088,G$3,FALSE) -> 0 | H24: =VLOOKUP($A24,cuc!$A$2:$AA$2088,H$3,FALSE) -> 0
A25: 141120 | B25: =PROPER(VLOOKUP($A25,cuc!$A$2:$AA$2088,B$3,FALSE)) -> Categoría D Riesgo Significativo | C25: =VLOOKUP($A25,cuc!$A$2:$AA$2088,C$3,FALSE) -> 0 | D25: =VLOOKUP($A25,cuc!$A$2:$AA$2088,D$3,FALSE) -> 0 | E25: =VLOOKUP($A25,cuc!$A$2:$AA$2088,E$3,FALSE) -> 0 | F25: =VLOOKUP($A25,cuc!$A$2:$AA$2088,F$3,FALSE) -> 0 | G25: =VLOOKUP($A25,cuc!$A$2:$AA$2088,G$3,FALSE) -> 0 | H25: =VLOOKUP($A25,cuc!$A$2:$AA$2088,H$3,FALSE) -> 0
A26: 141125 | B26: =PROPER(VLOOKUP($A26,cuc!$A$2:$AA$2088,B$3,FALSE)) -> Categoría E Riesgo De Incobrabilidad | C26: =VLOOKUP($A26,cuc!$A$2:$AA$2088,C$3,FALSE) -> 0 | D26: =VLOOKUP($A26,cuc!$A$2:$AA$2088,D$3,FALSE) -> 0 | E26: =VLOOKUP($A26,cuc!$A$2:$AA$2088,E$3,FALSE) -> 0 | F26: =VLOOKUP($A26,cuc!$A$2:$AA$2088,F$3,FALSE) -> 0 | G26: =VLOOKUP($A26,cuc!$A$2:$AA$2088,G$3,FALSE) -> 0 | H26: =VLOOKUP($A26,cuc!$A$2:$AA$2088,H$3,FALSE) -> 0
A27: 141210 | B27: =PROPER(VLOOKUP($A27,cuc!$A$2:$AA$2088,B$3,FALSE)) -> Categoría B Riesgo Aceptable | C27: =VLOOKUP($A27,cuc!$A$2:$AA$2088,C$3,FALSE) -> 0 | D27: =VLOOKUP($A27,cuc!$A$2:$AA$2088,D$3,FALSE) -> 0 | E27: =VLOOKUP($A27,cuc!$A$2:$AA$2088,E$3,FALSE) -> 0 | F27: =VLOOKUP($A27,cuc!$A$2:$AA$2088,F$3,FALSE) -> 0 | G27: =VLOOKUP($A27,cuc!$A$2:$AA$2088,G$3,FALSE) -> 0 | H27: =VLOOKUP($A27,cuc!$A$2:$AA$2088,H$3,FALSE) -> 0
A28: 141215 | B28: =PROPER(VLOOKUP($A28,cuc!$A$2:$AA$2088,B$3,FALSE)) -> Categoría C Riesgo Apreciable | C28: =VLOOKUP($A28,cuc!$A$2:$AA$2088,C$3,FALSE) -> 0 | D28: =VLOOKUP($A28,cuc!$A$2:$AA$2088,D$3,FALSE) -> 0 | E28: =VLOOKUP($A28,cuc!$A$2:$AA$2088,E$3,FALSE) -> 0 | F28: =VLOOKUP($A28,cuc!$A$2:$AA$2088,F$3,FALSE) -> 0 | G28: =VLOOKUP($A28,cuc!$A$2:$AA$2088,G$3,FALSE) -> 0 | H28: =VLOOKUP($A28,cuc!$A$2:$AA$2088,H$3,FALSE) -> 0
A29: 141220 | B29: =PROPER(VLOOKUP($A29,cuc!$A$2:$AA$2088,B$3,FALSE)) -> Categoría D Riesgo Significativo | C29: =VLOOKUP($A29,cuc!$A$2:$AA$2088,C$3,FALSE) -> 0 | D29: =VLOOKUP($A29,cuc!$A$2:$AA$2088,D$3,FALSE) -> 0 | E29: =VLOOKUP($A29,cuc!$A$2:$AA$2088,E$3,FALSE) -> 0 | F29: =VLOOKUP($A29,cuc!$A$2:$AA$2088,F$3,FALSE) -> 0 | G29: =VLOOKUP($A29,cuc!$A$2:$AA$2088,G$3,FALSE) -> 0 | H29: =VLOOKUP($A29,cuc!$A$2:$AA$2088,H$3,FALSE) -> 0
A30: 141225 | B30: =PROPER(VLOOKUP($A30,cuc!$A$2:$AA$2088,B$3,FALSE)) -> Categoría E Riesgo De Incobrabilidad | C30: =VLOOKUP($A30,cuc!$A$2:$AA$2088,C$3,FALSE) -> 0 | D30: =VLOOKUP($A30,cuc!$A$2:$AA$2088,D$3,FALSE) -> 0 | E30: =VLOOKUP($A30,cuc!$A$2:$AA$2088,E$3,FALSE) -> 0 | F30: =VLOOKUP($A30,cuc!$A$2:$AA$2088,F$3,FALSE) -> 0 | G30: =VLOOKUP($A30,cuc!$A$2:$AA$2088,G$3,FALSE) -> 0 | H30: =VLOOKUP($A30,cuc!$A$2:$AA$2088,H$3,FALSE) -> 0
A31: 144110 | B31: =PROPER(VLOOKUP($A31,cuc!$A$2:$AA$2088,B$3,FALSE)) -> Categoría B Riesgo Aceptable | C31: =VLOOKUP($A31,cuc!$A$2:$AA$2088,C$3,FALSE) -> 0 | D31: =VLOOKUP($A31,cuc!$A$2:$AA$2088,D$3,FALSE) -> 0 | E31: =VLOOKUP($A31,cuc!$A$2:$AA$2088,E$3,FALSE) -> 0 | F31: =VLOOKUP($A31,cuc!$A$2:$AA$2088,F$3,FALSE) -> 0 | G31: =VLOOKUP($A31,cuc!$A$2:$AA$2088,G$3,FALSE) -> 0 | H31: =VLOOKUP($A31,cuc!$A$2:$AA$2088,H$3,FALSE) -> 0
A32: 144115 | B32: =PROPER(VLOOKUP($A32,cuc!$A$2:$AA$2088,B$3,FALSE)) -> Categoría C Riesgo Apreciable | C32: =VLOOKUP($A32,cuc!$A$2:$AA$2088,C$3,FALSE) -> 0 | D32: =VLOOKUP($A32,cuc!$A$2:$AA$2088,D$3,FALSE) -> 0 | E32: =VLOOKUP($A32,cuc!$A$2:$AA$2088,E$3,FALSE) -> 0 | F32: =VLOOKUP($A32,cuc!$A$2:$AA$2088,F$3,FALSE) -> 0 | G32: =VLOOKUP($A32,cuc!$A$2:$AA$2088,G$3,FALSE) -> 0 | H32: =VLOOKUP($A32,cuc!$A$2:$AA$2088,H$3,FALSE) -> 0
A33: 144120 | B33: =PROPER(VLOOKUP($A33,cuc!$A$2:$AA$2088,B$3,FALSE)) -> Categoría D Riesgo Significativo | C33: =VLOOKUP($A33,cuc!$A$2:$AA$2088,C$3,FALSE) -> 0 | D33: =VLOOKUP($A33,cuc!$A$2:$AA$2088,D$3,FALSE) -> 0 | E33: =VLOOKUP($A33,cuc!$A$2:$AA$2088,E$3,FALSE) -> 0 | F33: =VLOOKUP($A33,cuc!$A$2:$AA$2088,F$3,FALSE) -> 0 | G33: =VLOOKUP($A33,cuc!$A$2:$AA$2088,G$3,FALSE) -> 0 | H33: =VLOOKUP($A33,cuc!$A$2:$AA$2088,H$3,FALSE) -> 0
A34: 144125 | B34: =PROPER(VLOOKUP($A34,cuc!$A$2:$AA$2088,B$3,FALSE)) -> Categoría E Riesgo De Incobrabilidad | C34: =VLOOKUP($A34,cuc!$A$2:$AA$2088,C$3,FALSE) -> 0 | D34: =VLOOKUP($A34,cuc!$A$2:$AA$2088,D$3,FALSE) -> 0 | E34: =VLOOKUP($A34,cuc!$A$2:$AA$2088,E$3,FALSE) -> 0 | F34: =VLOOKUP($A34,cuc!$A$2:$AA$2088,F$3,FALSE) -> 0 | G34: =VLOOKUP($A34,cuc!$A$2:$AA$2088,G$3,FALSE) -> 0 | H34: =VLOOKUP($A34,cuc!$A$2:$AA$2088,H$3,FALSE) -> 0
... A42: 146950 | B42: =PROPER(VLOOKUP($A42,cuc!$A$2:$AA$2088,B$3,FALSE)) -> Categoría E Riesgo De Incobrabilidad, Consumo | C42: =VLOOKUP($A42,cuc!$A$2:$AA$2088,C$3,FALSE) -> 0 | D42: =VLOOKUP($A42,cuc!$A$2:$AA$2088,D$3,FALSE) -> 0 | E42: =VLOOKUP($A42,cuc!$A$2:$AA$2088,E$3,FALSE) -> 0 | F42: =VLOOKUP($A42,cuc!$A$2:$AA$2088,F$3,FALSE) -> 0 | G42: =VLOOKUP($A42,cuc!$A$2:$AA$2088,G$3,FALSE) -> 0 | H42: =VLOOKUP($A42,cuc!$A$2:$AA$2088,H$3,FALSE) -> 0
B43: Total Mora Consumo | C43: =SUM(C23:C42) -> 61795102 | D43: =SUM(D23:D42) -> 62956732 | E43: =SUM(E23:E42) -> 44667594 | F43: =SUM(F23:F42) -> 30249635 | G43: =SUM(G23:G42) -> 26431173 | H43: =SUM(H23:H42) -> 29533182
B45: Descripcion | C45: =+C4 -> Año 16 | D45: =+D4 -> Año 17 | E45: =+E4 -> Año 18 | F45: =+F4 -> Año 19 | G45: =+G4 -> Año 20 | H45: =+H4 -> Año 21
B46: Deterioro / Mora CONSUMO | C46: =IFERROR(+C20/C43,0%) -> 0.29570688 | D46: =IFERROR(+D20/D43,0%) -> 1 | E46: =IFERROR(+E20/E43,0%) -> 1 | F46: =IFERROR(+F20/F43,0%) -> 1.137145 | G46: =IFERROR(+G20/G43,0%) -> 1 | H46: =IFERROR(+H20/H43,0%) -> 1.0228218

Sheet 8. SARC - Cobertura comercial
A1: Indicador | B1: Descripción Formula | C1: TIPO | D1: NOMBRE INDICADOR | E1: Descripcion Indicador
A2: RIESGO | B2: =+Indicadores!E9 -> Deterioro / Cartera Vencida | C2: =+Indicadores!B9 -> Riesgo Credito | D2: =+Indicadores!C9 -> Indicador de Cobertura de la Cartera Comercial en Riesgo | E2: =+Indicadores!D9 -> Cobertura (B, C, D, E)
B3: 2 | C3: 3 | D3: 4 | E3: 5 | F3: 6 | G3: 7 | H3: 8
A4: Cuenta | B4: Descripcion | C4: Año 16 | D4: Año 17 | E4: Año 18 | F4: Año 19 | G4: Año 20 | H4: Año 21
A5: 146505 | B5: =PROPER(VLOOKUP($A5,cuc!$A$2:$AA$2088,B$3,FALSE)) -> Categoría A Riesgo Normal Garantía Admisible | C5: =VLOOKUP($A5,cuc!$A$2:$AA$2088,C$3,FALSE) -> 0 | D5: =VLOOKUP($A5,cuc!$A$2:$AA$2088,D$3,FALSE) -> 0 | E5: =VLOOKUP($A5,cuc!$A$2:$AA$2088,E$3,FALSE) -> 0 | F5: =VLOOKUP($A5,cuc!$A$2:$AA$2088,F$3,FALSE) -> 0 | G5: =VLOOKUP($A5,cuc!$A$2:$AA$2088,G$3,FALSE) -> 0 | H5: =VLOOKUP($A5,cuc!$A$2:$AA$2088,H$3,FALSE) -> 0 | X5: 140400 | Y5: 140500 | Z5: 146905 | AA5: 146910 | AB5: 146915 | AC5: 146920 | AD5: 146925
A6: 146510 | B6: =PROPER(VLOOKUP($A6,cuc!$A$2:$AA$2088,B$3,FALSE)) -> Categoría A Riesgo Normal Otras Garantías | C6: =VLOOKUP($A6,cuc!$A$2:$AA$2088,C$3,FALSE) -> 0 | D6: =VLOOKUP($A6,cuc!$A$2:$AA$2088,D$3,FALSE) -> 0 | E6: =VLOOKUP($A6,cuc!$A$2:$AA$2088,E$3,FALSE) -> 0 | F6: =VLOOKUP($A6,cuc!$A$2:$AA$2088,F$3,FALSE) -> 0 | G6: =VLOOKUP($A6,cuc!$A$2:$AA$2088,G$3,FALSE) -> 0 | H6: =VLOOKUP($A6,cuc!$A$2:$AA$2088,H$3,FALSE) -> 0
A7: 146515 | B7: =PROPER(VLOOKUP($A7,cuc!$A$2:$AA$2088,B$3,FALSE)) -> Categoría B Riesgo Aceptable Garantía Admisible | C7: =VLOOKUP($A7,cuc!$A$2:$AA$2088,C$3,FALSE) -> 0 | D7: =VLOOKUP($A7,cuc!$A$2:$AA$2088,D$3,FALSE) -> 0 | E7: =VLOOKUP($A7,cuc!$A$2:$AA$2088,E$3,FALSE) -> 0 | F7: =VLOOKUP($A7,cuc!$A$2:$AA$2088,F$3,FALSE) -> 0 | G7: =VLOOKUP($A7,cuc!$A$2:$AA$2088,G$3,FALSE) -> 0 | H7: =VLOOKUP($A7,cuc!$A$2:$AA$2088,H$3,FALSE) -> 0
A8: 146520 | B8: =PROPER(VLOOKUP($A8,cuc!$A$2:$AA$2088,B$3,FALSE)) -> Categoría B Riesgo Aceptable Otras Garantías | C8: =VLOOKUP($A8,cuc!$A$2:$AA$2088,C$3,FALSE) -> 0 | D8: =VLOOKUP($A8,cuc!$A$2:$AA$2088,D$3,FALSE) -> 0 | E8: =VLOOKUP($A8,cuc!$A$2:$AA$2088,E$3,FALSE) -> 0 | F8: =VLOOKUP($A8,cuc!$A$2:$AA$2088,F$3,FALSE) -> 0 | G8: =VLOOKUP($A8,cuc!$A$2:$AA$2088,G$3,FALSE) -> 0 | H8: =VLOOKUP($A8,cuc!$A$2:$AA$2088,H$3,FALSE) -> 0
A9: 146525 | B9: =PROPER(VLOOKUP($A9,cuc!$A$2:$AA$2088,B$3,FALSE)) -> Categoría C Riesgo Apreciable Garantía Admisible | C9: =VLOOKUP($A9,cuc!$A$2:$AA$2088,C$3,FALSE) -> 0 | D9: =VLOOKUP($A9,cuc!$A$2:$AA$2088,D$3,FALSE) -> 0 | E9: =VLOOKUP($A9,cuc!$A$2:$AA$2088,E$3,FALSE) -> 0 | F9: =VLOOKUP($A9,cuc!$A$2:$AA$2088,F$3,FALSE) -> 0 | G9: =VLOOKUP($A9,cuc!$A$2:$AA$2088,G$3,FALSE) -> 0 | H9: =VLOOKUP($A9,cuc!$A$2:$AA$2088,H$3,FALSE) -> 0
A10: 146530 | B10: =PROPER(VLOOKUP($A10,cuc!$A$2:$AA$2088,B$3,FALSE)) -> Categoría C Riesgo Apreciable Otras Garantías | C10: =VLOOKUP($A10,cuc!$A$2:$AA$2088,C$3,FALSE) -> 0 | D10: =VLOOKUP($A10,cuc!$A$2:$AA$2088,D$3,FALSE) -> 0 | E10: =VLOOKUP($A10,cuc!$A$2:$AA$2088,E$3,FALSE) -> 0 | F10: =VLOOKUP($A10,cuc!$A$2:$AA$2088,F$3,FALSE) -> 0 | G10: =VLOOKUP($A10,cuc!$A$2:$AA$2088,G$3,FALSE) -> 0 | H10: =VLOOKUP($A10,cuc!$A$2:$AA$2088,H$3,FALSE) -> 0
A11: 146535 | B11: =PROPER(VLOOKUP($A11,cuc!$A$2:$AA$2088,B$3,FALSE)) -> Categoría D Riesgo Significativo Garantía Admisible | C11: =VLOOKUP($A11,cuc!$A$2:$AA$2088,C$3,FALSE) -> 0 | D11: =VLOOKUP($A11,cuc!$A$2:$AA$2088,D$3,FALSE) -> 0 | E11: =VLOOKUP($A11,cuc!$A$2:$AA$2088,E$3,FALSE) -> 0 | F11: =VLOOKUP($A11,cuc!$A$2:$AA$2088,F$3,FALSE) -> 0 | G11: =VLOOKUP($A11,cuc!$A$2:$AA$2088,G$3,FALSE) -> 0 | H11: =VLOOKUP($A11,cuc!$A$2:$AA$2088,H$3,FALSE) -> 0
A12: 146540 | B12: =PROPER(VLOOKUP($A12,cuc!$A$2:$AA$2088,B$3,FALSE)) -> Categoría D Riesgo Significativo Otras Garantías | C12: =VLOOKUP($A12,cuc!$A$2:$AA$2088,C$3,FALSE) -> 0 | D12: =VLOOKUP($A12,cuc!$A$2:$AA$2088,D$3,FALSE) -> 0 | E12: =VLOOKUP($A12,cuc!$A$2:$AA$2088,E$3,FALSE) -> 0 | F12: =VLOOKUP($A12,cuc!$A$2:$AA$2088,F$3,FALSE) -> 0 | G12: =VLOOKUP($A12,cuc!$A$2:$AA$2088,G$3,FALSE) -> 0 | H12: =VLOOKUP($A12,cuc!$A$2:$AA$2088,H$3,FALSE) -> 0
A13: 146545 | B13: =PROPER(VLOOKUP($A13,cuc!$A$2:$AA$2088,B$3,FALSE)) -> Categoría E Riesgo De Incobrabilidad Garantía Admisible | C13: =VLOOKUP($A13,cuc!$A$2:$AA$2088,C$3,FALSE) -> 0 | D13: =VLOOKUP($A13,cuc!$A$2:$AA$2088,D$3,FALSE) -> 0 | E13: =VLOOKUP($A13,cuc!$A$2:$AA$2088,E$3,FALSE) -> 0 | F13: =VLOOKUP($A13,cuc!$A$2:$AA$2088,F$3,FALSE) -> 0 | G13: =VLOOKUP($A13,cuc!$A$2:$AA$2088,G$3,FALSE) -> 0 | H13: =VLOOKUP($A13,cuc!$A$2:$AA$2088,H$3,FALSE) -> 0
A14: 146550 | B14: =PROPER(VLOOKUP($A14,cuc!$A$2:$AA$2088,B$3,FALSE)) -> Categoría E Riesgo De Incobrabilidad Otras Garantías | C14: =VLOOKUP($A14,cuc!$A$2:$AA$2088,C$3,FALSE) -> 0 | D14: =VLOOKUP($A14,cuc!$A$2:$AA$2088,D$3,FALSE) -> 0 | E14: =VLOOKUP($A14,cuc!$A$2:$AA$2088,E$3,FALSE) -> 0 | F14: =VLOOKUP($A14,cuc!$A$2:$AA$2088,F$3,FALSE) -> 0 | G14: =VLOOKUP($A14,cuc!$A$2:$AA$2088,G$3,FALSE) -> 0 | H14: =VLOOKUP($A14,cuc!$A$2:$AA$2088,H$3,FALSE) -> 0
B15: Total Deterioro COMERCIAL | C15: =+SUM(C5:C14) -> 0 | D15: =+SUM(D5:D14) -> 0 | E15: =+SUM(E5:E14) -> 0 | F15: =+SUM(F5:F14) -> 0 | G15: =+SUM(G5:G14) -> 0 | H15: =+SUM(H5:H14) -> 0
A17: cuenta | B17: Descripción | C17: =+C$4 -> Año 16 | D17: =+D$4 -> Año 17 | E17: =+E$4 -> Año 18 | F17: =+F$4 -> Año 19 | G17: =+G$4 -> Año 20 | H17: =+H$4 -> Año 21
A18: 146110 | B18: =PROPER(VLOOKUP($A18,cuc!$A$2:$AA$2088,B$3,FALSE)) -> Categoría B Riesgo Aceptable | C18: =VLOOKUP($A18,cuc!$A$2:$AA$2088,C$3,FALSE) -> 0 | D18: =VLOOKUP($A18,cuc!$A$2:$AA$2088,D$3,FALSE) -> 0 | E18: =VLOOKUP($A18,cuc!$A$2:$AA$2088,E$3,FALSE) -> 0 | F18: =VLOOKUP($A18,cuc!$A$2:$AA$2088,F$3,FALSE) -> 0 | G18: =VLOOKUP($A18,cuc!$A$2:$AA$2088,G$3,FALSE) -> 0 | H18: =VLOOKUP($A18,cuc!$A$2:$AA$2088,H$3,FALSE) -> 0
A19: 146115 | B19: =PROPER(VLOOKUP($A19,cuc!$A$2:$AA$2088,B$3,FALSE)) -> Categoría C Riesgo Apreciable | C19: =VLOOKUP($A19,cuc!$A$2:$AA$2088,C$3,FALSE) -> 0 | D19: =VLOOKUP($A19,cuc!$A$2:$AA$2088,D$3,FALSE) -> 0 | E19: =VLOOKUP($A19,cuc!$A$2:$AA$2088,E$3,FALSE) -> 0 | F19: =VLOOKUP($A19,cuc!$A$2:$AA$2088,F$3,FALSE) -> 0 | G19: =VLOOKUP($A19,cuc!$A$2:$AA$2088,G$3,FALSE) -> 0 | H19: =VLOOKUP($A19,cuc!$A$2:$AA$2088,H$3,FALSE) -> 0
A20: 146120 | B20: =PROPER(VLOOKUP($A20,cuc!$A$2:$AA$2088,B$3,FALSE)) -> Categoría D Riesgo Significativo | C20: =VLOOKUP($A20,cuc!$A$2:$AA$2088,C$3,FALSE) -> 0 | D20: =VLOOKUP($A20,cuc!$A$2:$AA$2088,D$3,FALSE) -> 0 | E20: =VLOOKUP($A20,cuc!$A$2:$AA$2088,E$3,FALSE) -> 0 | F20: =VLOOKUP($A20,cuc!$A$2:$AA$2088,F$3,FALSE) -> 0 | G20: =VLOOKUP($A20,cuc!$A$2:$AA$2088,G$3,FALSE) -> 0 | H20: =VLOOKUP($A20,cuc!$A$2:$AA$2088,H$3,FALSE) -> 0
A21: 146125 | B21: =PROPER(VLOOKUP($A21,cuc!$A$2:$AA$2088,B$3,FALSE)) -> Categoría E Riesgo De Incobrabilidad | C21: =VLOOKUP($A21,cuc!$A$2:$AA$2088,C$3,FALSE) -> 0 | D21: =VLOOKUP($A21,cuc!$A$2:$AA$2088,D$3,FALSE) -> 0 | E21: =VLOOKUP($A21,cuc!$A$2:$AA$2088,E$3,FALSE) -> 0 | F21: =VLOOKUP($A21,cuc!$A$2:$AA$2088,F$3,FALSE) -> 0 | G21: =VLOOKUP($A21,cuc!$A$2:$AA$2088,G$3,FALSE) -> 0 | H21: =VLOOKUP($A21,cuc!$A$2:$AA$2088,H$3,FALSE) -> 0
A22: 146210 | B22: =PROPER(VLOOKUP($A22,cuc!$A$2:$AA$2088,B$3,FALSE)) -> Categoría B Riesgo Aceptable | C22: =VLOOKUP($A22,cuc!$A$2:$AA$2088,C$3,FALSE) -> 0 | D22: =VLOOKUP($A22,cuc!$A$2:$AA$2088,D$3,FALSE) -> 0 | E22: =VLOOKUP($A22,cuc!$A$2:$AA$2088,E$3,FALSE) -> 0 | F22: =VLOOKUP($A22,cuc!$A$2:$AA$2088,F$3,FALSE) -> 0 | G22: =VLOOKUP($A22,cuc!$A$2:$AA$2088,G$3,FALSE) -> 0 | H22: =VLOOKUP($A22,cuc!$A$2:$AA$2088,H$3,FALSE) -> 0
A23: 146215 | B23: =PROPER(VLOOKUP($A23,cuc!$A$2:$AA$2088,B$3,FALSE)) -> Categoría C Riesgo Apreciable | C23: =VLOOKUP($A23,cuc!$A$2:$AA$2088,C$3,FALSE) -> 0 | D23: =VLOOKUP($A23,cuc!$A$2:$AA$2088,D$3,FALSE) -> 0 | E23: =VLOOKUP($A23,cuc!$A$2:$AA$2088,E$3,FALSE) -> 0 | F23: =VLOOKUP($A23,cuc!$A$2:$AA$2088,F$3,FALSE) -> 0 | G23: =VLOOKUP($A23,cuc!$A$2:$AA$2088,G$3,FALSE) -> 0 | H23: =VLOOKUP($A23,cuc!$A$2:$AA$2088,H$3,FALSE) -> 0
A24: 146220 | B24: =PROPER(VLOOKUP($A24,cuc!$A$2:$AA$2088,B$3,FALSE)) -> Categoría D Riesgo Significativo | C24: =VLOOKUP($A24,cuc!$A$2:$AA$2088,C$3,FALSE) -> 0 | D24: =VLOOKUP($A24,cuc!$A$2:$AA$2088,D$3,FALSE) -> 0 | E24: =VLOOKUP($A24,cuc!$A$2:$AA$2088,E$3,FALSE) -> 0 | F24: =VLOOKUP($A24,cuc!$A$2:$AA$2088,F$3,FALSE) -> 0 | G24: =VLOOKUP($A24,cuc!$A$2:$AA$2088,G$3,FALSE) -> 0 | H24: =VLOOKUP($A24,cuc!$A$2:$AA$2088,H$3,FALSE) -> 0
A25: 146225 | B25: =PROPER(VLOOKUP($A25,cuc!$A$2:$AA$2088,B$3,FALSE)) -> Categoría E Riesgo De Incobrabilidad | C25: =VLOOKUP($A25,cuc!$A$2:$AA$2088,C$3,FALSE) -> 0 | D25: =VLOOKUP($A25,cuc!$A$2:$AA$2088,D$3,FALSE) -> 0 | E25: =VLOOKUP($A25,cuc!$A$2:$AA$2088,E$3,FALSE) -> 0 | F25: =VLOOKUP($A25,cuc!$A$2:$AA$2088,F$3,FALSE) -> 0 | G25: =VLOOKUP($A25,cuc!$A$2:$AA$2088,G$3,FALSE) -> 0 | H25: =VLOOKUP($A25,cuc!$A$2:$AA$2088,H$3,FALSE) -> 0
B26: Total Mora COMERCIAL | C26: =SUM(C18:C25) -> 0 | D26: =SUM(D18:D25) -> 0 | E26: =SUM(E18:E25) -> 0 | F26: =SUM(F18:F25) -> 0 | G26: =SUM(G18:G25) -> 0 | H26: =SUM(H18:H25) -> 0
B28: Descripcion | C28: =+C4 -> Año 16 | D28: =+D4 -> Año 17 | E28: =+E4 -> Año 18 | F28: =+F4 -> Año 19 | G28: =+G4 -> Año 20 | H28: =+H4 -> Año 21
B29: Deterioro / Mora COMERCIAL | C29: =IFERROR(+C15/C26,0%) -> 0 | D29: =IFERROR(+D15/D26,0%) -> 0 | E29: =IFERROR(+E15/E26,0%) -> 0 | F29: =IFERROR(+F15/F26,0%) -> 0 | G29: =IFERROR(+G15/G26,0%) -> 0 | H29: =IFERROR(+H15/H26,0%) -> 0

Sheet 8. SARC - Cobertura MICRO
A1: IndiDador | B1: Descripción Formula | C1: TIPO | D1: NOMBRE INDICADOR | E1: Descripcion Indicador
A2: RIESGO | B2: =+Indicadores!E10 -> Deterioro / Cartera Vencida | C2: =+Indicadores!B10 -> Riesgo Credito | D2: =+Indicadores!C10 -> Indicador de Cobertura de la Cartera Microcrédito Empresarial en Riesgo | E2: =+Indicadores!D10 -> Cobertura (B, C, D, E)
B3: 2 | C3: 3 | D3: 4 | E3: 5 | F3: 6 | G3: 7 | H3: 8
A4: cuenta | B4: Descripcion | C4: Año 16 | D4: Año 17 | E4: Año 18 | F4: Año 19 | G4: Año 20 | H4: Año 21
A5: 145805 | B5: =PROPER(VLOOKUP($A5,cuc!$A$2:$AA$2088,B$3,FALSE)) -> Categoría A Riesgo Normal Garantía Admisible | C5: =VLOOKUP($A5,cuc!$A$2:$AA$2088,C$3,FALSE) -> 0 | D5: =VLOOKUP($A5,cuc!$A$2:$AA$2088,D$3,FALSE) -> 0 | E5: =VLOOKUP($A5,cuc!$A$2:$AA$2088,E$3,FALSE) -> 0 | F5: =VLOOKUP($A5,cuc!$A$2:$AA$2088,F$3,FALSE) -> 0 | G5: =VLOOKUP($A5,cuc!$A$2:$AA$2088,G$3,FALSE) -> 0 | H5: =VLOOKUP($A5,cuc!$A$2:$AA$2088,H$3,FALSE) -> 0 | X5: 140400 | Y5: 140500 | Z5: 146905 | AA5: 146910 | AB5: 146915 | AC5: 146920 | AD5: 146925
A6: 145810 | B6: =PROPER(VLOOKUP($A6,cuc!$A$2:$AA$2088,B$3,FALSE)) -> Categoría A Riesgo Normal Otras Garantías | C6: =VLOOKUP($A6,cuc!$A$2:$AA$2088,C$3,FALSE) -> 0 | D6: =VLOOKUP($A6,cuc!$A$2:$AA$2088,D$3,FALSE) -> 0 | E6: =VLOOKUP($A6,cuc!$A$2:$AA$2088,E$3,FALSE) -> 0 | F6: =VLOOKUP($A6,cuc!$A$2:$AA$2088,F$3,FALSE) -> 0 | G6: =VLOOKUP($A6,cuc!$A$2:$AA$2088,G$3,FALSE) -> 0 | H6: =VLOOKUP($A6,cuc!$A$2:$AA$2088,H$3,FALSE) -> 0
A7: 145815 | B7: =PROPER(VLOOKUP($A7,cuc!$A$2:$AA$2088,B$3,FALSE)) -> Categoría B Riesgo Aceptable Garantía Admisible | C7: =VLOOKUP($A7,cuc!$A$2:$AA$2088,C$3,FALSE) -> 0 | D7: =VLOOKUP($A7,cuc!$A$2:$AA$2088,D$3,FALSE) -> 0 | E7: =VLOOKUP($A7,cuc!$A$2:$AA$2088,E$3,FALSE) -> 0 | F7: =VLOOKUP($A7,cuc!$A$2:$AA$2088,F$3,FALSE) -> 0 | G7: =VLOOKUP($A7,cuc!$A$2:$AA$2088,G$3,FALSE) -> 0 | H7: =VLOOKUP($A7,cuc!$A$2:$AA$2088,H$3,FALSE) -> 0
A8: 145820 | B8: =PROPER(VLOOKUP($A8,cuc!$A$2:$AA$2088,B$3,FALSE)) -> Categoría B Riesgo Aceptable Otras Garantías | C8: =VLOOKUP($A8,cuc!$A$2:$AA$2088,C$3,FALSE) -> 0 | D8: =VLOOKUP($A8,cuc!$A$2:$AA$2088,D$3,FALSE) -> 0 | E8: =VLOOKUP($A8,cuc!$A$2:$AA$2088,E$3,FALSE) -> 0 | F8: =VLOOKUP($A8,cuc!$A$2:$AA$2088,F$3,FALSE) -> 0 | G8: =VLOOKUP($A8,cuc!$A$2:$AA$2088,G$3,FALSE) -> 0 | H8: =VLOOKUP($A8,cuc!$A$2:$AA$2088,H$3,FALSE) -> 0
A9: 145825 | B9: =PROPER(VLOOKUP($A9,cuc!$A$2:$AA$2088,B$3,FALSE)) -> Categoría C Riesgo Apreciable Garantía Admisible | C9: =VLOOKUP($A9,cuc!$A$2:$AA$2088,C$3,FALSE) -> 0 | D9: =VLOOKUP($A9,cuc!$A$2:$AA$2088,D$3,FALSE) -> 0 | E9: =VLOOKUP($A9,cuc!$A$2:$AA$2088,E$3,FALSE) -> 0 | F9: =VLOOKUP($A9,cuc!$A$2:$AA$2088,F$3,FALSE) -> 0 | G9: =VLOOKUP($A9,cuc!$A$2:$AA$2088,G$3,FALSE) -> 0 | H9: =VLOOKUP($A9,cuc!$A$2:$AA$2088,H$3,FALSE) -> 0
A10: 145830 | B10: =PROPER(VLOOKUP($A10,cuc!$A$2:$AA$2088,B$3,FALSE)) -> Categoría C Riesgo Apreciable Otras Garantías | C10: =VLOOKUP($A10,cuc!$A$2:$AA$2088,C$3,FALSE) -> 0 | D10: =VLOOKUP($A10,cuc!$A$2:$AA$2088,D$3,FALSE) -> 0 | E10: =VLOOKUP($A10,cuc!$A$2:$AA$2088,E$3,FALSE) -> 0 | F10: =VLOOKUP($A10,cuc!$A$2:$AA$2088,F$3,FALSE) -> 0 | G10: =VLOOKUP($A10,cuc!$A$2:$AA$2088,G$3,FALSE) -> 0 | H10: =VLOOKUP($A10,cuc!$A$2:$AA$2088,H$3,FALSE) -> 0
A11: 145835 | B11: =PROPER(VLOOKUP($A11,cuc!$A$2:$AA$2088,B$3,FALSE)) -> Categoría D Riesgo Significativo Garantía Admisible | C11: =VLOOKUP($A11,cuc!$A$2:$AA$2088,C$3,FALSE) -> 0 | D11: =VLOOKUP($A11,cuc!$A$2:$AA$2088,D$3,FALSE) -> 0 | E11: =VLOOKUP($A11,cuc!$A$2:$AA$2088,E$3,FALSE) -> 0 | F11: =VLOOKUP($A11,cuc!$A$2:$AA$2088,F$3,FALSE) -> 0 | G11: =VLOOKUP($A11,cuc!$A$2:$AA$2088,G$3,FALSE) -> 0 | H11: =VLOOKUP($A11,cuc!$A$2:$AA$2088,H$3,FALSE) -> 0
A12: 145840 | B12: =PROPER(VLOOKUP($A12,cuc!$A$2:$AA$2088,B$3,FALSE)) -> Categoría D Riesgo Significativo Otras Garantías | C12: =VLOOKUP($A12,cuc!$A$2:$AA$2088,C$3,FALSE) -> 0 | D12: =VLOOKUP($A12,cuc!$A$2:$AA$2088,D$3,FALSE) -> 0 | E12: =VLOOKUP($A12,cuc!$A$2:$AA$2088,E$3,FALSE) -> 0 | F12: =VLOOKUP($A12,cuc!$A$2:$AA$2088,F$3,FALSE) -> 0 | G12: =VLOOKUP($A12,cuc!$A$2:$AA$2088,G$3,FALSE) -> 0 | H12: =VLOOKUP($A12,cuc!$A$2:$AA$2088,H$3,FALSE) -> 0
A13: 145845 | B13: =PROPER(VLOOKUP($A13,cuc!$A$2:$AA$2088,B$3,FALSE)) -> Categoría E Riesgo De Incobrabilidad Garantía Admisible | C13: =VLOOKUP($A13,cuc!$A$2:$AA$2088,C$3,FALSE) -> 0 | D13: =VLOOKUP($A13,cuc!$A$2:$AA$2088,D$3,FALSE) -> 0 | E13: =VLOOKUP($A13,cuc!$A$2:$AA$2088,E$3,FALSE) -> 0 | F13: =VLOOKUP($A13,cuc!$A$2:$AA$2088,F$3,FALSE) -> 0 | G13: =VLOOKUP($A13,cuc!$A$2:$AA$2088,G$3,FALSE) -> 0 | H13: =VLOOKUP($A13,cuc!$A$2:$AA$2088,H$3,FALSE) -> 0
A14: 145850 | B14: =PROPER(VLOOKUP($A14,cuc!$A$2:$AA$2088,B$3,FALSE)) -> Categoría E Riesgo De Incobrabilidad Otras Garantías | C14: =VLOOKUP($A14,cuc!$A$2:$AA$2088,C$3,FALSE) -> 0 | D14: =VLOOKUP($A14,cuc!$A$2:$AA$2088,D$3,FALSE) -> 0 | E14: =VLOOKUP($A14,cuc!$A$2:$AA$2088,E$3,FALSE) -> 0 | F14: =VLOOKUP($A14,cuc!$A$2:$AA$2088,F$3,FALSE) -> 0 | G14: =VLOOKUP($A14,cuc!$A$2:$AA$2088,G$3,FALSE) -> 0 | H14: =VLOOKUP($A14,cuc!$A$2:$AA$2088,H$3,FALSE) -> 0
B15: Total Deterioro MICRO | C15: =+SUM(C5:C14) -> 0 | D15: =+SUM(D5:D14) -> 0 | E15: =+SUM(E5:E14) -> 0 | F15: =+SUM(F5:F14) -> 0 | G15: =+SUM(G5:G14) -> 0 | H15: =+SUM(H5:H14) -> 0
A17: cuenta | B17: Descripción | C17: =+C$4 -> Año 16 | D17: =+D$4 -> Año 17 | E17: =+E$4 -> Año 18 | F17: =+F$4 -> Año 19 | G17: =+G$4 -> Año 20 | H17: =+H$4 -> Año 21
A18: 145410 | B18: =PROPER(VLOOKUP($A18,cuc!$A$2:$AA$2088,B$3,FALSE)) -> Categoría B Riesgo Aceptable | C18: =VLOOKUP($A18,cuc!$A$2:$AA$2088,C$3,FALSE) -> 0 | D18: =VLOOKUP($A18,cuc!$A$2:$AA$2088,D$3,FALSE) -> 0 | E18: =VLOOKUP($A18,cuc!$A$2:$AA$2088,E$3,FALSE) -> 0 | F18: =VLOOKUP($A18,cuc!$A$2:$AA$2088,F$3,FALSE) -> 0 | G18: =VLOOKUP($A18,cuc!$A$2:$AA$2088,G$3,FALSE) -> 0 | H18: =VLOOKUP($A18,cuc!$A$2:$AA$2088,H$3,FALSE) -> 0
A19: 145415 | B19: =PROPER(VLOOKUP($A19,cuc!$A$2:$AA$2088,B$3,FALSE)) -> Categoría C Riesgo Apreciable | C19: =VLOOKUP($A19,cuc!$A$2:$AA$2088,C$3,FALSE) -> 0 | D19: =VLOOKUP($A19,cuc!$A$2:$AA$2088,D$3,FALSE) -> 0 | E19: =VLOOKUP($A19,cuc!$A$2:$AA$2088,E$3,FALSE) -> 0 | F19: =VLOOKUP($A19,cuc!$A$2:$AA$2088,F$3,FALSE) -> 0 | G19: =VLOOKUP($A19,cuc!$A$2:$AA$2088,G$3,FALSE) -> 0 | H19: =VLOOKUP($A19,cuc!$A$2:$AA$2088,H$3,FALSE) -> 0
A20: 145420 | B20: =PROPER(VLOOKUP($A20,cuc!$A$2:$AA$2088,B$3,FALSE)) -> Categoría D Riesgo Significativo | C20: =VLOOKUP($A20,cuc!$A$2:$AA$2088,C$3,FALSE) -> 0 | D20: =VLOOKUP($A20,cuc!$A$2:$AA$2088,D$3,FALSE) -> 0 | E20: =VLOOKUP($A20,cuc!$A$2:$AA$2088,E$3,FALSE) -> 0 | F20: =VLOOKUP($A20,cuc!$A$2:$AA$2088,F$3,FALSE) -> 0 | G20: =VLOOKUP($A20,cuc!$A$2:$AA$2088,G$3,FALSE) -> 0 | H20: =VLOOKUP($A20,cuc!$A$2:$AA$2088,H$3,FALSE) -> 0
A21: 145425 | B21: =PROPER(VLOOKUP($A21,cuc!$A$2:$AA$2088,B$3,FALSE)) -> Categoría E Riesgo De Incobrabilidad | C21: =VLOOKUP($A21,cuc!$A$2:$AA$2088,C$3,FALSE) -> 0 | D21: =VLOOKUP($A21,cuc!$A$2:$AA$2088,D$3,FALSE) -> 0 | E21: =VLOOKUP($A21,cuc!$A$2:$AA$2088,E$3,FALSE) -> 0 | F21: =VLOOKUP($A21,cuc!$A$2:$AA$2088,F$3,FALSE) -> 0 | G21: =VLOOKUP($A21,cuc!$A$2:$AA$2088,G$3,FALSE) -> 0 | H21: =VLOOKUP($A21,cuc!$A$2:$AA$2088,H$3,FALSE) -> 0
A22: 145510 | B22: =PROPER(VLOOKUP($A22,cuc!$A$2:$AA$2088,B$3,FALSE)) -> Categoría B Riesgo Aceptable | C22: =VLOOKUP($A22,cuc!$A$2:$AA$2088,C$3,FALSE) -> 0 | D22: =VLOOKUP($A22,cuc!$A$2:$AA$2088,D$3,FALSE) -> 0 | E22: =VLOOKUP($A22,cuc!$A$2:$AA$2088,E$3,FALSE) -> 0 | F22: =VLOOKUP($A22,cuc!$A$2:$AA$2088,F$3,FALSE) -> 0 | G22: =VLOOKUP($A22,cuc!$A$2:$AA$2088,G$3,FALSE) -> 0 | H22: =VLOOKUP($A22,cuc!$A$2:$AA$2088,H$3,FALSE) -> 0
A23: 145515 | B23: =PROPER(VLOOKUP($A23,cuc!$A$2:$AA$2088,B$3,FALSE)) -> Categoría C Riesgo Apreciable | C23: =VLOOKUP($A23,cuc!$A$2:$AA$2088,C$3,FALSE) -> 0 | D23: =VLOOKUP($A23,cuc!$A$2:$AA$2088,D$3,FALSE) -> 0 | E23: =VLOOKUP($A23,cuc!$A$2:$AA$2088,E$3,FALSE) -> 0 | F23: =VLOOKUP($A23,cuc!$A$2:$AA$2088,F$3,FALSE) -> 0 | G23: =VLOOKUP($A23,cuc!$A$2:$AA$2088,G$3,FALSE) -> 0 | H23: =VLOOKUP($A23,cuc!$A$2:$AA$2088,H$3,FALSE) -> 0
A24: 145520 | B24: =PROPER(VLOOKUP($A24,cuc!$A$2:$AA$2088,B$3,FALSE)) -> Categoría D Riesgo Significativo | C24: =VLOOKUP($A24,cuc!$A$2:$AA$2088,C$3,FALSE) -> 0 | D24: =VLOOKUP($A24,cuc!$A$2:$AA$2088,D$3,FALSE) -> 0 | E24: =VLOOKUP($A24,cuc!$A$2:$AA$2088,E$3,FALSE) -> 0 | F24: =VLOOKUP($A24,cuc!$A$2:$AA$2088,F$3,FALSE) -> 0 | G24: =VLOOKUP($A24,cuc!$A$2:$AA$2088,G$3,FALSE) -> 0 | H24: =VLOOKUP($A24,cuc!$A$2:$AA$2088,H$3,FALSE) -> 0
A25: 145525 | B25: =PROPER(VLOOKUP($A25,cuc!$A$2:$AA$2088,B$3,FALSE)) -> Categoría E Riesgo De Incobrabilidad | C25: =VLOOKUP($A25,cuc!$A$2:$AA$2088,C$3,FALSE) -> 0 | D25: =VLOOKUP($A25,cuc!$A$2:$AA$2088,D$3,FALSE) -> 0 | E25: =VLOOKUP($A25,cuc!$A$2:$AA$2088,E$3,FALSE) -> 0 | F25: =VLOOKUP($A25,cuc!$A$2:$AA$2088,F$3,FALSE) -> 0 | G25: =VLOOKUP($A25,cuc!$A$2:$AA$2088,G$3,FALSE) -> 0 | H25: =VLOOKUP($A25,cuc!$A$2:$AA$2088,H$3,FALSE) -> 0
B26: Total Mora MICRO | C26: =SUM(C18:C25) -> 0 | D26: =SUM(D18:D25) -> 0 | E26: =SUM(E18:E25) -> 0 | F26: =SUM(F18:F25) -> 0 | G26: =SUM(G18:G25) -> 0 | H26: =SUM(H18:H25) -> 0
B28: Descripcion | C28: =+C4 -> Año 16 | D28: =+D4 -> Año 17 | E28: =+E4 -> Año 18 | F28: =+F4 -> Año 19 | G28: =+G4 -> Año 20 | H28: =+H4 -> Año 21
B29: Deterioro / Mora MICRO | C29: =IFERROR(+C15/C26,0%) -> 0 | D29: =IFERROR(+D15/D26,0%) -> 0 | E29: =IFERROR(+E15/E26,0%) -> 0 | F29: =IFERROR(+F15/F26,0%) -> 0 | G29: =IFERROR(+G15/G26,0%) -> 0 | H29: =IFERROR(+H15/H26,0%) -> 0

Sheet 8. SARC - Cobertura VIVI
A1: indicador | B1: Descripción Formula | C1: TIPO | D1: NOMBRE INDICADOR | E1: Descripcion Indicador
A2: RIESGO | B2: =+Indicadores!E11 -> Deterioro / Cartera Vencida | C2: =+Indicadores!B11 -> Riesgo Credito | D2: =+Indicadores!C11 -> Indicador de Cobertura de la Cartera de Vivienda en Riesgo | E2: =+Indicadores!D11 -> Cobertura (B, C, D, E)
B3: 2 | C3: 3 | D3: 4 | E3: 5 | F3: 6 | G3: 7 | H3: 8
A4: Cuenta | B4: Descripcion | C4: Año 16 | D4: Año 17 | E4: Año 18 | F4: Año 19 | G4: Año 20 | H4: Año 21
A5: 140805 | B5: =PROPER(VLOOKUP($A5,cuc!$A$2:$AA$2088,B$3,FALSE)) -> Categoría A Riesgo Normal | C5: =VLOOKUP($A5,cuc!$A$2:$AA$2088,C$3,FALSE) -> 0 | D5: =VLOOKUP($A5,cuc!$A$2:$AA$2088,D$3,FALSE) -> 0 | E5: =VLOOKUP($A5,cuc!$A$2:$AA$2088,E$3,FALSE) -> 0 | F5: =VLOOKUP($A5,cuc!$A$2:$AA$2088,F$3,FALSE) -> 0 | G5: =VLOOKUP($A5,cuc!$A$2:$AA$2088,G$3,FALSE) -> 0 | H5: =VLOOKUP($A5,cuc!$A$2:$AA$2088,H$3,FALSE) -> 0 | X5: 140400 | Y5: 140500 | Z5: 146905 | AA5: 146910 | AB5: 146915 | AC5: 146920 | AD5: 146925
A6: 140810 | B6: =PROPER(VLOOKUP($A6,cuc!$A$2:$AA$2088,B$3,FALSE)) -> Categoría B Riesgo Aceptable | C6: =VLOOKUP($A6,cuc!$A$2:$AA$2088,C$3,FALSE) -> 0 | D6: =VLOOKUP($A6,cuc!$A$2:$AA$2088,D$3,FALSE) -> 0 | E6: =VLOOKUP($A6,cuc!$A$2:$AA$2088,E$3,FALSE) -> 0 | F6: =VLOOKUP($A6,cuc!$A$2:$AA$2088,F$3,FALSE) -> 0 | G6: =VLOOKUP($A6,cuc!$A$2:$AA$2088,G$3,FALSE) -> 0 | H6: =VLOOKUP($A6,cuc!$A$2:$AA$2088,H$3,FALSE) -> 0
A7: 140815 | B7: =PROPER(VLOOKUP($A7,cuc!$A$2:$AA$2088,B$3,FALSE)) -> Categoría C Riesgo Apreciable | C7: =VLOOKUP($A7,cuc!$A$2:$AA$2088,C$3,FALSE) -> 0 | D7: =VLOOKUP($A7,cuc!$A$2:$AA$2088,D$3,FALSE) -> 0 | E7: =VLOOKUP($A7,cuc!$A$2:$AA$2088,E$3,FALSE) -> 0 | F7: =VLOOKUP($A7,cuc!$A$2:$AA$2088,F$3,FALSE) -> 0 | G7: =VLOOKUP($A7,cuc!$A$2:$AA$2088,G$3,FALSE) -> 0 | H7: =VLOOKUP($A7,cuc!$A$2:$AA$2088,H$3,FALSE) -> 0
A8: 140820 | B8: =PROPER(VLOOKUP($A8,cuc!$A$2:$AA$2088,B$3,FALSE)) -> Categoría D Riesgo Significativo | C8: =VLOOKUP($A8,cuc!$A$2:$AA$2088,C$3,FALSE) -> 0 | D8: =VLOOKUP($A8,cuc!$A$2:$AA$2088,D$3,FALSE) -> 0 | E8: =VLOOKUP($A8,cuc!$A$2:$AA$2088,E$3,FALSE) -> 0 | F8: =VLOOKUP($A8,cuc!$A$2:$AA$2088,F$3,FALSE) -> 0 | G8: =VLOOKUP($A8,cuc!$A$2:$AA$2088,G$3,FALSE) -> 0 | H8: =VLOOKUP($A8,cuc!$A$2:$AA$2088,H$3,FALSE) -> 0
A9: 140825 | B9: =PROPER(VLOOKUP($A9,cuc!$A$2:$AA$2088,B$3,FALSE)) -> Categoría E Riesgo De Incobrabilidad | C9: =VLOOKUP($A9,cuc!$A$2:$AA$2088,C$3,FALSE) -> 0 | D9: =VLOOKUP($A9,cuc!$A$2:$AA$2088,D$3,FALSE) -> 0 | E9: =VLOOKUP($A9,cuc!$A$2:$AA$2088,E$3,FALSE) -> 0 | F9: =VLOOKUP($A9,cuc!$A$2:$AA$2088,F$3,FALSE) -> 0 | G9: =VLOOKUP($A9,cuc!$A$2:$AA$2088,G$3,FALSE) -> 0 | H9: =VLOOKUP($A9,cuc!$A$2:$AA$2088,H$3,FALSE) -> 0
A10: 147105 | B10: =PROPER(VLOOKUP($A10,cuc!$A$2:$AA$2088,B$3,FALSE)) -> Categoría A Riesgo Normal, Vivienda | C10: =VLOOKUP($A10,cuc!$A$2:$AA$2088,C$3,FALSE) -> 0 | D10: =VLOOKUP($A10,cuc!$A$2:$AA$2088,D$3,FALSE) -> 0 | E10: =VLOOKUP($A10,cuc!$A$2:$AA$2088,E$3,FALSE) -> 0 | F10: =VLOOKUP($A10,cuc!$A$2:$AA$2088,F$3,FALSE) -> 0 | G10: =VLOOKUP($A10,cuc!$A$2:$AA$2088,G$3,FALSE) -> 0 | H10: =VLOOKUP($A10,cuc!$A$2:$AA$2088,H$3,FALSE) -> 0
A11: 147110 | B11: =PROPER(VLOOKUP($A11,cuc!$A$2:$AA$2088,B$3,FALSE)) -> Categoría B Riesgo Aceptable, Vivienda | C11: =VLOOKUP($A11,cuc!$A$2:$AA$2088,C$3,FALSE) -> 0 | D11: =VLOOKUP($A11,cuc!$A$2:$AA$2088,D$3,FALSE) -> 0 | E11: =VLOOKUP($A11,cuc!$A$2:$AA$2088,E$3,FALSE) -> 0 | F11: =VLOOKUP($A11,cuc!$A$2:$AA$2088,F$3,FALSE) -> 0 | G11: =VLOOKUP($A11,cuc!$A$2:$AA$2088,G$3,FALSE) -> 0 | H11: =VLOOKUP($A11,cuc!$A$2:$AA$2088,H$3,FALSE) -> 0
A12: 147115 | B12: =PROPER(VLOOKUP($A12,cuc!$A$2:$AA$2088,B$3,FALSE)) -> Categoría C Riesgo Apreciable, Vivienda | C12: =VLOOKUP($A12,cuc!$A$2:$AA$2088,C$3,FALSE) -> 0 | D12: =VLOOKUP($A12,cuc!$A$2:$AA$2088,D$3,FALSE) -> 0 | E12: =VLOOKUP($A12,cuc!$A$2:$AA$2088,E$3,FALSE) -> 0 | F12: =VLOOKUP($A12,cuc!$A$2:$AA$2088,F$3,FALSE) -> 0 | G12: =VLOOKUP($A12,cuc!$A$2:$AA$2088,G$3,FALSE) -> 0 | H12: =VLOOKUP($A12,cuc!$A$2:$AA$2088,H$3,FALSE) -> 0
A13: 147120 | B13: =PROPER(VLOOKUP($A13,cuc!$A$2:$AA$2088,B$3,FALSE)) -> Categoría D Riesgo Significativo, Vivienda | C13: =VLOOKUP($A13,cuc!$A$2:$AA$2088,C$3,FALSE) -> 0 | D13: =VLOOKUP($A13,cuc!$A$2:$AA$2088,D$3,FALSE) -> 0 | E13: =VLOOKUP($A13,cuc!$A$2:$AA$2088,E$3,FALSE) -> 0 | F13: =VLOOKUP($A13,cuc!$A$2:$AA$2088,F$3,FALSE) -> 0 | G13: =VLOOKUP($A13,cuc!$A$2:$AA$2088,G$3,FALSE) -> 0 | H13: =VLOOKUP($A13,cuc!$A$2:$AA$2088,H$3,FALSE) -> 0
A14: 147125 | B14: =PROPER(VLOOKUP($A14,cuc!$A$2:$AA$2088,B$3,FALSE)) -> Categoría E Riesgo De Incobrabilidad, Vivienda | C14: =VLOOKUP($A14,cuc!$A$2:$AA$2088,C$3,FALSE) -> 0 | D14: =VLOOKUP($A14,cuc!$A$2:$AA$2088,D$3,FALSE) -> 0 | E14: =VLOOKUP($A14,cuc!$A$2:$AA$2088,E$3,FALSE) -> 0 | F14: =VLOOKUP($A14,cuc!$A$2:$AA$2088,F$3,FALSE) -> 0 | G14: =VLOOKUP($A14,cuc!$A$2:$AA$2088,G$3,FALSE) -> 0 | H14: =VLOOKUP($A14,cuc!$A$2:$AA$2088,H$3,FALSE) -> 0
B15: Total Deterioro MICRO | C15: =+SUM(C5:C14) -> 0 | D15: =+SUM(D5:D14) -> 0 | E15: =+SUM(E5:E14) -> 0 | F15: =+SUM(F5:F14) -> 0 | G15: =+SUM(G5:G14) -> 0 | H15: =+SUM(H5:H14) -> 0
A17: Cuenta | B17: Descripción | C17: =+C$4 -> Año 16 | D17: =+D$4 -> Año 17 | E17: =+E$4 -> Año 18 | F17: =+F$4 -> Año 19 | G17: =+G$4 -> Año 20 | H17: =+H$4 -> Año 21
A18: 140410 | B18: =PROPER(VLOOKUP($A18,cuc!$A$2:$AA$2088,B$3,FALSE)) -> Categoría B Riesgo Aceptable | C18: =VLOOKUP($A18,cuc!$A$2:$AA$2088,C$3,FALSE) -> 0 | D18: =VLOOKUP($A18,cuc!$A$2:$AA$2088,D$3,FALSE) -> 0 | E18: =VLOOKUP($A18,cuc!$A$2:$AA$2088,E$3,FALSE) -> 0 | F18: =VLOOKUP($A18,cuc!$A$2:$AA$2088,F$3,FALSE) -> 0 | G18: =VLOOKUP($A18,cuc!$A$2:$AA$2088,G$3,FALSE) -> 0 | H18: =VLOOKUP($A18,cuc!$A$2:$AA$2088,H$3,FALSE) -> 0
A19: 140415 | B19: =PROPER(VLOOKUP($A19,cuc!$A$2:$AA$2088,B$3,FALSE)) -> Categoría C Riesgo Apreciable | C19: =VLOOKUP($A19,cuc!$A$2:$AA$2088,C$3,FALSE) -> 0 | D19: =VLOOKUP($A19,cuc!$A$2:$AA$2088,D$3,FALSE) -> 0 | E19: =VLOOKUP($A19,cuc!$A$2:$AA$2088,E$3,FALSE) -> 0 | F19: =VLOOKUP($A19,cuc!$A$2:$AA$2088,F$3,FALSE) -> 0 | G19: =VLOOKUP($A19,cuc!$A$2:$AA$2088,G$3,FALSE) -> 0 | H19: =VLOOKUP($A19,cuc!$A$2:$AA$2088,H$3,FALSE) -> 0
A20: 140420 | B20: =PROPER(VLOOKUP($A20,cuc!$A$2:$AA$2088,B$3,FALSE)) -> Categoría D Riesgo Significativo | C20: =VLOOKUP($A20,cuc!$A$2:$AA$2088,C$3,FALSE) -> 0 | D20: =VLOOKUP($A20,cuc!$A$2:$AA$2088,D$3,FALSE) -> 0 | E20: =VLOOKUP($A20,cuc!$A$2:$AA$2088,E$3,FALSE) -> 0 | F20: =VLOOKUP($A20,cuc!$A$2:$AA$2088,F$3,FALSE) -> 0 | G20: =VLOOKUP($A20,cuc!$A$2:$AA$2088,G$3,FALSE) -> 0 | H20: =VLOOKUP($A20,cuc!$A$2:$AA$2088,H$3,FALSE) -> 0
A21: 140425 | B21: =PROPER(VLOOKUP($A21,cuc!$A$2:$AA$2088,B$3,FALSE)) -> Categoría E Riesgo De Incobrabilidad | C21: =VLOOKUP($A21,cuc!$A$2:$AA$2088,C$3,FALSE) -> 0 | D21: =VLOOKUP($A21,cuc!$A$2:$AA$2088,D$3,FALSE) -> 0 | E21: =VLOOKUP($A21,cuc!$A$2:$AA$2088,E$3,FALSE) -> 0 | F21: =VLOOKUP($A21,cuc!$A$2:$AA$2088,F$3,FALSE) -> 0 | G21: =VLOOKUP($A21,cuc!$A$2:$AA$2088,G$3,FALSE) -> 0 | H21: =VLOOKUP($A21,cuc!$A$2:$AA$2088,H$3,FALSE) -> 0
A22: 140510 | B22: =PROPER(VLOOKUP($A22,cuc!$A$2:$AA$2088,B$3,FALSE)) -> Categoría B Riesgo Aceptable | C22: =VLOOKUP($A22,cuc!$A$2:$AA$2088,C$3,FALSE) -> 0 | D22: =VLOOKUP($A22,cuc!$A$2:$AA$2088,D$3,FALSE) -> 0 | E22: =VLOOKUP($A22,cuc!$A$2:$AA$2088,E$3,FALSE) -> 0 | F22: =VLOOKUP($A22,cuc!$A$2:$AA$2088,F$3,FALSE) -> 0 | G22: =VLOOKUP($A22,cuc!$A$2:$AA$2088,G$3,FALSE) -> 0 | H22: =VLOOKUP($A22,cuc!$A$2:$AA$2088,H$3,FALSE) -> 0
A23: 140515 | B23: =PROPER(VLOOKUP($A23,cuc!$A$2:$AA$2088,B$3,FALSE)) -> Categoría C Riesgo Apreciable | C23: =VLOOKUP($A23,cuc!$A$2:$AA$2088,C$3,FALSE) -> 0 | D23: =VLOOKUP($A23,cuc!$A$2:$AA$2088,D$3,FALSE) -> 0 | E23: =VLOOKUP($A23,cuc!$A$2:$AA$2088,E$3,FALSE) -> 0 | F23: =VLOOKUP($A23,cuc!$A$2:$AA$2088,F$3,FALSE) -> 0 | G23: =VLOOKUP($A23,cuc!$A$2:$AA$2088,G$3,FALSE) -> 0 | H23: =VLOOKUP($A23,cuc!$A$2:$AA$2088,H$3,FALSE) -> 0
A24: 140520 | B24: =PROPER(VLOOKUP($A24,cuc!$A$2:$AA$2088,B$3,FALSE)) -> Categoría D Riesgo Significativo | C24: =VLOOKUP($A24,cuc!$A$2:$AA$2088,C$3,FALSE) -> 0 | D24: =VLOOKUP($A24,cuc!$A$2:$AA$2088,D$3,FALSE) -> 0 | E24: =VLOOKUP($A24,cuc!$A$2:$AA$2088,E$3,FALSE) -> 0 | F24: =VLOOKUP($A24,cuc!$A$2:$AA$2088,F$3,FALSE) -> 0 | G24: =VLOOKUP($A24,cuc!$A$2:$AA$2088,G$3,FALSE) -> 0 | H24: =VLOOKUP($A24,cuc!$A$2:$AA$2088,H$3,FALSE) -> 0
A25: 140525 | B25: =PROPER(VLOOKUP($A25,cuc!$A$2:$AA$2088,B$3,FALSE)) -> Categoría E Riesgo De Incobrabilidad | C25: =VLOOKUP($A25,cuc!$A$2:$AA$2088,C$3,FALSE) -> 0 | D25: =VLOOKUP($A25,cuc!$A$2:$AA$2088,D$3,FALSE) -> 0 | E25: =VLOOKUP($A25,cuc!$A$2:$AA$2088,E$3,FALSE) -> 0 | F25: =VLOOKUP($A25,cuc!$A$2:$AA$2088,F$3,FALSE) -> 0 | G25: =VLOOKUP($A25,cuc!$A$2:$AA$2088,G$3,FALSE) -> 0 | H25: =VLOOKUP($A25,cuc!$A$2:$AA$2088,H$3,FALSE) -> 0
A26: 146910 | B26: =PROPER(VLOOKUP($A26,cuc!$A$2:$AA$2088,B$3,FALSE)) -> Categoría B Riesgo Aceptable, Vivienda | C26: =VLOOKUP($A26,cuc!$A$2:$AA$2088,C$3,FALSE) -> 0 | D26: =VLOOKUP($A26,cuc!$A$2:$AA$2088,D$3,FALSE) -> 0 | E26: =VLOOKUP($A26,cuc!$A$2:$AA$2088,E$3,FALSE) -> 0 | F26: =VLOOKUP($A26,cuc!$A$2:$AA$2088,F$3,FALSE) -> 0 | G26: =VLOOKUP($A26,cuc!$A$2:$AA$2088,G$3,FALSE) -> 0 | H26: =VLOOKUP($A26,cuc!$A$2:$AA$2088,H$3,FALSE) -> 0
A27: 146915 | B27: =PROPER(VLOOKUP($A27,cuc!$A$2:$AA$2088,B$3,FALSE)) -> Categoría C Riesgo Apreciable, Vivienda | C27: =VLOOKUP($A27,cuc!$A$2:$AA$2088,C$3,FALSE) -> 0 | D27: =VLOOKUP($A27,cuc!$A$2:$AA$2088,D$3,FALSE) -> 0 | E27: =VLOOKUP($A27,cuc!$A$2:$AA$2088,E$3,FALSE) -> 0 | F27: =VLOOKUP($A27,cuc!$A$2:$AA$2088,F$3,FALSE) -> 0 | G27: =VLOOKUP($A27,cuc!$A$2:$AA$2088,G$3,FALSE) -> 0 | H27: =VLOOKUP($A27,cuc!$A$2:$AA$2088,H$3,FALSE) -> 0
A28: 146920 | B28: =PROPER(VLOOKUP($A28,cuc!$A$2:$AA$2088,B$3,FALSE)) -> Categoría D Riesgo Significativo, Vivienda | C28: =VLOOKUP($A28,cuc!$A$2:$AA$2088,C$3,FALSE) -> 0 | D28: =VLOOKUP($A28,cuc!$A$2:$AA$2088,D$3,FALSE) -> 0 | E28: =VLOOKUP($A28,cuc!$A$2:$AA$2088,E$3,FALSE) -> 0 | F28: =VLOOKUP($A28,cuc!$A$2:$AA$2088,F$3,FALSE) -> 0 | G28: =VLOOKUP($A28,cuc!$A$2:$AA$2088,G$3,FALSE) -> 0 | H28: =VLOOKUP($A28,cuc!$A$2:$AA$2088,H$3,FALSE) -> 0
A29: 146925 | B29: =PROPER(VLOOKUP($A29,cuc!$A$2:$AA$2088,B$3,FALSE)) -> Categoría E Riesgo De Incobrabilidad, Vivienda | C29: =VLOOKUP($A29,cuc!$A$2:$AA$2088,C$3,FALSE) -> 0 | D29: =VLOOKUP($A29,cuc!$A$2:$AA$2088,D$3,FALSE) -> 0 | E29: =VLOOKUP($A29,cuc!$A$2:$AA$2088,E$3,FALSE) -> 0 | F29: =VLOOKUP($A29,cuc!$A$2:$AA$2088,F$3,FALSE) -> 0 | G29: =VLOOKUP($A29,cuc!$A$2:$AA$2088,G$3,FALSE) -> 0 | H29: =VLOOKUP($A29,cuc!$A$2:$AA$2088,H$3,FALSE) -> 0
B30: Total Mora MICRO | C30: =SUM(C18:C29) -> 0 | D30: =SUM(D18:D29) -> 0 | E30: =SUM(E18:E29) -> 0 | F30: =SUM(F18:F29) -> 0 | G30: =SUM(G18:G29) -> 0 | H30: =SUM(H18:H29) -> 0
B32: Descripcion | C32: =+C4 -> Año 16 | D32: =+D4 -> Año 17 | E32: =+E4 -> Año 18 | F32: =+F4 -> Año 19 | G32: =+G4 -> Año 20 | H32: =+H4 -> Año 21
B33: Deterioro / Mora MICRO | C33: =IFERROR(+C15/C30,0%) -> 0 | D33: =IFERROR(+D15/D30,0%) -> 0 | E33: =IFERROR(+E15/E30,0%) -> 0 | F33: =IFERROR(+F15/F30,0%) -> 0 | G33: =IFERROR(+G15/G30,0%) -> 0 | H33: =IFERROR(+H15/H30,0%) -> 0

Sheet 9. SARC - Crecim Cartera BRUTA
A1: indicador | B1: Descripción Formula | C1: TIPO | D1: NOMBRE INDICADOR | E1: Descripcion Indicador
A2: RIESGO | B2: =+Indicadores!E12 -> (Carte Bruta periodo Actual / Cartera Bruta del mismo periodo del año anterior )-1 | C2: =+Indicadores!B12 -> Riesgo Credito | D2: =+Indicadores!C12 -> Indicador de Crecimiento Cartera Bruta total | E2: =+Indicadores!D12 -> Crecimiento Cartera Bruta
B3: 2 | C3: 3 | D3: 4 | E3: 5 | F3: 6 | G3: 7 | H3: 8
A4: Cuenta | B4: Descripcion | C4: Año 16 | D4: Año 17 | E4: Año 18 | F4: Año 19 | G4: Año 20 | H4: Año 21
A5: 140400 | B5: =PROPER(VLOOKUP($A5,cuc!$A$2:$AA$2088,B$3,FALSE)) -> Créditos De Vivienda - Con Libranza | C5: =VLOOKUP($A5,cuc!$A$2:$AA$2088,C$3,FALSE) -> 0 | D5: =VLOOKUP($A5,cuc!$A$2:$AA$2088,D$3,FALSE) -> 0 | E5: =VLOOKUP($A5,cuc!$A$2:$AA$2088,E$3,FALSE) -> 0 | F5: =VLOOKUP($A5,cuc!$A$2:$AA$2088,F$3,FALSE) -> 0 | G5: =VLOOKUP($A5,cuc!$A$2:$AA$2088,G$3,FALSE) -> 0 | H5: =VLOOKUP($A5,cuc!$A$2:$AA$2088,H$3,FALSE) -> 0 | X5: 140400 | Y5: 140500 | Z5: 146905 | AA5: 146910 | AB5: 146915 | AC5: 146920 | AD5: 146925
A6: 140500 | B6: =PROPER(VLOOKUP($A6,cuc!$A$2:$AA$2088,B$3,FALSE)) -> Créditos De Vivienda - Sin Libranza | C6: =VLOOKUP($A6,cuc!$A$2:$AA$2088,C$3,FALSE) -> 0 | D6: =VLOOKUP($A6,cuc!$A$2:$AA$2088,D$3,FALSE) -> 0 | E6: =VLOOKUP($A6,cuc!$A$2:$AA$2088,E$3,FALSE) -> 0 | F6: =VLOOKUP($A6,cuc!$A$2:$AA$2088,F$3,FALSE) -> 0 | G6: =VLOOKUP($A6,cuc!$A$2:$AA$2088,G$3,FALSE) -> 0 | H6: =VLOOKUP($A6,cuc!$A$2:$AA$2088,H$3,FALSE) -> 0
A7: 141100 | B7: =PROPER(VLOOKUP($A7,cuc!$A$2:$AA$2088,B$3,FALSE)) -> Créditos De Consumo, Garantía Admisible - Con Libranza | C7: =VLOOKUP($A7,cuc!$A$2:$AA$2088,C$3,FALSE) -> 0 | D7: =VLOOKUP($A7,cuc!$A$2:$AA$2088,D$3,FALSE) -> 0 | E7: =VLOOKUP($A7,cuc!$A$2:$AA$2088,E$3,FALSE) -> 0 | F7: =VLOOKUP($A7,cuc!$A$2:$AA$2088,F$3,FALSE) -> 0 | G7: =VLOOKUP($A7,cuc!$A$2:$AA$2088,G$3,FALSE) -> 0 | H7: =VLOOKUP($A7,cuc!$A$2:$AA$2088,H$3,FALSE) -> 0
A8: 141200 | B8: =PROPER(VLOOKUP($A8,cuc!$A$2:$AA$2088,B$3,FALSE)) -> Créditos De Consumo, Garantía Admisible - Sin Libranza | C8: =VLOOKUP($A8,cuc!$A$2:$AA$2088,C$3,FALSE) -> 0 | D8: =VLOOKUP($A8,cuc!$A$2:$AA$2088,D$3,FALSE) -> 0 | E8: =VLOOKUP($A8,cuc!$A$2:$AA$2088,E$3,FALSE) -> 0 | F8: =VLOOKUP($A8,cuc!$A$2:$AA$2088,F$3,FALSE) -> 0 | G8: =VLOOKUP($A8,cuc!$A$2:$AA$2088,G$3,FALSE) -> 0 | H8: =VLOOKUP($A8,cuc!$A$2:$AA$2088,H$3,FALSE) -> 0
A9: 144100 | B9: =PROPER(VLOOKUP($A9,cuc!$A$2:$AA$2088,B$3,FALSE)) -> Créditos De Consumo, Otras Garantías - Con Libranza | C9: =VLOOKUP($A9,cuc!$A$2:$AA$2088,C$3,FALSE) -> 0 | D9: =VLOOKUP($A9,cuc!$A$2:$AA$2088,D$3,FALSE) -> 0 | E9: =VLOOKUP($A9,cuc!$A$2:$AA$2088,E$3,FALSE) -> 0 | F9: =VLOOKUP($A9,cuc!$A$2:$AA$2088,F$3,FALSE) -> 0 | G9: =VLOOKUP($A9,cuc!$A$2:$AA$2088,G$3,FALSE) -> 0 | H9: =VLOOKUP($A9,cuc!$A$2:$AA$2088,H$3,FALSE) -> 0
A10: 144200 | B10: =PROPER(VLOOKUP($A10,cuc!$A$2:$AA$2088,B$3,FALSE)) -> Créditos De Consumo, Otras Garantías - Sin Libranza | C10: =VLOOKUP($A10,cuc!$A$2:$AA$2088,C$3,FALSE) -> 1.1083842e+09 | D10: =VLOOKUP($A10,cuc!$A$2:$AA$2088,D$3,FALSE) -> 1.2217189e+09 | E10: =VLOOKUP($A10,cuc!$A$2:$AA$2088,E$3,FALSE) -> 1.4007458e+09 | F10: =VLOOKUP($A10,cuc!$A$2:$AA$2088,F$3,FALSE) -> 1.3200422e+09 | G10: =VLOOKUP($A10,cuc!$A$2:$AA$2088,G$3,FALSE) -> 1.0816744e+09 | H10: =VLOOKUP($A10,cuc!$A$2:$AA$2088,H$3,FALSE) -> 9.4921911e+08
